Workbook
Name OLE_LINK1: '1 ое слуш.'!$I$194
Name OLE_LINK1: '2 ое слуш.2.12.10 '!$I$196
Name OLE_LINK1: '2 ое слуш.24.11.10'!$I$194
Name OLE_LINK2: '1 ое слуш.'!$J$194
Name OLE_LINK2: '2 ое слуш.2.12.10 '!$J$196
Name OLE_LINK2: '2 ое слуш.24.11.10'!$J$194

Sheet 1 ое слуш.
J1: Таблица №2
A3: № п/п | B3: Наименование мероприятий Программы | C3: Сроки выполнения | D3: Исполнители | E3: Источник расходов | F3: Объем финансирования (тыс. руб.)
F4: всего | G4: 2011 | H4: 2012 | I4: 2013 | J4: 2014 | K4: 2015
A5: 1 | B5: 2 | C5: 3 | D5: 4 | E5: 5 | F5: 6 | G5: 7 | H5: 8 | I5: 9 | J5: 10 | K5: 11
A6: 1. Подпрограмма "Развитие дошкольного образования"
A7: 1.1. Направление " Совершенствование содержания и технологий образования"
A8: 1.1.1. | B8: Финансовое обеспечение выполнения муниципального задания муниципальными дошкольными образовательными учреждениями, в том числе компенсация части платы, взимаемой за содержание ребенка (за исключением пуктов 1.3.1., 1.3.5., 1.4.1., 1.4.2., 1.4.3.) | C8: 2011-2015 | D8: Районные отделы образования, образовательные учреждения | E8: Средства областного бюджета (5222601) | F8: =G8+H8+I8+J8+K8 -> 135553.5 | G8: 28799.1 | H8: 26688.6 | I8: 26688.6 | J8: 26688.6 | K8: 26688.6
E9: Бюджет города (7951501) | F9: =G9+H9+I9+J9+K9 -> 7134179.2 | G9: =1555552.8-G22-G26-G28-G29-G30 -> 1446408.4 | H9: =1518921.1-H22-H26-H28-H29-H30 -> 1421942.7 | I9: =1473921.1-I22-I26-I28-I29-I30 -> 1421942.7 | J9: =1478921.1-J22-J26-J28-J29-J30 -> 1421942.7 | K9: =1453921.1-K22-K26-K28-K29-K30 -> 1421942.7
A10: 1.1.2. | B10: Финансовое обеспечение выполнения муниципального задания муниципальными автономными образовательными учреждениями | C10: 2011-2015 | D10: Районные отделы образования, образовательные учреждения | E10: Бюджет города | F10: =G10+H10+I10+J10+K10 -> 0 | G10: 0 | H10: 0 | I10: 0 | J10: 0 | K10: 0
A11: 1.1.3. | B11: Реализация проекта "Предшкольное образование" | C11: 2011-2015 | D11: Районные отделы образования, образовательные учреждения | E11: Финансирование не требуется
A12: 1.1.4. | B12: Реализация проекта «Непрерывность дошкольного и общего образования» | C12: 2011-2015 | D12: Районные отделы образования, образовательные учреждения | E12: Финансирование не требуется
A13: 1.1.5. | B13: Реализация проекта "Профилактика социальной дезадаптации детей дошкольного возраста" | C13: 2011-2015 | D13: Районные отделы образования, образовательные учреждения | E13: Финансирование не требуется
A14: 1.1.6. | B14: Реализация проекта "Психолого-педагогическое сопровождение детей с ослабленным здоровьем и особыми образовательными потребностями" | C14: 2011-2015 | D14: Районные отделы образования, образовательные учреждения | E14: Финансирование не требуется
A15: 1.2. Направление "Развитие системы обеспечения качества образования"
A16: 1.2.1. | B16: Реализация проекта "Инновационные и вариативные комплексные физкультурно-оздоровительные программы для дошкольников" | C16: 2011-2015 | D16: Районные отделы образования, образовательные учреждения | E16: Финансирование не требуется
A17: 1.2.2. | B17: Реализация проекта "Ранняя медико-психолого-педагогическая помощьи детям от 0 до 3 лет" | C17: 2011-2015 | D17: Районные отделы образования, образовательные учреждения | E17: Финансирование не требуется
A18: 1.2.3. | B18: Разработка и реализация проекта "Археология для малышей. Образовательная программа по ступенькам истории" | C18: 2011-2015 | D18: Районные отделы образования, образовательные учреждения | E18: Финансирование не требуется
A19: 1.2.4. | B19: Реализация проекта "Информационные технологии KidSmart" | C19: 2011-2013 | D19: Управление образования, районные отделы образования | E19: Финансирование не требуется
A20: 1.2.5. | B20: Реализация проекта "Безопасная дорога" совместно со службами Государственной инспекции безопасности дорожного движения | C20: 2011-2015 | D20: Управление образования, районные отделы образования, образовательные учреждения | E20: Финансирование не требуется
A21: 1.3. Направление "Капитальный ремонт и строительство дошкольных учреждений"
A22: 1.3.1. | B22: Разработка проектно-сметных документаций, капитальные ремонты, услуги надзорных органов, оснащение учреждений и благоустройство территорий учреждений в соответствии с реестром, утвержденным Управлением образования города | C22: 2011-2015 | D22: Управление образования, районные отделы образования, образовательные учреждения | E22: Бюджет города (7951501) | F22: =G22+H22+I22+J22+K22 -> 189250 | G22: 79250 | H22: 65000 | I22: 20000 | J22: 25000 | K22: 0
A23: 1.3.2. | B23: Разработка реестра объектов, требующих разработки проектно-сметной документации, капитального ремонта, оснащения учреждений и благоустройства территорий | C23: 2011 | D23: Управление образования, районные отделы образования | E23: Финансирование не требуется
A24: 1.3.3. | B24: Строительство новых и реконструкция зданий образовательных учреждений в соответствии с реестром, утвержденным Департаментом строительства | C24: 2011-2015 | D24: Департамент строительства | E24: Бюджет города (7951501) | F24: =G24+H24+I24+J24+K24 -> 907051 | G24: =1540+110128.3+1050.4+1605+1427.3 -> 115751 | H24: =50000+111000+110000 -> 271000 | I24: =110000+30000+50000 -> 190000 | J24: =70000+3800+102000+5000 -> 180800 | K24: =45000+8000+6000+6500+76000+8000 -> 149500
A25: 1.3.4. | B25: Разработка реестра объектов строительства и реконструкции зданий образовательных учреждений | C25: 2011 | D25: Управление образования, районные отделы образования | E25: Финансирование не требуется
A26: 1.3.5. | B26: Мероприятия по энергосбережению | C26: 2011-2015 | D26: Образовательные учреждения | E26: Бюджет города | F26: =G26+H26+I26+J26+K26 -> 0 | G26: 0 | H26: 0 | I26: 0 | J26: 0 | K26: 0
A27: 1.4. Направление "Обеспечение безопасности дошкольных учреждений"
A28: 1.4.1 | B28: Обслуживание кнопок тревожной сигнализации | C28: 2011-2015 | D28: Образовательные учреждения | E28: Бюджет города (7951501) | F28: =G28+H28+I28+J28+K28 -> 38730.8 | G28: 7136 | H28: 7898.7 | I28: 7898.7 | J28: 7898.7 | K28: 7898.7
A29: 1.4.2 | B29: Обслуживание автоматической пожарной сигнализации | C29: 2011-2015 | D29: Образовательные учреждения | E29: Бюджет города (7951501) | F29: =G29+H29+I29+J29+K29 -> 26103.2 | G29: 4827.6 | H29: 5318.9 | I29: 5318.9 | J29: 5318.9 | K29: 5318.9
A30: 1.4.3 | B30: Реализация мероприятий по предписаниям Госпожнадзора | C30: 2011-2015 | D30: Образовательные учреждения | E30: Бюджет города (7951501) | F30: =G30+H30+I30+J30+K30 -> 92974 | G30: 17930.8 | H30: 18760.8 | I30: 18760.8 | J30: 18760.8 | K30: 18760.8
A31: Итоги по подпрограмме 1
A32: а | B32: ГРБС Управление образования города | F32: =G32+H32+I32+J32+K32 -> 7616790.7 | G32: =G33+G34+G35 -> 1584351.9 | H32: =H33+H34+H35 -> 1545609.7 | I32: =I33+I34+I35 -> 1500609.7 | J32: =J33+J34+J35 -> 1505609.7 | K32: =K33+K34+K35 -> 1480609.7
A33: б | B33: средства федерального бюджета | F33: =G33+H33+I33+J33+K33 -> 0 | G33: 0 | H33: 0 | I33: 0 | J33: 0 | K33: 0
A34: в | B34: средства областного бюджета | F34: =G34+H34+I34+J34+K34 -> 135553.5 | G34: =G8 -> 28799.1 | H34: =H8 -> 26688.6 | I34: =I8 -> 26688.6 | J34: =J8 -> 26688.6 | K34: =K8 -> 26688.6
A35: г | B35: бюджет города | F35: =G35+H35+I35+J35+K35 -> 7481237.2 | G35: =G9+G10+G22+G26+G28+G29+G30 -> 1555552.8 | H35: =H9+H10+H22+H26+H28+H29+H30 -> 1518921.1 | I35: =I9+I10+I22+I26+I28+I29+I30 -> 1473921.1 | J35: =J9+J10+J22+J26+J28+J29+J30 -> 1478921.1 | K35: =K9+K10+K22+K26+K28+K29+K30 -> 1453921.1
A36: д | B36: ГРБС Департамент координации и перспективного развития города | F36: =G36+H36+I36+J36+K36 -> 907051 | G36: =G37+G38+G39 -> 115751 | H36: =H37+H38+H39 -> 271000 | I36: =I37+I38+I39 -> 190000 | J36: =J37+J38+J39 -> 180800 | K36: =K37+K38+K39 -> 149500
A37: е | B37: средства федерального бюджета | F37: =G37+H37+I37+J37+K37 -> 0 | G37: 0 | H37: 0 | I37: 0 | J37: 0 | K37: 0
A38: ж | B38: средства областного бюджета | F38: =G38+H38+I38+J38+K38 -> 0 | G38: 0 | H38: 0 | I38: 0 | J38: 0 | K38: 0
A39: з | B39: бюджет города | F39: =G39+H39+I39+J39+K39 -> 907051 | G39: =G24 -> 115751 | H39: =H24 -> 271000 | I39: =I24 -> 190000 | J39: =J24 -> 180800 | K39: =K24 -> 149500
A40: и | B40: Подпрограмма 1 | F40: =G40+H40+I40+J40+K40 -> 8523841.7 | G40: =G32+G36 -> 1700102.9 | H40: =H32+H36 -> 1816609.7 | I40: =I32+I36 -> 1690609.7 | J40: =J32+J36 -> 1686409.7 | K40: =K32+K36 -> 1630109.7
A41: к | B41: средства федерального бюджета | F41: =G41+H41+I41+J41+K41 -> 0 | G41: =G33+G37 -> 0 | H41: =H33+H37 -> 0 | I41: =I33+I37 -> 0 | J41: =J33+J37 -> 0 | K41: =K33+K37 -> 0
A42: л | B42: средства областного бюджета | F42: =G42+H42+I42+J42+K42 -> 135553.5 | G42: =G34+G38 -> 28799.1 | H42: =H34+H38 -> 26688.6 | I42: =I34+I38 -> 26688.6 | J42: =J34+J38 -> 26688.6 | K42: =K34+K38 -> 26688.6
A43: м | B43: бюджет города | F43: =G43+H43+I43+J43+K43 -> 8388288.2 | G43: =G35+G39 -> 1671303.8 | H43: =H35+H39 -> 1789921.1 | I43: =I35+I39 -> 1663921.1 | J43: =J35+J39 -> 1659721.1 | K43: =K35+K39 -> 1603421.1
A44: 2. Подпрограмма "Развитие общего образования"
A45: 2.1. Направление " Обеспечение доступности образования"
A46: 2.1.1. | B46: Обеспечение государственных гарантий прав граждан на получение общедоступного и бесплатного общего образования | C46: 2011-2015 | D46: Управление образования, районные отделы образования | E46: Средства областного бюджета (5222601) | F46: =G46+H46+I46+J46+K46 -> 7203875.4 | G46: 1585807.8 | H46: 1404516.9 | I46: 1404516.9 | J46: 1404516.9 | K46: 1404516.9
A47: 2.1.2. | B47: Выплата денежного вознаграждения педагогическим работникам за выполнение функций классного руководителя | C47: 2011-2015 | D47: Управление образования, районные отделы образования | E47: Средств федерального бюджета (5200900) | F47: =G47+H47+I47+J47+K47 -> 0 | G47: 0 | H47: 0 | I47: 0 | J47: 0 | K47: 0
A48: 2.1.3. | B48: Финансовое обеспечение выполнения муниципального задания бюджетными общеобразовательными учреждениями (за исключением пунктов 2.2.3., 2.4.1., 2.4.5., 2.5.1., 2.5.3., 2.5.4., 2.5.6., 2.7.1, 2.7.3., 2.7.5.) | C48: 2011-2015 | D48: Управление образования, районные отделы образования | E48: Бюджет города (7951502) | F48: =G48+H48+I48+J48+K48 -> 1560937.4 | G48: =624772.1-G63-G78-G82-G86-G88-G89-G96-G102-G104-G106 -> 280354.8 | H48: =489625.3-H63-H78-H82-H86-H88-H89-H96-H102-H104-H106 -> 328868.5 | I48: =468789.3-I63-I78-I82-I86-I88-I89-I96-I102-I104-I106 -> 323280.2 | J48: =462707.3-J63-J78-J82-J86-J88-J89-J96-J102-J104-J106 -> 317356.5 | K48: =503625.3-K63-K78-K82-K86-K88-K89-K96-K102-K104-K106 -> 311077.4
A49: 2.1.4. | B49: Финансовое обеспечение выполнения муниципального задания муниципальными автономными общеобразовательными учреждениями | C49: 2011-2015 | D49: Управление образования, районные отделы образования | E49: Бюджет города (7951502) | F49: =G49+H49+I49+J49+K49 -> 487852.2 | G49: =150932-G50-G51-G52-G53-G54-G55 -> 41487.8 | H49: 65652.6 | I49: 131488.6 | J49: 132570.6 | K49: 116652.6
B50: питание малообеспеченных | E50: Бюджет города (7951502) | F50: =G50+H50+I50+J50+K50 -> 4477.2 | G50: 4477.2
B51: обеспечение молочными и кисломолочными продуктами | E51: Бюджет города (7951502) | F51: =G51+H51+I51+J51+K51 -> 2986.5 | G51: 2986.5
B52: капитальные расходы | E52: Бюджет города (7951502) | F52: =G52+H52+I52+J52+K52 -> 100919.3 | G52: 100919.3
B53: обслуживание АПС | E53: Бюджет города (7951502) | F53: =G53+H53+I53+J53+K53 -> 229.2 | G53: 229.2
B54: обслуживание КТС | E54: Бюджет города (7951502) | F54: =G54+H54+I54+J54+K54 -> 252 | G54: 252
B55: противопожарные мероприятия | E55: Бюджет города (7951502) | F55: =G55+H55+I55+J55+K55 -> 580 | G55: 580
A56: 2.1.5. | B56: Финансовое обеспечение выполнения муниципального задания муниципальными общеобразовательными учреждениями в части допрофессиональной подготовки (за исключением пунктов 2.7.2., 2.7.4., 2.7.6.) | C56: 2011-2015 | D56: Управление образования, районные отделы образования | E56: Бюджет города (7951502) | F56: =G56+H56+I56+J56+K56 -> 67701.9 | G56: =13864.3-G103-G105-G107 -> 13682.3 | H56: =13984.4-H103-H105-H107 -> 13504.9 | I56: =13984.4-I103-I105-I107 -> 13504.9 | J56: =13984.4-J103-J105-J107 -> 13504.9 | K56: =13984.4-K103-K105-K107 -> 13504.9
A57: 2.1.6. | B57: Разработка и реализация проекта "Инклюзивное образование" | C57: 2011-2013 | D57: Управления образования, Методический центр, Центр диагностики и консультирования | E57: Финансирование не требуется
A58: 2.1.7. | B58: Комплектование книжных фондов библиотек муниципальнфых общеобразовательных учреждений учебниками и учебными пособиями по курсу "Основы православной культуры" | C58: 2011 | D58: Управление образования, районные отделы образования, образовательные учреждения | E58: Средства областного бюджета (5222601) | F58: =G58+H58+I58+J58+K58 -> 737.4 | G58: 737.4
E59: Бюджет города (5222601) | F59: =G59+H59+I59+J59+K59 -> 426 | G59: 426
A60: 2.2. Направление "Совершенствование содержания и технологий образования"
A61: 2.2.1. | B61: Реализация плана мероприятий по внедрению Федеральных государственных образовательных стандартов общего образования | C61: 2011-2015 | D61: Управление образования, районные отделы образования, Методический центр образования, образовательные учреждения | E61: Финансирование не требуется
A62: 2.2.2. | B62: Введение предпрофильного и профильного обучения, обеспечивающих возможность выбора обучающимися учебного плана с учетом сложившегося рынка труда и перспектив выбора будущей профессии | C62: 2011-2013 | D62: Районные отделы образования, образовательные учреждения | E62: Финансирование не требуется
A63: 2.2.3. | B63: Приобретение учебного оборудования, мебели и сопутствующих товаров для учебных кабинетов и лабораторий в рамках проекта "Новые технологии в образовании" | C63: 2011-2015 | D63: Управление образования | E63: Бюджет города (7951502) | F63: =G63+H63+I63+J63+K63 -> 42846.2 | G63: 42846.2 | H63: 0 | I63: 0 | J63: 0 | K63: 0
A64: 2.2.4. | B64: Разработка реестра объектов в рамках проекта "Новые технологии в образовании" | C64: 2011 | D64: Управление образования, районные отделы образования | E64: Финансирование не требуется
A65: 2.2.5. | B65: Оплата услуг доступа к сети интернет муниципальных общеобразовательных учреждений | C65: 2011 | D65: Управление образования, районные отделы образования, образовательные учреждения | E65: Средства областного бюджета (5222800) | F65: =G65+H65+I65+J65+K65 -> 4844.9 | G65: 4844.9
E66: Бюджет города (5222800) | F66: =G66+H66+I66+J66+K66 -> 2793.7 | G66: 2793.7
A67: 2.3. Направление "Информатизация образования"
A68: 2.3.1. | B68: Финансовое обеспечение выполнения муниципального задания Центром информатизации | C68: 2011-2015 | D68: Управление образования | E68: Бюджет города (7951502) | F68: =G68+H68+I68+J68+K68 -> 24780.9 | G68: 6552.5 | H68: 4557.1 | I68: 4557.1 | J68: 4557.1 | K68: 4557.1
A69: 2.3.2. | B69: Расширение практики интернет-взаимодействия в образовательном пространстве города | C69: 2011-2015 | D69: Центр информатизации , образовательные учреждения | E69: Финансирование не требуется
A70: 2.3.3. | B70: Разработка и поддержка специализированного интернет-ресурса Управления образования города, предназначенного для интеграции образовательных проектов в единую информационно-образовательную среду и направленного на содействие в обеспечении доступности, качества и эффективности образовательных услуг | C70: 2011-2015 | D70: Центр информатизации , образовательные учреждения | E70: Финансирование не требуется
A71: 2.3.4. | B71: Создание комплексного учебно-методического интернет-клуба по внедрению, методической поддержке и популяризации свободного программного обеспечения | C71: 2011-2012 | D71: Центр информатизации, образовательные учреждения | E71: Финансирование не требуется
A72: 2.3.5. | B72: Создание и ведение справочно-методической, нормативной интернет-поддержки процесса внедрения электронных образовательных ресурсов в учебный процесс | C72: 2011-2015 | D72: Центр информатизации, образовательные учреждения | E72: Финансирование не требуется
A73: 2.3.6. | B73: Реализация проектов "Система контентной фильтрации" | C73: 2011-2012 | D73: Центр информатизации, образовательные учреждения | E73: Финансирование не требуется
A74: 2.3.7. | B74: Создание периодического интернет-издания по актуальным вопросам развития процессов инновационного образования в целях удовлетворения информационных, учебно-методических потребностей педагогических работников | C74: 2011 | D74: Центр информатизации, образовательные учреждения | E74: Финансирование не требуется
A75: 2.3.8. | B75: Формирование педагогического интернет-сообщества, осуществляющих научно-методическую поддержку новых образовательных инициатив | C75: 2011-2015 | D75: Центр информатизации, образовательные учреждения | E75: Финансирование не требуется
A76: 2.3.9. | B76: Экспертиза экспериментальных площадок с целью эффективного развития инновационных процессов в системе образования города | C76: 2011-2015 | D76: Управление образования, Центр информатизации | E76: Финансирование не требуется
A77: 2.4. Направление "Капитальный ремонт и строительство объектов образования"
A78: 2.4.1. | B78: Разработка проектно-сметных документаций, капитальные ремонты, услуги надзорных органов, оснащение учреждений и благоустройство территорий учреждений в соответствии с реестром, утвержденным Управлением образования города | C78: 2011-2015 | D78: Управление образования, районные отделы образования, образовательные учреждения | E78: Бюджет города (7951502) | F78: =G78+H78+I78+J78+K78 -> 78328 | G78: 30410 | H78: 7000 | I78: 0 | J78: 0 | K78: 40918
A79: 2.4.2. | B79: Разработка реестра объектов, требующих разработки проектно-сметной документации, капитального ремонта, оснащения учреждений и благоустройства территорий | C79: 2011 | D79: Управление образования, районные отделы образования | E79: Финансирование не требуется
A80: 2.4.3. | B80: Строительство новых и реконструкция зданий образовательных учреждений в соответствии с реестром, утвержденным Департаментом строительства | C80: 2011-2015 | D80: Департамент строительства | E80: Бюджет города (7951502) | F80: =G80+H80+I80+J80+K80 -> 894148.3 | G80: =2215.2+11000+1793.9+7139.2 -> 22148.3 | H80: 0 | I80: =150000+90000 -> 240000 | J80: =114000+100000+150000 -> 364000 | K80: =250000+10000+8000 -> 268000
A81: 2.4.4. | B81: Разработка реестра объектов строительства и реконструкции зданий образовательных учреждений | C81: 2011 | D81: Управление образования, районные отделы образования | E81: Финансирование не требуется
A82: 2.4.5. | B82: Мероприятия по энергосбережению в общеобразовательных учреждениях | C82: 2011-2015 | D82: Образовательные учреждения | E82: Бюджет города | F82: =G82+H82+I82+J82+K82 -> 0 | G82: 0 | H82: 0 | I82: 0 | J82: 0 | K82: 0
A83: 2.4.6. | B83: Капитальный ремонт аварийных объектов (в том числе в части зданий) муниципальных образовательных учреждений | C83: 2011 | D83: Управление образования, районные отделы образования, образовательные учреждения | E83: Средства областного бюджета (5222601) | F83: =G83+H83+I83+J83+K83 -> 67523.9 | G83: 67523.9
E84: Бюджет города (5222601) | F84: =G84+H84+I84+J84+K84 -> 38980.7 | G84: 38980.7
A85: 2.5. Направление "Здоровье школьников"
A86: 2.5.1. | B86: Разработка проектно-сметных документаций, капитальный ремонт и оснащение пищеблоков и обеденных залов в рамках проекта "Здоровое питание" | C86: 2011-2015 | D86: Управление образования, районные отделы образования, образовательные учреждения | E86: Бюджет города (7951502) | F86: =G86+H86+I86+J86+K86 -> 57153.8 | G86: 57153.8 | H86: 0 | I86: 0 | J86: 0 | K86: 0
A87: 2.5.2. | B87: Разработка реестра объектов в рамках реализации проекта "Здоровое питание" | C87: 2011 | D87: Управление образования, районные отделы образования | E87: Финансирование не требуется
A88: 2.5.3. | B88: Обеспечение полноценным бесплатным горячим питанием обучающихся общеобразовательных учреждений из малообеспеченных семей | C88: 2011-2015 | D88: Образовательные учреждения | E88: Бюджет города (7951502) | F88: =G88+H88+I88+J88+K88 -> 305705 | G88: 62122.6 | H88: 55680.9 | I88: 59021.7 | J88: 62563 | K88: 66316.8
A89: 2.5.4. | B89: Реализация проекта «Школьное молоко» | C89: 2011-2015 | D89: Образовательные учреждения | E89: Бюджет города (7951502) | F89: =G89+H89+I89+J89+K89 -> 201749.6 | G89: 37882.6 | H89: 37458.6 | I89: 39706.1 | J89: 42088.5 | K89: 44613.8
A90: 2.5.5. | B90: Организация и обеспечение отдыха и оздоровления детей в каникулярное время | C90: 2011-2015 | D90: Управление образования, районные отделы образования, образовательные учреждения | E90: Средства областного бюджета (5220803, 7951502) | F90: =G90+H90+I90+J90+K90 -> 14876.6 | G90: =G93 -> 14876.6 | H90: =H93 -> 0 | I90: =I93 -> 0 | J90: =J93 -> 0 | K90: =K93 -> 0
E91: Бюджет города (5220803, 7951502) | F91: =G91+H91+I91+J91+K91 -> 22122 | G91: =G94+G95 -> 22122 | H91: =H94+H95 -> 0 | I91: =I94+I95 -> 0 | J91: =J94+J95 -> 0 | K91: =K94+K95 -> 0
B92: в том числе:
A93: а) | B93: Организация и обеспечение отдыха и оздоровления детей, за исключением детей-сирот, детей, оставшихся без попечения родителей, детей, находящихся в социально опасном положений, и одаренных детей, проживающих в малоимущих семьях | E93: Средства областного бюджета (5220803) | F93: =G93+H93+I93+J93+K93 -> 14876.6 | G93: 14876.6
E94: Бюджет города (5220803) | F94: =G94+H94+I94+J94+K94 -> 8588.1 | G94: 8588.1
A95: б) | B95: Организация и обеспечение отдыха и оздоровления детей в профильных сменах для обучающихся города Ростова-на-Дону | E95: Бюджет города (7951502) | F95: =G95+H95+I95+J95+K95 -> 13533.9 | G95: 13533.9
A96: 2.5.6. | B96: Разработка проектно-сметных документаций, капитальный ремонт и оснащение спортивных площадок и спортивных залов в рамках проекта "Здоровые дети - здоровая нация" | C96: 2011-2015 | D96: Районные отделы образования, образовательные учреждения | E96: Бюджет города (7951502) | F96: =G96+H96+I96+J96+K96 -> 103550 | G96: 77550 | H96: 19918 | I96: 6082 | J96: 0 | K96: 0
A97: 2.5.7. | B97: Разработка реестра объектов в рамках реализации проекта "Здоровый ребенок - здоровая нация" | C97: 2011 | D97: Управление образования, районные отделы образования | E97: Финансирование не требуется
A98: 2.6. Направление "Развитие системы обеспечения качества образования"
A99: 2.6.1. | B99: Развитие новых форм и механизмов оценки и контроля качества деятельности образовательных учреждений по реализации образовательных программ | C99: 2011-2015 | D99: Управление образования, районные отделы образования | E99: Финансирование не требуется
A100: 2.6.2. | B100: Участие в международных исследованиях по программам PISA (Международная оценка качества образовательных достижений), TIMSS (Международное исследование качества математического и естественнонаучного образования) | C100: 2011-2015 | D100: Образовательные учреждения | E100: Финансирование не требуется
A101: 2.7. Направление "Обеспечение безопасности общеобразовательных учреждений"
...

Sheet 2 ое слуш.24.11.10
J1: Таблица №2
A3: № п/п | B3: Наименование мероприятий Программы | C3: Сроки выполнения | D3: Исполнители | E3: Источник расходов | F3: Объем финансирования (тыс. руб.)
F4: всего | G4: 2011 | H4: 2012 | I4: 2013 | J4: 2014 | K4: 2015
A5: 1 | B5: 2 | C5: 3 | D5: 4 | E5: 5 | F5: 6 | G5: 7 | H5: 8 | I5: 9 | J5: 10 | K5: 11
A6: 1. Подпрограмма "Развитие дошкольного образования"
A7: 1.1. Направление " Совершенствование содержания и технологий образования"
A8: 1.1.1. | B8: Финансовое обеспечение выполнения муниципального задания муниципальными дошкольными образовательными учреждениями, в том числе компенсация части платы, взимаемой за содержание ребенка (за исключением пуктов 1.3.1., 1.3.5., 1.4.1., 1.4.2., 1.4.3.) | C8: 2011-2015 | D8: Районные отделы образования, образовательные учреждения | E8: Средства областного бюджета (5222601) | F8: =G8+H8+I8+J8+K8 -> 143995.5 | G8: 28799.1 | H8: 28799.1 | I8: 28799.1 | J8: 28799.1 | K8: 28799.1
E9: Бюджет города (7951501) | F9: =G9+H9+I9+J9+K9 -> 7378093.7 | G9: =1564477.1-G22-G26-G28-G29-G30 -> 1455332.7 | H9: =1639555.8-H22-H26-H28-H29-H30 -> 1456718.3 | I9: =1740428.7-I22-I26-I28-I29-I30 -> 1488680.9 | J9: =1740428.7-J22-J26-J28-J29-J30 -> 1488680.9 | K9: =1740428.7-K22-K26-K28-K29-K30 -> 1488680.9
A10: 1.1.2. | B10: Финансовое обеспечение выполнения муниципального задания муниципальными автономными образовательными учреждениями | C10: 2011-2015 | D10: Районные отделы образования, образовательные учреждения | E10: Бюджет города | F10: =G10+H10+I10+J10+K10 -> 0 | G10: 0 | H10: 0 | I10: 0 | J10: 0 | K10: 0
A11: 1.1.3. | B11: Реализация проекта "Предшкольное образование" | C11: 2011-2015 | D11: Районные отделы образования, образовательные учреждения | E11: Финансирование не требуется
A12: 1.1.4. | B12: Реализация проекта «Непрерывность дошкольного и общего образования» | C12: 2011-2015 | D12: Районные отделы образования, образовательные учреждения | E12: Финансирование не требуется
A13: 1.1.5. | B13: Реализация проекта "Профилактика социальной дезадаптации детей дошкольного возраста" | C13: 2011-2015 | D13: Районные отделы образования, образовательные учреждения | E13: Финансирование не требуется
A14: 1.1.6. | B14: Реализация проекта "Психолого-педагогическое сопровождение детей с ослабленным здоровьем и особыми образовательными потребностями" | C14: 2011-2015 | D14: Районные отделы образования, образовательные учреждения | E14: Финансирование не требуется
A15: 1.2. Направление "Развитие системы обеспечения качества образования"
A16: 1.2.1. | B16: Реализация проекта "Инновационные и вариативные комплексные физкультурно-оздоровительные программы для дошкольников" | C16: 2011-2015 | D16: Районные отделы образования, образовательные учреждения | E16: Финансирование не требуется
A17: 1.2.2. | B17: Реализация проекта "Ранняя медико-психолого-педагогическая помощьи детям от 0 до 3 лет" | C17: 2011-2015 | D17: Районные отделы образования, образовательные учреждения | E17: Финансирование не требуется
A18: 1.2.3. | B18: Разработка и реализация проекта "Археология для малышей. Образовательная программа по ступенькам истории" | C18: 2011-2015 | D18: Районные отделы образования, образовательные учреждения | E18: Финансирование не требуется
A19: 1.2.4. | B19: Реализация проекта "Информационные технологии KidSmart" | C19: 2011-2013 | D19: Управление образования, районные отделы образования | E19: Финансирование не требуется
A20: 1.2.5. | B20: Реализация проекта "Безопасная дорога" совместно со службами Государственной инспекции безопасности дорожного движения | C20: 2011-2015 | D20: Управление образования, районные отделы образования, образовательные учреждения | E20: Финансирование не требуется
A21: 1.3. Направление "Капитальный ремонт и строительство дошкольных учреждений"
A22: 1.3.1. | B22: Разработка проектно-сметных документаций, капитальные ремонты, услуги надзорных органов, оснащение учреждений и благоустройство территорий учреждений в соответствии с реестром, утвержденным Управлением образования города | C22: 2011-2015 | D22: Управление образования, районные отделы образования, образовательные учреждения | E22: Бюджет города (7951501) | F22: =G22+H22+I22+J22+K22 -> 884250 | G22: 79250 | H22: 151000 | I22: 218000 | J22: 218000 | K22: 218000
A23: 1.3.2. | B23: Разработка реестра объектов, требующих разработки проектно-сметной документации, капитального ремонта, оснащения учреждений и благоустройства территорий | C23: 2011 | D23: Управление образования, районные отделы образования | E23: Финансирование не требуется
A24: 1.3.3. | B24: Строительство новых и реконструкция зданий образовательных учреждений в соответствии с реестром, утвержденным Департаментом строительства | C24: 2011-2015 | D24: Департамент строительства | E24: Бюджет города (7951501) | F24: =G24+H24+I24+J24+K24 -> 907051 | G24: =1540+110128.3+1050.4+1605+1427.3 -> 115751 | H24: =50000+111000+110000 -> 271000 | I24: =110000+30000+50000 -> 190000 | J24: =70000+3800+102000+5000 -> 180800 | K24: =45000+8000+6000+6500+76000+8000 -> 149500
A25: 1.3.4. | B25: Разработка реестра объектов строительства и реконструкции зданий образовательных учреждений | C25: 2011 | D25: Управление образования, районные отделы образования | E25: Финансирование не требуется
A26: 1.3.5. | B26: Мероприятия по энергосбережению | C26: 2011-2015 | D26: Образовательные учреждения | E26: Бюджет города | F26: =G26+H26+I26+J26+K26 -> 0 | G26: 0 | H26: 0 | I26: 0 | J26: 0 | K26: 0
A27: 1.4. Направление "Обеспечение безопасности дошкольных учреждений"
A28: 1.4.1 | B28: Обслуживание кнопок тревожной сигнализации | C28: 2011-2015 | D28: Образовательные учреждения | E28: Бюджет города (7951501) | F28: =G28+H28+I28+J28+K28 -> 38903.2 | G28: 7136 | H28: 7599.8 | I28: 8055.8 | J28: 8055.8 | K28: 8055.8
A29: 1.4.2 | B29: Обслуживание автоматической пожарной сигнализации | C29: 2011-2015 | D29: Образовательные учреждения | E29: Бюджет города (7951501) | F29: =G29+H29+I29+J29+K29 -> 26318.7 | G29: 4827.6 | H29: 5141.4 | I29: 5449.9 | J29: 5449.9 | K29: 5449.9
A30: 1.4.3 | B30: Реализация мероприятий по предписаниям Госпожнадзора | C30: 2011-2015 | D30: Образовательные учреждения | E30: Бюджет города (7951501) | F30: =G30+H30+I30+J30+K30 -> 97753.4 | G30: 17930.8 | H30: 19096.3 | I30: 20242.1 | J30: 20242.1 | K30: 20242.1
A31: Итоги по подпрограмме 1
A32: а | B32: ГРБС Управление образования города | F32: =G32+H32+I32+J32+K32 -> 8569314.5 | G32: =G33+G34+G35 -> 1593276.2 | H32: =H33+H34+H35 -> 1668354.9 | I32: =I33+I34+I35 -> 1769227.8 | J32: =J33+J34+J35 -> 1769227.8 | K32: =K33+K34+K35 -> 1769227.8
A33: б | B33: средства федерального бюджета | F33: =G33+H33+I33+J33+K33 -> 0 | G33: 0 | H33: 0 | I33: 0 | J33: 0 | K33: 0
A34: в | B34: средства областного бюджета | F34: =G34+H34+I34+J34+K34 -> 143995.5 | G34: =G8 -> 28799.1 | H34: =H8 -> 28799.1 | I34: =I8 -> 28799.1 | J34: =J8 -> 28799.1 | K34: =K8 -> 28799.1
A35: г | B35: бюджет города | F35: =G35+H35+I35+J35+K35 -> 8425319 | G35: =G9+G10+G22+G26+G28+G29+G30 -> 1564477.1 | H35: =H9+H10+H22+H26+H28+H29+H30 -> 1639555.8 | I35: =I9+I10+I22+I26+I28+I29+I30 -> 1740428.7 | J35: =J9+J10+J22+J26+J28+J29+J30 -> 1740428.7 | K35: =K9+K10+K22+K26+K28+K29+K30 -> 1740428.7
A36: д | B36: ГРБС Департамент координации и перспективного развития города | F36: =G36+H36+I36+J36+K36 -> 907051 | G36: =G37+G38+G39 -> 115751 | H36: =H37+H38+H39 -> 271000 | I36: =I37+I38+I39 -> 190000 | J36: =J37+J38+J39 -> 180800 | K36: =K37+K38+K39 -> 149500
A37: е | B37: средства федерального бюджета | F37: =G37+H37+I37+J37+K37 -> 0 | G37: 0 | H37: 0 | I37: 0 | J37: 0 | K37: 0
A38: ж | B38: средства областного бюджета | F38: =G38+H38+I38+J38+K38 -> 0 | G38: 0 | H38: 0 | I38: 0 | J38: 0 | K38: 0
A39: з | B39: бюджет города | F39: =G39+H39+I39+J39+K39 -> 907051 | G39: =G24 -> 115751 | H39: =H24 -> 271000 | I39: =I24 -> 190000 | J39: =J24 -> 180800 | K39: =K24 -> 149500
A40: и | B40: Подпрограмма 1 | F40: =G40+H40+I40+J40+K40 -> 9476365.5 | G40: =G32+G36 -> 1709027.2 | H40: =H32+H36 -> 1939354.9 | I40: =I32+I36 -> 1959227.8 | J40: =J32+J36 -> 1950027.8 | K40: =K32+K36 -> 1918727.8
A41: к | B41: средства федерального бюджета | F41: =G41+H41+I41+J41+K41 -> 0 | G41: =G33+G37 -> 0 | H41: =H33+H37 -> 0 | I41: =I33+I37 -> 0 | J41: =J33+J37 -> 0 | K41: =K33+K37 -> 0
A42: л | B42: средства областного бюджета | F42: =G42+H42+I42+J42+K42 -> 143995.5 | G42: =G34+G38 -> 28799.1 | H42: =H34+H38 -> 28799.1 | I42: =I34+I38 -> 28799.1 | J42: =J34+J38 -> 28799.1 | K42: =K34+K38 -> 28799.1
A43: м | B43: бюджет города | F43: =G43+H43+I43+J43+K43 -> 9332370 | G43: =G35+G39 -> 1680228.1 | H43: =H35+H39 -> 1910555.8 | I43: =I35+I39 -> 1930428.7 | J43: =J35+J39 -> 1921228.7 | K43: =K35+K39 -> 1889928.7
A44: 2. Подпрограмма "Развитие общего образования"
A45: 2.1. Направление " Обеспечение доступности образования"
A46: 2.1.1. | B46: Обеспечение государственных гарантий прав граждан на получение общедоступного и бесплатного общего образования | C46: 2011-2015 | D46: Управление образования, районные отделы образования | E46: Средства областного бюджета (5222601) | F46: =G46+H46+I46+J46+K46 -> 7929039 | G46: 1585807.8 | H46: 1585807.8 | I46: 1585807.8 | J46: 1585807.8 | K46: 1585807.8
A47: 2.1.2. | B47: Выплата денежного вознаграждения педагогическим работникам за выполнение функций классного руководителя | C47: 2011-2015 | D47: Управление образования, районные отделы образования | E47: Средств федерального бюджета (5200900) | F47: =G47+H47+I47+J47+K47 -> 0 | G47: 0 | H47: 0 | I47: 0 | J47: 0 | K47: 0
A48: 2.1.3. | B48: Финансовое обеспечение выполнения муниципального задания бюджетными общеобразовательными учреждениями (за исключением пунктов 2.2.3., 2.4.1., 2.4.5., 2.5.1., 2.5.3., 2.5.4., 2.5.6., 2.7.1, 2.7.3., 2.7.5.) | C48: 2011-2015 | D48: Управление образования, районные отделы образования | E48: Бюджет города (7951502) | F48: =G48+H48+I48+J48+K48 -> 1499536.3 | G48: =780266.9-G63-G78-G82-G86-G88-G89-G96-G102-G104-G106 -> 275670.2 | H48: =667388.5+38821.5-H63-H78-H82-H86-H88-H89-H96-H102-H104-H106 -> 293029.7 | I48: =624486.2+41150.8-I63-I78-I82-I86-I88-I89-I96-I102-I104-I106 -> 310278.8 | J48: =624486.2+41150.8-J63-J78-J82-J86-J88-J89-J96-J102-J104-J106 -> 310278.8 | K48: =624486.2+41150.8-K63-K78-K82-K86-K88-K89-K96-K102-K104-K106 -> 310278.8
A49: 2.1.4. | B49: Финансовое обеспечение выполнения муниципального задания муниципальными автономными общеобразовательными учреждениями | C49: 2011-2015 | D49: Управление образования, районные отделы образования | E49: Бюджет города (7951502) | F49: =G49+H49+I49+J49+K49 -> 226184.83 | G49: =151132.3-G50-G51-G52-G53-G54-G55 -> 41907.3 | H49: =162094.5-H50-H51-H52-H53-H54-H55 -> 44248.9 | I49: =56052.5-I50-I51-I52-I53-I54-I55 -> 46676.2 | J49: =56052.5-J50-J51-J52-J53-J54-J55 -> 46676.217 | K49: =56052.5-K50-K51-K52-K53-K54-K55 -> 46676.217
B50: питание малообеспеченных | E50: Бюджет города (7951502) | F50: =G50+H50+I50+J50+K50 -> 24408.3 | G50: 4477.2 | H50: 4768.2 | I50: 5054.3 | J50: 5054.3 | K50: 5054.3
B51: обеспечение молочными и кисломолочными продуктами | E51: Бюджет города (7951502) | F51: =G51+H51+I51+J51+K51 -> 15086.5 | G51: 2767.3 | H51: 2947.2 | I51: 3124 | J51: 3124 | K51: 3124
B52: капитальные расходы | E52: Бюджет города (7951502) | F52: =G52+H52+I52+J52+K52 -> 209919.3 | G52: 100919.3 | H52: 109000 | I52: 0 | J52: 0 | K52: 0
B53: обслуживание АПС | E53: Бюджет города (7951502) | F53: =G53+H53+I53+J53+K53 -> 1249.4 | G53: 229.2 | H53: 244.1 | I53: 258.7 | J53: 258.7 | K53: 258.7
B54: обслуживание КТС | E54: Бюджет города (7951502) | F54: =G54+H54+I54+J54+K54 -> 1373.8656 | G54: 252 | H54: 268.4 | I54: 284.5 | J54: 284.4828 | K54: 284.4828
B55: противопожарные мероприятия | E55: Бюджет города (7951502) | F55: =G55+H55+I55+J55+K55 -> 3162.1 | G55: 580 | H55: 617.7 | I55: 654.8 | J55: 654.8 | K55: 654.8
A56: 2.1.5. | B56: Финансовое обеспечение выполнения муниципального задания муниципальными общеобразовательными учреждениями в части допрофессиональной подготовки (за исключением пунктов 2.7.2., 2.7.4., 2.7.6.) | C56: 2011-2015 | D56: Управление образования, районные отделы образования | E56: Бюджет города (7951502) | F56: =G56+H56+I56+J56+K56 -> 67283 | G56: =13497.8-G103-G105-G107 -> 13315.8 | H56: =13484.9-H103-H105-H107 -> 13291.1 | I56: =13764.1-I103-I105-I107 -> 13558.7 | J56: =13764.1-J103-J105-J107 -> 13558.7 | K56: =13764.1-K103-K105-K107 -> 13558.7
A57: 2.1.6. | B57: Разработка и реализация проекта "Инклюзивное образование" | C57: 2011-2013 | D57: Управления образования, Методический центр, Центр диагностики и консультирования | E57: Финансирование не требуется
A58: 2.1.7. | B58: Комплектование книжных фондов библиотек муниципальнфых общеобразовательных учреждений учебниками и учебными пособиями по курсу "Основы православной культуры" | C58: 2011 | D58: Управление образования, районные отделы образования, образовательные учреждения | E58: Средства областного бюджета (5222601) | F58: =G58+H58+I58+J58+K58 -> 3687 | G58: 737.4 | H58: 737.4 | I58: 737.4 | J58: 737.4 | K58: 737.4
E59: Бюджет города (5222601) | F59: =G59+H59+I59+J59+K59 -> 2322.4 | G59: 426 | H59: 453.7 | I59: 480.9 | J59: 480.9 | K59: 480.9
A60: 2.2. Направление "Совершенствование содержания и технологий образования"
A61: 2.2.1. | B61: Реализация плана мероприятий по внедрению Федеральных государственных образовательных стандартов общего образования | C61: 2011-2015 | D61: Управление образования, районные отделы образования, Методический центр образования, образовательные учреждения | E61: Финансирование не требуется
A62: 2.2.2. | B62: Введение предпрофильного и профильного обучения, обеспечивающих возможность выбора обучающимися учебного плана с учетом сложившегося рынка труда и перспектив выбора будущей профессии | C62: 2011-2013 | D62: Районные отделы образования, образовательные учреждения | E62: Финансирование не требуется
A63: 2.2.3. | B63: Приобретение учебного оборудования, мебели и сопутствующих товаров для учебных кабинетов и лабораторий в рамках проекта "Новые технологии в образовании" | C63: 2011-2015 | D63: Управление образования | E63: Бюджет города (7951502) | F63: =G63+H63+I63+J63+K63 -> 133165 | G63: 97750 | H63: 35415 | I63: 0 | J63: 0 | K63: 0
A64: 2.2.4. | B64: Разработка реестра объектов в рамках проекта "Новые технологии в образовании" | C64: 2011 | D64: Управление образования, районные отделы образования | E64: Финансирование не требуется
A65: 2.2.5. | B65: Оплата услуг доступа к сети интернет муниципальных общеобразовательных учреждений | C65: 2011 | D65: Управление образования, районные отделы образования, образовательные учреждения | E65: Средства областного бюджета (5222800) | F65: =G65+H65+I65+J65+K65 -> 24224.5 | G65: 4844.9 | H65: 4844.9 | I65: 4844.9 | J65: 4844.9 | K65: 4844.9
E66: Бюджет города (5222800) | F66: =G66+H66+I66+J66+K66 -> 15230.4 | G66: 2793.7 | H66: 2975.3 | I66: 3153.8 | J66: 3153.8 | K66: 3153.8
A67: 2.3. Направление "Информатизация образования"
A68: 2.3.1. | B68: Финансовое обеспечение выполнения муниципального задания Центром информатизации | C68: 2011-2015 | D68: Управление образования | E68: Бюджет города (7951502) | F68: =G68+H68+I68+J68+K68 -> 34835 | G68: 6552.5 | H68: 6829.8 | I68: 7150.9 | J68: 7150.9 | K68: 7150.9
A69: 2.3.2. | B69: Расширение практики интернет-взаимодействия в образовательном пространстве города | C69: 2011-2015 | D69: Центр информатизации , образовательные учреждения | E69: Финансирование не требуется
A70: 2.3.3. | B70: Разработка и поддержка специализированного интернет-ресурса Управления образования города, предназначенного для интеграции образовательных проектов в единую информационно-образовательную среду и направленного на содействие в обеспечении доступности, качества и эффективности образовательных услуг | C70: 2011-2015 | D70: Центр информатизации , образовательные учреждения | E70: Финансирование не требуется
A71: 2.3.4. | B71: Создание комплексного учебно-методического интернет-клуба по внедрению, методической поддержке и популяризации свободного программного обеспечения | C71: 2011-2012 | D71: Центр информатизации, образовательные учреждения | E71: Финансирование не требуется
A72: 2.3.5. | B72: Создание и ведение справочно-методической, нормативной интернет-поддержки процесса внедрения электронных образовательных ресурсов в учебный процесс | C72: 2011-2015 | D72: Центр информатизации, образовательные учреждения | E72: Финансирование не требуется
A73: 2.3.6. | B73: Реализация проектов "Система контентной фильтрации" | C73: 2011-2012 | D73: Центр информатизации, образовательные учреждения | E73: Финансирование не требуется
A74: 2.3.7. | B74: Создание периодического интернет-издания по актуальным вопросам развития процессов инновационного образования в целях удовлетворения информационных, учебно-методических потребностей педагогических работников | C74: 2011 | D74: Центр информатизации, образовательные учреждения | E74: Финансирование не требуется
A75: 2.3.8. | B75: Формирование педагогического интернет-сообщества, осуществляющих научно-методическую поддержку новых образовательных инициатив | C75: 2011-2015 | D75: Центр информатизации, образовательные учреждения | E75: Финансирование не требуется
A76: 2.3.9. | B76: Экспертиза экспериментальных площадок с целью эффективного развития инновационных процессов в системе образования города | C76: 2011-2015 | D76: Управление образования, Центр информатизации | E76: Финансирование не требуется
A77: 2.4. Направление "Капитальный ремонт и строительство объектов образования"
A78: 2.4.1. | B78: Разработка проектно-сметных документаций, капитальные ремонты, услуги надзорных органов,проведение мероприятий, обеспечивающих ресурсосбережение оснащение учреждений и благоустройство территорий учреждений в соответствии с реестром, утвержденным Управлением образования города | C78: 2011-2015 | D78: Управление образования, районные отделы образования, образовательные учреждения | E78: Бюджет города (7951502) | F78: =G78+H78+I78+J78+K78 -> 565210 | G78: 30410 | H78: =68000+3000+2100+1450+3000+3000+7500+1500+7000+5000+7000+1450 -> 110000 | I78: =124000+4000+13600 -> 141600 | J78: =124000+4000+13600 -> 141600 | K78: =124000+4000+13600 -> 141600
A79: 2.4.2. | B79: Разработка реестра объектов, требующих разработки проектно-сметной документации, капитального ремонта, оснащения учреждений и благоустройства территорий | C79: 2011 | D79: Управление образования, районные отделы образования | E79: Финансирование не требуется
A80: 2.4.3. | B80: Строительство новых и реконструкция зданий образовательных учреждений в соответствии с реестром, утвержденным Департаментом строительства | C80: 2011-2015 | D80: Департамент строительства | E80: Бюджет города (7951502) | F80: =G80+H80+I80+J80+K80 -> 894148.3 | G80: =2215.2+11000+1793.9+7139.2 -> 22148.3 | H80: 0 | I80: =150000+90000 -> 240000 | J80: =114000+100000+150000 -> 364000 | K80: =250000+10000+8000 -> 268000
A81: 2.4.4. | B81: Разработка реестра объектов строительства и реконструкции зданий образовательных учреждений | C81: 2011 | D81: Управление образования, районные отделы образования | E81: Финансирование не требуется
A82: 2.4.5. | B82: Мероприятия по энергосбережению в общеобразовательных учреждениях | C82: 2011-2015 | D82: Образовательные учреждения | E82: Бюджет города | F82: =G82+H82+I82+J82+K82 -> 0 | G82: 0 | H82: 0 | I82: 0 | J82: 0 | K82: 0
A83: 2.4.6. | B83: Капитальный ремонт аварийных объектов (в том числе в части зданий) муниципальных образовательных учреждений | C83: 2011 | D83: Управление образования, районные отделы образования, образовательные учреждения | E83: Средства областного бюджета (5222601) | F83: =G83+H83+I83+J83+K83 -> 67523.9 | G83: 67523.9 | H83: 0 | I83: 0 | J83: 0 | K83: 0
E84: Бюджет города (5222601) | F84: =G84+H84+I84+J84+K84 -> 38980.7 | G84: 38980.7 | H84: 0 | I84: 0 | J84: 0 | K84: 0
A85: 2.5. Направление "Здоровье школьников"
A86: 2.5.1. | B86: Разработка проектно-сметных документаций, капитальный ремонт и оснащение пищеблоков и обеденных залов в рамках проекта "Здоровое питание" | C86: 2011-2015 | D86: Управление образования, районные отделы образования, образовательные учреждения | E86: Бюджет города (7951502) | F86: =G86+H86+I86+J86+K86 -> 427600 | G86: 165253.8 | H86: 73646.2 | I86: 62900 | J86: 62900 | K86: 62900
A87: 2.5.2. | B87: Разработка реестра объектов в рамках реализации проекта "Здоровое питание" | C87: 2011 | D87: Управление образования, районные отделы образования | E87: Финансирование не требуется
A88: 2.5.3. | B88: Обеспечение полноценным бесплатным горячим питанием обучающихся общеобразовательных учреждений из малообеспеченных семей | C88: 2011-2015 | D88: Образовательные учреждения | E88: Бюджет города (7951502) | F88: =G88+H88+I88+J88+K88 -> 338673.8 | G88: 62122.6 | H88: 66160.6 | I88: 70130.2 | J88: 70130.2 | K88: 70130.2
A89: 2.5.4. | B89: Реализация проекта «Школьное молоко» | C89: 2011-2015 | D89: Образовательные учреждения | E89: Бюджет города (7951502) | F89: =G89+H89+I89+J89+K89 -> 191126.8 | G89: 35058.2 | H89: 37337 | I89: 39577.2 | J89: 39577.2 | K89: 39577.2
A90: 2.5.5. | B90: Организация и обеспечение отдыха и оздоровления детей в каникулярное время | C90: 2011-2015 | D90: Управление образования, районные отделы образования, образовательные учреждения | E90: Средства областного бюджета (5220803, 7951502) | F90: =G90+H90+I90+J90+K90 -> 74383 | G90: =G93 -> 14876.6 | H90: =H93 -> 14876.6 | I90: =I93 -> 14876.6 | J90: =J93 -> 14876.6 | K90: =K93 -> 14876.6
E91: Бюджет города (5220803, 7951502) | F91: =G91+H91+I91+J91+K91 -> 120602.4 | G91: =G94+G95 -> 22122 | H91: =H94+H95 -> 23559.9 | I91: =I94+I95 -> 24973.5 | J91: =J94+J95 -> 24973.5 | K91: =K94+K95 -> 24973.5
B92: в том числе:
A93: а) | B93: Организация и обеспечение отдыха и оздоровления детей, за исключением детей-сирот, детей, оставшихся без попечения родителей, детей, находящихся в социально опасном положений, и одаренных детей, проживающих в малоимущих семьях | E93: Средства областного бюджета (5220803) | F93: =G93+H93+I93+J93+K93 -> 74383 | G93: 14876.6 | H93: 14876.6 | I93: 14876.6 | J93: 14876.6 | K93: 14876.6
E94: Бюджет города (5220803) | F94: =G94+H94+I94+J94+K94 -> 46819.7 | G94: 8588.1 | H94: 9146.3 | I94: 9695.1 | J94: 9695.1 | K94: 9695.1
A95: б) | B95: Организация и обеспечение отдыха и оздоровления детей в профильных сменах для обучающихся города Ростова-на-Дону | E95: Бюджет города (7951502) | F95: =G95+H95+I95+J95+K95 -> 73782.7 | G95: 13533.9 | H95: 14413.6 | I95: 15278.4 | J95: 15278.4 | K95: 15278.4
A96: 2.5.6. | B96: Разработка проектно-сметных документаций, капитальный ремонт и оснащение спортивных площадок и спортивных залов в рамках проекта "Здоровые дети - здоровая нация" | C96: 2011-2015 | D96: Районные отделы образования, образовательные учреждения | E96: Бюджет города (7951502) | F96: =G96+H96+I96+J96+K96 -> 129350 | G96: 77550 | H96: 51800 | I96: 0 | J96: 0 | K96: 0
A97: 2.5.7. | B97: Разработка реестра объектов в рамках реализации проекта "Здоровый ребенок - здоровая нация" | C97: 2011 | D97: Управление образования, районные отделы образования | E97: Финансирование не требуется
A98: 2.6. Направление "Развитие системы обеспечения качества образования"
A99: 2.6.1. | B99: Развитие новых форм и механизмов оценки и контроля качества деятельности образовательных учреждений по реализации образовательных программ | C99: 2011-2015 | D99: Управление образования, районные отделы образования | E99: Финансирование не требуется
A100: 2.6.2. | B100: Участие в международных исследованиях по программам PISA (Международная оценка качества образовательных достижений), TIMSS (Международное исследование качества математического и естественнонаучного образования) | C100: 2011-2015 | D100: Образовательные учреждения | E100: Финансирование не требуется
A101: 2.7. Направление "Обеспечение безопасности общеобразовательных учреждений"
...

Sheet 2 ое слуш.2.12.10 
J1: Таблица №2
A3: № п/п | B3: Наименование мероприятий Программы | C3: Сроки выполнения | D3: Исполнители | E3: Источник расходов | F3: Объем финансирования (тыс. руб.)
F4: всего | G4: 2011 | H4: 2012 | I4: 2013 | J4: 2014 | K4: 2015
A5: 1 | B5: 2 | C5: 3 | D5: 4 | E5: 5 | F5: 6 | G5: 7 | H5: 8 | I5: 9 | J5: 10 | K5: 11
A6: 1. Подпрограмма "Развитие дошкольного образования"
A7: 1.1. Направление " Совершенствование содержания и технологий образования"
A8: 1.1.1. | B8: Финансовое обеспечение выполнения муниципального задания муниципальными дошкольными образовательными учреждениями, в том числе компенсация части платы, взимаемой за содержание ребенка (за исключением пуктов 1.3.1., 1.3.5., 1.4.1., 1.4.2., 1.4.3.) | C8: 2011-2015 | D8: Районные отделы образования, образовательные учреждения | E8: Средства областного бюджета (5222601) | F8: =G8+H8+I8+J8+K8 -> 143995.5 | G8: 28799.1 | H8: 28799.1 | I8: 28799.1 | J8: 28799.1 | K8: 28799.1
E9: Бюджет города (7951501) | F9: =G9+H9+I9+J9+K9 -> 7378093.7 | G9: =1564477.1-G22-G26-G28-G29-G30 -> 1455332.7 | H9: =1639555.8-H22-H26-H28-H29-H30 -> 1456718.3 | I9: =1740428.7-I22-I26-I28-I29-I30 -> 1488680.9 | J9: =1740428.7-J22-J26-J28-J29-J30 -> 1488680.9 | K9: =1740428.7-K22-K26-K28-K29-K30 -> 1488680.9
A10: 1.1.2. | B10: Финансовое обеспечение выполнения муниципального задания муниципальными автономными образовательными учреждениями | C10: 2011-2015 | D10: Районные отделы образования, образовательные учреждения | E10: Бюджет города | F10: =G10+H10+I10+J10+K10 -> 0 | G10: 0 | H10: 0 | I10: 0 | J10: 0 | K10: 0
A11: 1.1.3. | B11: Реализация проекта "Предшкольное образование" | C11: 2011-2015 | D11: Районные отделы образования, образовательные учреждения | E11: Финансирование не требуется
A12: 1.1.4. | B12: Реализация проекта «Непрерывность дошкольного и общего образования» | C12: 2011-2015 | D12: Районные отделы образования, образовательные учреждения | E12: Финансирование не требуется
A13: 1.1.5. | B13: Реализация проекта "Профилактика социальной дезадаптации детей дошкольного возраста" | C13: 2011-2015 | D13: Районные отделы образования, образовательные учреждения | E13: Финансирование не требуется
A14: 1.1.6. | B14: Реализация проекта "Психолого-педагогическое сопровождение детей с ослабленным здоровьем и особыми образовательными потребностями" | C14: 2011-2015 | D14: Районные отделы образования, образовательные учреждения | E14: Финансирование не требуется
A15: 1.2. Направление "Развитие системы обеспечения качества образования"
A16: 1.2.1. | B16: Реализация проекта "Инновационные и вариативные комплексные физкультурно-оздоровительные программы для дошкольников" | C16: 2011-2015 | D16: Районные отделы образования, образовательные учреждения | E16: Финансирование не требуется
A17: 1.2.2. | B17: Реализация проекта "Ранняя медико-психолого-педагогическая помощьи детям от 0 до 3 лет" | C17: 2011-2015 | D17: Районные отделы образования, образовательные учреждения | E17: Финансирование не требуется
A18: 1.2.3. | B18: Разработка и реализация проекта "Археология для малышей. Образовательная программа по ступенькам истории" | C18: 2011-2015 | D18: Районные отделы образования, образовательные учреждения | E18: Финансирование не требуется
A19: 1.2.4. | B19: Реализация проекта "Информационные технологии KidSmart" | C19: 2011-2013 | D19: Управление образования, районные отделы образования | E19: Финансирование не требуется
A20: 1.2.5. | B20: Реализация проекта "Безопасная дорога" совместно со службами Государственной инспекции безопасности дорожного движения | C20: 2011-2015 | D20: Управление образования, районные отделы образования, образовательные учреждения | E20: Финансирование не требуется
A21: 1.3. Направление "Капитальный ремонт и строительство дошкольных учреждений"
A22: 1.3.1. | B22: Разработка проектно-сметных документаций, капитальные ремонты, услуги надзорных органов, оснащение учреждений и благоустройство территорий учреждений в соответствии с реестром, утвержденным Управлением образования города | C22: 2011-2015 | D22: Управление образования, районные отделы образования, образовательные учреждения | E22: Бюджет города (7951501) | F22: =G22+H22+I22+J22+K22 -> 884250 | G22: 79250 | H22: 151000 | I22: 218000 | J22: 218000 | K22: 218000
A23: 1.3.2. | B23: Разработка реестра объектов, требующих разработки проектно-сметной документации, капитального ремонта, оснащения учреждений и благоустройства территорий | C23: 2011 | D23: Управление образования, районные отделы образования | E23: Финансирование не требуется
A24: 1.3.3. | B24: Строительство новых и реконструкция зданий образовательных учреждений в соответствии с реестром, утвержденным Департаментом строительства | C24: 2011-2015 | D24: Департамент строительства | E24: Бюджет города (7951501) | F24: =G24+H24+I24+J24+K24 -> 907051 | G24: =1540+110128.3+1050.4+1605+1427.3 -> 115751 | H24: =50000+111000+110000 -> 271000 | I24: =110000+30000+50000 -> 190000 | J24: =70000+3800+102000+5000 -> 180800 | K24: =45000+8000+6000+6500+76000+8000 -> 149500
A25: 1.3.4. | B25: Разработка реестра объектов строительства и реконструкции зданий образовательных учреждений | C25: 2011 | D25: Управление образования, районные отделы образования | E25: Финансирование не требуется
A26: 1.3.5. | B26: Мероприятия по энергосбережению | C26: 2011-2015 | D26: Образовательные учреждения | E26: Бюджет города | F26: =G26+H26+I26+J26+K26 -> 0 | G26: 0 | H26: 0 | I26: 0 | J26: 0 | K26: 0
A27: 1.4. Направление "Обеспечение безопасности дошкольных учреждений"
A28: 1.4.1 | B28: Обслуживание кнопок тревожной сигнализации | C28: 2011-2015 | D28: Образовательные учреждения | E28: Бюджет города (7951501) | F28: =G28+H28+I28+J28+K28 -> 38903.2 | G28: 7136 | H28: 7599.8 | I28: 8055.8 | J28: 8055.8 | K28: 8055.8
A29: 1.4.2 | B29: Обслуживание автоматической пожарной сигнализации | C29: 2011-2015 | D29: Образовательные учреждения | E29: Бюджет города (7951501) | F29: =G29+H29+I29+J29+K29 -> 26318.7 | G29: 4827.6 | H29: 5141.4 | I29: 5449.9 | J29: 5449.9 | K29: 5449.9
A30: 1.4.3 | B30: Реализация мероприятий по предписаниям Госпожнадзора | C30: 2011-2015 | D30: Образовательные учреждения | E30: Бюджет города (7951501) | F30: =G30+H30+I30+J30+K30 -> 97753.4 | G30: 17930.8 | H30: 19096.3 | I30: 20242.1 | J30: 20242.1 | K30: 20242.1
A31: Итоги по подпрограмме 1
A32: а | B32: ГРБС Управление образования города | F32: =G32+H32+I32+J32+K32 -> 8569314.5 | G32: =G33+G34+G35 -> 1593276.2 | H32: =H33+H34+H35 -> 1668354.9 | I32: =I33+I34+I35 -> 1769227.8 | J32: =J33+J34+J35 -> 1769227.8 | K32: =K33+K34+K35 -> 1769227.8
A33: б | B33: средства федерального бюджета | F33: =G33+H33+I33+J33+K33 -> 0 | G33: 0 | H33: 0 | I33: 0 | J33: 0 | K33: 0
A34: в | B34: средства областного бюджета | F34: =G34+H34+I34+J34+K34 -> 143995.5 | G34: =G8 -> 28799.1 | H34: =H8 -> 28799.1 | I34: =I8 -> 28799.1 | J34: =J8 -> 28799.1 | K34: =K8 -> 28799.1
A35: г | B35: бюджет города | F35: =G35+H35+I35+J35+K35 -> 8425319 | G35: =G9+G10+G22+G26+G28+G29+G30 -> 1564477.1 | H35: =H9+H10+H22+H26+H28+H29+H30 -> 1639555.8 | I35: =I9+I10+I22+I26+I28+I29+I30 -> 1740428.7 | J35: =J9+J10+J22+J26+J28+J29+J30 -> 1740428.7 | K35: =K9+K10+K22+K26+K28+K29+K30 -> 1740428.7
A36: д | B36: ГРБС Департамент координации и перспективного развития города | F36: =G36+H36+I36+J36+K36 -> 907051 | G36: =G37+G38+G39 -> 115751 | H36: =H37+H38+H39 -> 271000 | I36: =I37+I38+I39 -> 190000 | J36: =J37+J38+J39 -> 180800 | K36: =K37+K38+K39 -> 149500
A37: е | B37: средства федерального бюджета | F37: =G37+H37+I37+J37+K37 -> 0 | G37: 0 | H37: 0 | I37: 0 | J37: 0 | K37: 0
A38: ж | B38: средства областного бюджета | F38: =G38+H38+I38+J38+K38 -> 0 | G38: 0 | H38: 0 | I38: 0 | J38: 0 | K38: 0
A39: з | B39: бюджет города | F39: =G39+H39+I39+J39+K39 -> 907051 | G39: =G24 -> 115751 | H39: =H24 -> 271000 | I39: =I24 -> 190000 | J39: =J24 -> 180800 | K39: =K24 -> 149500
A40: и | B40: Подпрограмма 1 | F40: =G40+H40+I40+J40+K40 -> 9476365.5 | G40: =G32+G36 -> 1709027.2 | H40: =H32+H36 -> 1939354.9 | I40: =I32+I36 -> 1959227.8 | J40: =J32+J36 -> 1950027.8 | K40: =K32+K36 -> 1918727.8
A41: к | B41: средства федерального бюджета | F41: =G41+H41+I41+J41+K41 -> 0 | G41: =G33+G37 -> 0 | H41: =H33+H37 -> 0 | I41: =I33+I37 -> 0 | J41: =J33+J37 -> 0 | K41: =K33+K37 -> 0
A42: л | B42: средства областного бюджета | F42: =G42+H42+I42+J42+K42 -> 143995.5 | G42: =G34+G38 -> 28799.1 | H42: =H34+H38 -> 28799.1 | I42: =I34+I38 -> 28799.1 | J42: =J34+J38 -> 28799.1 | K42: =K34+K38 -> 28799.1
A43: м | B43: бюджет города | F43: =G43+H43+I43+J43+K43 -> 9332370 | G43: =G35+G39 -> 1680228.1 | H43: =H35+H39 -> 1910555.8 | I43: =I35+I39 -> 1930428.7 | J43: =J35+J39 -> 1921228.7 | K43: =K35+K39 -> 1889928.7
A44: 2. Подпрограмма "Развитие общего образования"
A45: 2.1. Направление " Обеспечение доступности образования"
A46: 2.1.1. | B46: Обеспечение государственных гарантий прав граждан на получение общедоступного и бесплатного общего образования | C46: 2011-2015 | D46: Управление образования, районные отделы образования | E46: Средства областного бюджета (5222601) | F46: =G46+H46+I46+J46+K46 -> 7930797.9 | G46: 1587566.7 | H46: 1585807.8 | I46: 1585807.8 | J46: 1585807.8 | K46: 1585807.8
A47: 2.1.2. | B47: Выплата денежного вознаграждения педагогическим работникам за выполнение функций классного руководителя | C47: 2011-2015 | D47: Управление образования, районные отделы образования | E47: Средств федерального бюджета (5200900) | F47: =G47+H47+I47+J47+K47 -> 0 | G47: 0 | H47: 0 | I47: 0 | J47: 0 | K47: 0
A48: 2.1.3. | B48: Финансовое обеспечение выполнения муниципального задания бюджетными общеобразовательными учреждениями (за исключением пунктов 2.2.3., 2.4.1., 2.4.5., 2.5.1., 2.5.3., 2.5.4., 2.5.6., 2.7.1, 2.7.3., 2.7.5.) | C48: 2011-2015 | D48: Управление образования, районные отделы образования | E48: Бюджет города (7951502) | F48: =G48+H48+I48+J48+K48 -> 1497136.5 | G48: =853532.7-G63-G78-G82-G86-G88-G89-G96-G102-G104-G106 -> 273270.4 | H48: =667388.5+38821.5-H63-H78-H82-H86-H88-H89-H96-H102-H104-H106 -> 293029.7 | I48: =624486.2+41150.8-I63-I78-I82-I86-I88-I89-I96-I102-I104-I106 -> 310278.8 | J48: =624486.2+41150.8-J63-J78-J82-J86-J88-J89-J96-J102-J104-J106 -> 310278.8 | K48: =624486.2+41150.8-K63-K78-K82-K86-K88-K89-K96-K102-K104-K106 -> 310278.8
A49: 2.1.4. | B49: Финансовое обеспечение выполнения муниципального задания муниципальными автономными общеобразовательными учреждениями | C49: 2011-2015 | D49: Управление образования, районные отделы образования | E49: Бюджет города (7951502) | F49: =G49+H49+I49+J49+K49 -> 226064.83 | G49: =166707.9-G50-G51-G52-G53-G54-G55 -> 41787.3 | H49: =162094.5-H50-H51-H52-H53-H54-H55 -> 44248.9 | I49: =56052.5-I50-I51-I52-I53-I54-I55 -> 46676.2 | J49: =56052.5-J50-J51-J52-J53-J54-J55 -> 46676.217 | K49: =56052.5-K50-K51-K52-K53-K54-K55 -> 46676.217
B50: питание малообеспеченных | E50: Бюджет города (7951502) | F50: =G50+H50+I50+J50+K50 -> 24408.3 | G50: 4477.2 | H50: 4768.2 | I50: 5054.3 | J50: 5054.3 | K50: 5054.3
B51: обеспечение молочными и кисломолочными продуктами | E51: Бюджет города (7951502) | F51: =G51+H51+I51+J51+K51 -> 15086.5 | G51: 2767.3 | H51: 2947.2 | I51: 3124 | J51: 3124 | K51: 3124
B52: капитальные расходы | E52: Бюджет города (7951502) | F52: =G52+H52+I52+J52+K52 -> 225614.9 | G52: =100919.3+26000-10304.4 -> 116614.9 | H52: 109000 | I52: 0 | J52: 0 | K52: 0
B53: обслуживание АПС | E53: Бюджет города (7951502) | F53: =G53+H53+I53+J53+K53 -> 1249.4 | G53: 229.2 | H53: 244.1 | I53: 258.7 | J53: 258.7 | K53: 258.7
B54: обслуживание КТС | E54: Бюджет города (7951502) | F54: =G54+H54+I54+J54+K54 -> 1373.8656 | G54: 252 | H54: 268.4 | I54: 284.5 | J54: 284.4828 | K54: 284.4828
B55: противопожарные мероприятия | E55: Бюджет города (7951502) | F55: =G55+H55+I55+J55+K55 -> 3162.1 | G55: 580 | H55: 617.7 | I55: 654.8 | J55: 654.8 | K55: 654.8
A56: 2.1.5. | B56: Финансовое обеспечение выполнения муниципального задания муниципальными общеобразовательными учреждениями в части допрофессиональной подготовки (за исключением пунктов 2.7.2., 2.7.4., 2.7.6.) | C56: 2011-2015 | D56: Управление образования, районные отделы образования | E56: Бюджет города (7951502) | F56: =G56+H56+I56+J56+K56 -> 67259 | G56: =13473.8-G103-G105-G107 -> 13291.8 | H56: =13484.9-H103-H105-H107 -> 13291.1 | I56: =13764.1-I103-I105-I107 -> 13558.7 | J56: =13764.1-J103-J105-J107 -> 13558.7 | K56: =13764.1-K103-K105-K107 -> 13558.7
A57: 2.1.6. | B57: Разработка и реализация проекта "Инклюзивное образование" | C57: 2011-2013 | D57: Управления образования, Методический центр, Центр диагностики и консультирования | E57: Финансирование не требуется
A58: 2.1.7. | B58: Комплектование книжных фондов библиотек муниципальнфых общеобразовательных учреждений учебниками и учебными пособиями по курсу "Основы православной культуры" | C58: 2011 | D58: Управление образования, районные отделы образования, образовательные учреждения | E58: Средства областного бюджета (5222601) | F58: =G58+H58+I58+J58+K58 -> 3687 | G58: 737.4 | H58: 737.4 | I58: 737.4 | J58: 737.4 | K58: 737.4
E59: Бюджет города (5222601) | F59: =G59+H59+I59+J59+K59 -> 2322.4 | G59: 426 | H59: 453.7 | I59: 480.9 | J59: 480.9 | K59: 480.9
A60: 2.2. Направление "Совершенствование содержания и технологий образования"
A61: 2.2.1. | B61: Реализация плана мероприятий по внедрению Федеральных государственных образовательных стандартов общего образования | C61: 2011-2015 | D61: Управление образования, районные отделы образования, Методический центр образования, образовательные учреждения | E61: Финансирование не требуется
A62: 2.2.2. | B62: Введение предпрофильного и профильного обучения, обеспечивающих возможность выбора обучающимися учебного плана с учетом сложившегося рынка труда и перспектив выбора будущей профессии | C62: 2011-2013 | D62: Районные отделы образования, образовательные учреждения | E62: Финансирование не требуется
A63: 2.2.3. | B63: Приобретение учебного оборудования, мебели и сопутствующих товаров для учебных кабинетов и лабораторий в рамках проекта "Новые технологии в образовании" | C63: 2011-2015 | D63: Управление образования | E63: Бюджет города (7951502) | F63: =G63+H63+I63+J63+K63 -> 163080 | G63: 127665 | H63: 35415 | I63: 0 | J63: 0 | K63: 0
A64: 2.2.4. | B64: Разработка реестра объектов в рамках проекта "Новые технологии в образовании" | C64: 2011 | D64: Управление образования, районные отделы образования | E64: Финансирование не требуется
A65: 2.2.5. | B65: Оплата услуг доступа к сети интернет муниципальных общеобразовательных учреждений | C65: 2011 | D65: Управление образования, районные отделы образования, образовательные учреждения | E65: Средства областного бюджета (5222800) | F65: =G65+H65+I65+J65+K65 -> 24224.5 | G65: 4844.9 | H65: 4844.9 | I65: 4844.9 | J65: 4844.9 | K65: 4844.9
E66: Бюджет города (5222800) | F66: =G66+H66+I66+J66+K66 -> 15230.4 | G66: 2793.7 | H66: 2975.3 | I66: 3153.8 | J66: 3153.8 | K66: 3153.8
A67: 2.3. Направление "Информатизация образования"
A68: 2.3.1. | B68: Финансовое обеспечение выполнения муниципального задания Центром информатизации | C68: 2011-2015 | D68: Управление образования | E68: Бюджет города (7951502) | F68: =G68+H68+I68+J68+K68 -> 34835 | G68: 6552.5 | H68: 6829.8 | I68: 7150.9 | J68: 7150.9 | K68: 7150.9
A69: 2.3.2. | B69: Расширение практики интернет-взаимодействия в образовательном пространстве города | C69: 2011-2015 | D69: Центр информатизации , образовательные учреждения | E69: Финансирование не требуется
A70: 2.3.3. | B70: Разработка и поддержка специализированного интернет-ресурса Управления образования города, предназначенного для интеграции образовательных проектов в единую информационно-образовательную среду и направленного на содействие в обеспечении доступности, качества и эффективности образовательных услуг | C70: 2011-2015 | D70: Центр информатизации , образовательные учреждения | E70: Финансирование не требуется
A71: 2.3.4. | B71: Создание комплексного учебно-методического интернет-клуба по внедрению, методической поддержке и популяризации свободного программного обеспечения | C71: 2011-2012 | D71: Центр информатизации, образовательные учреждения | E71: Финансирование не требуется
A72: 2.3.5. | B72: Создание и ведение справочно-методической, нормативной интернет-поддержки процесса внедрения электронных образовательных ресурсов в учебный процесс | C72: 2011-2015 | D72: Центр информатизации, образовательные учреждения | E72: Финансирование не требуется
A73: 2.3.6. | B73: Реализация проектов "Система контентной фильтрации" | C73: 2011-2012 | D73: Центр информатизации, образовательные учреждения | E73: Финансирование не требуется
A74: 2.3.7. | B74: Создание периодического интернет-издания по актуальным вопросам развития процессов инновационного образования в целях удовлетворения информационных, учебно-методических потребностей педагогических работников | C74: 2011 | D74: Центр информатизации, образовательные учреждения | E74: Финансирование не требуется
A75: 2.3.8. | B75: Формирование педагогического интернет-сообщества, осуществляющих научно-методическую поддержку новых образовательных инициатив | C75: 2011-2015 | D75: Центр информатизации, образовательные учреждения | E75: Финансирование не требуется
A76: 2.3.9. | B76: Экспертиза экспериментальных площадок с целью эффективного развития инновационных процессов в системе образования города | C76: 2011-2015 | D76: Управление образования, Центр информатизации | E76: Финансирование не требуется
A77: 2.4. Направление "Капитальный ремонт и строительство объектов образования"
A78: 2.4.1. | B78: Разработка проектно-сметных документаций, капитальные ремонты, услуги надзорных органов,проведение мероприятий, обеспечивающих ресурсосбережение оснащение учреждений и благоустройство территорий учреждений в соответствии с реестром, утвержденным Управлением образования города | C78: 2011-2015 | D78: Управление образования, районные отделы образования, образовательные учреждения | E78: Бюджет города (7951502) | F78: =G78+H78+I78+J78+K78 -> 575514.4 | G78: =30410+10304.4 -> 40714.4 | H78: =68000+3000+2100+1450+3000+3000+7500+1500+7000+5000+7000+1450 -> 110000 | I78: =124000+4000+13600 -> 141600 | J78: =124000+4000+13600 -> 141600 | K78: =124000+4000+13600 -> 141600
A79: 2.4.2. | B79: Разработка реестра объектов, требующих разработки проектно-сметной документации, капитального ремонта, оснащения учреждений и благоустройства территорий | C79: 2011 | D79: Управление образования, районные отделы образования | E79: Финансирование не требуется
A80: 2.4.3. | B80: Строительство новых и реконструкция зданий образовательных учреждений в соответствии с реестром, утвержденным Департаментом строительства | C80: 2011-2015 | D80: Департамент строительства | E80: Бюджет города (7951502) | F80: =G80+H80+I80+J80+K80 -> 894148.3 | G80: =2215.2+11000+1793.9+7139.2 -> 22148.3 | H80: 0 | I80: =150000+90000 -> 240000 | J80: =114000+100000+150000 -> 364000 | K80: =250000+10000+8000 -> 268000
A81: 2.4.4. | B81: Разработка реестра объектов строительства и реконструкции зданий образовательных учреждений | C81: 2011 | D81: Управление образования, районные отделы образования | E81: Финансирование не требуется
A82: 2.4.5. | B82: Мероприятия по энергосбережению в общеобразовательных учреждениях | C82: 2011-2015 | D82: Образовательные учреждения | E82: Бюджет города | F82: =G82+H82+I82+J82+K82 -> 0 | G82: 0 | H82: 0 | I82: 0 | J82: 0 | K82: 0
A83: 2.4.6. | B83: Капитальный ремонт аварийных объектов (в том числе в части зданий) муниципальных образовательных учреждений | C83: 2011 | D83: Управление образования, районные отделы образования, образовательные учреждения | E83: Средства областного бюджета (5222601) | F83: =G83+H83+I83+J83+K83 -> 67523.9 | G83: 67523.9 | H83: 0 | I83: 0 | J83: 0 | K83: 0
E84: Бюджет города (5222601) | F84: =G84+H84+I84+J84+K84 -> 38980.7 | G84: 38980.7 | H84: 0 | I84: 0 | J84: 0 | K84: 0
A85: 2.5. Направление "Здоровье школьников"
A86: 2.5.1. | B86: Разработка проектно-сметных документаций, капитальный ремонт и оснащение пищеблоков и обеденных залов в рамках проекта "Здоровое питание" | C86: 2011-2015 | D86: Управление образования, районные отделы образования, образовательные учреждения | E86: Бюджет города (7951502) | F86: =G86+H86+I86+J86+K86 -> 463046.2 | G86: 200700 | H86: 73646.2 | I86: 62900 | J86: 62900 | K86: 62900
A87: 2.5.2. | B87: Разработка реестра объектов в рамках реализации проекта "Здоровое питание" | C87: 2011 | D87: Управление образования, районные отделы образования | E87: Финансирование не требуется
A88: 2.5.3. | B88: Обеспечение полноценным бесплатным горячим питанием обучающихся общеобразовательных учреждений из малообеспеченных семей | C88: 2011-2015 | D88: Образовательные учреждения | E88: Бюджет города (7951502) | F88: =G88+H88+I88+J88+K88 -> 338673.8 | G88: 62122.6 | H88: 66160.6 | I88: 70130.2 | J88: 70130.2 | K88: 70130.2
A89: 2.5.4. | B89: Реализация проекта «Школьное молоко» | C89: 2011-2015 | D89: Образовательные учреждения | E89: Бюджет города (7951502) | F89: =G89+H89+I89+J89+K89 -> 191126.8 | G89: 35058.2 | H89: 37337 | I89: 39577.2 | J89: 39577.2 | K89: 39577.2
A90: 2.5.5. | B90: Организация и обеспечение отдыха и оздоровления детей в каникулярное время | C90: 2011-2015 | D90: Управление образования, районные отделы образования, образовательные учреждения | E90: Средства областного бюджета (5220803, 7951502) | F90: =G90+H90+I90+J90+K90 -> 74383 | G90: =G93 -> 14876.6 | H90: =H93 -> 14876.6 | I90: =I93 -> 14876.6 | J90: =J93 -> 14876.6 | K90: =K93 -> 14876.6
E91: Бюджет города (5220803, 7951502) | F91: =G91+H91+I91+J91+K91 -> 120602.4 | G91: =G94+G95 -> 22122 | H91: =H94+H95 -> 23559.9 | I91: =I94+I95 -> 24973.5 | J91: =J94+J95 -> 24973.5 | K91: =K94+K95 -> 24973.5
B92: в том числе:
A93: а) | B93: Организация и обеспечение отдыха и оздоровления детей, за исключением детей-сирот, детей, оставшихся без попечения родителей, детей, находящихся в социально опасном положений, и одаренных детей, проживающих в малоимущих семьях | E93: Средства областного бюджета (5220803) | F93: =G93+H93+I93+J93+K93 -> 74383 | G93: 14876.6 | H93: 14876.6 | I93: 14876.6 | J93: 14876.6 | K93: 14876.6
E94: Бюджет города (5220803) | F94: =G94+H94+I94+J94+K94 -> 46819.7 | G94: 8588.1 | H94: 9146.3 | I94: 9695.1 | J94: 9695.1 | K94: 9695.1
A95: б) | B95: Организация и обеспечение отдыха и оздоровления детей в профильных сменах для обучающихся города Ростова-на-Дону | E95: Бюджет города (7951502) | F95: =G95+H95+I95+J95+K95 -> 73782.7 | G95: 13533.9 | H95: 14413.6 | I95: 15278.4 | J95: 15278.4 | K95: 15278.4
A96: 2.5.6. | B96: Разработка проектно-сметных документаций, капитальный ремонт и оснащение спортивных площадок и спортивных залов в рамках проекта "Здоровые дети - здоровая нация" | C96: 2011-2015 | D96: Районные отделы образования, образовательные учреждения | E96: Бюджет города (7951502) | F96: =G96+H96+I96+J96+K96 -> 129350 | G96: 77550 | H96: 51800 | I96: 0 | J96: 0 | K96: 0
A97: 2.5.7. | B97: Разработка реестра объектов в рамках реализации проекта "Здоровый ребенок - здоровая нация" | C97: 2011 | D97: Управление образования, районные отделы образования | E97: Финансирование не требуется
A98: 2.6. Направление "Развитие системы обеспечения качества образования"
A99: 2.6.1. | B99: Развитие новых форм и механизмов оценки и контроля качества деятельности образовательных учреждений по реализации образовательных программ | C99: 2011-2015 | D99: Управление образования, районные отделы образования | E99: Финансирование не требуется
A100: 2.6.2. | B100: Участие в международных исследованиях по программам PISA (Международная оценка качества образовательных достижений), TIMSS (Международное исследование качества математического и естественнонаучного образования) | C100: 2011-2015 | D100: Образовательные учреждения | E100: Финансирование не требуется
A101: 2.7. Направление "Обеспечение безопасности общеобразовательных учреждений"
...

Sheet Реализация
A1: ГОДОВОЙ ОТЧЕТ О РЕАЛИЗАЦИИ МУНИЦИПАЛЬНОЙ ПРОГРАММЫ
A2: "Развитие системы образования города Ростова-на-Дону"
A3: за 2015 год
J4: тыс.руб.
A5: № п/п | B5: Мероприятие | C5: Муниципальный заказчик, исполнитель | D5: Сроки выполнения | E5: Источник финансирования | F5: Плановый объем финансового обеспечения на 2015 год | H5: Плановый объем финансового обеспечения на 2011 год | I5: Исполнено (кассовый расход) за 2015 год | J5: Причины неисполнения плана
G6: в том числе на отчетный период
A7: 1 | B7: 2 | C7: 3 | D7: 4 | E7: 5 | F7: 6 | G7: 7 | H7: 8 | I7: 7 | J7: 8
A8: Итого по Программе в целом
E9: Всего, в том числе: | F9: =F14+F19+F24 -> #REF! | G9: =G14+G19 -> #REF! | H9: =G9 -> #REF! | I9: =I14+I19+I24 -> 0
E10: средства федерального бюджета | F10: =F15+F20+F25 -> #REF! | G10: =G15+G20+G25 -> #REF! | H10: =H15+H20+H25 -> #REF! | I10: =I15+I20+I25 -> 0
E11: средства областного бюджета | F11: =F16+F21+F26 -> #REF! | G11: =G16+G21+G26 -> #REF! | H11: =H16+H21+H26 -> #REF! | I11: =I16+I21+I26 -> 0
E12: бюджет города | F12: =F22+F17+F27 -> #REF! | G12: =G22+G17+G27 -> #REF! | H12: =H22+H17+H27 -> #REF! | I12: =I22+I17+I27 -> 0
A13: ГРБС Управление образования города
E14: Всего, в том числе: | F14: =F15+F16+F17 -> #REF! | G14: =G15+G16+G17 -> 3138589.9 | H14: =G14 -> 3138589.9 | I14: =I15+I16+I17 -> 0
E15: средства федерального бюджета | F15: =F124+F198+F230+F254+F281+F308 -> 5868.6 | G15: =G124+G198+G230+G254+G281+G308 -> 0 | H15: =H124+H198+H230+H254+H281+H308 -> 0 | I15: =I124+I198+I230+I254+I281+I308 -> 0
E16: средства областного бюджета | F16: =F125+F199+F231+F255+F282+F309 -> #REF! | G16: =G125+G199+G231+G255+G282+G309 -> 3138589.9 | H16: =H125+H199+H231+H255+H282+H309 -> 3138589.9 | I16: =I125+I199+I231+I255+I282+I309 -> 0
E17: бюджет города | F17: =F126+F200+F232+F256+F283+F310 -> #REF! | G17: =G126+G200+G232+G256+G283+G310 -> 0 | H17: =H126+H200+H232+H256+H283+H310 -> 0 | I17: =I126+I200+I232+I256+I283+I310 -> 0
A18: ГРБС Департамент строительства
E19: Всего, в том числе: | F19: =F20+F21+F22 -> #REF! | G19: =G20+G21+G22 -> #REF! | H19: =G19 -> #REF! | I19: =I20+I21+I22 -> 0
E20: средства федерального бюджета | F20: =F128+F202 -> #REF! | G20: =G128+G202 -> #REF! | H20: =H128+H202 -> #REF! | I20: =I128+I202 -> 0
E21: средства областного бюджета | F21: =F129+F203 -> #REF! | G21: =G129+G203 -> #REF! | H21: =H129+H203 -> #REF! | I21: =I129+I203 -> 0
E22: бюджет города | F22: =F130+F204+F236 -> #REF! | G22: =G130+G204+G236 -> #REF! | H22: =H130+H204+H236 -> #REF! | I22: =I130+I204+I236 -> 0
A23: ГРБС Департамент имущественно-земельных отношений
E24: Всего, в том числе: | F24: =F25+F26+F27 -> #REF! | G24: =G25+G26+G27 -> #REF! | H24: =H25+H26+H27 -> #REF! | I24: =I25+I26+I27 -> 0
E25: средства федерального бюджета | F25: =F132 -> #REF! | I25: 0
E26: средства областного бюджета | F26: 0 | I26: 0
E27: бюджет города | F27: =F237+F134 -> #REF! | G27: =G237+G134 -> #REF! | H27: =H237+H134 -> #REF! | I27: =I237+I134 -> 0
A28: 1. Подпрограмма "Развитие дошкольного образования"
A29: 1.1. Основное мероприятие "Обеспечение доступности, совершенствование содержания и технологий образования"
A30: 1.1.1. | B30: Осуществление полномочий по выплате компенсации родительской платы за присмотр и уход за детьми в образовательной организации, реализующей образовательную программу дошкольного образования | C30: Районные отделы образования, образовательные учреждения | D30: 2014-2020 | E30: Средства областного бюджета (0217218) | F30: =Город!P7+Ворошиловский!P7+Железнодорожный!P7+Кировский!P7+Ленинский!P7+Октябрьский!P7+Первомайский!P7+Пролетарский!P7+Советский!P7 -> 116330 | G30: =Город!P7+Ворошиловский!P7+Железнодорожный!P7+Кировский!P7+Ленинский!P7+Октябрьский!P7+Первомайский!P7+Пролетарский!P7+Советский!P7 -> 116330 | H30: =G30 -> 116330 | I30: =Город!Q7+Ворошиловский!Q7+Железнодорожный!Q7+Кировский!Q7+Ленинский!Q7+Октябрьский!Q7+Первомайский!Q7+Пролетарский!Q7+Советский!Q7 -> 0 | J30: 19087 родителей получили компенсацию родительской платы за содержание первого ребенка, 6774 чел.- за второго ребенка, 823 чел.- за содержание третьего ребенка.
A31: 1.1.2. | B31: Обеспечение государственных гарантий реализации прав на получение общедоступного и бесплатного дошкольного образования в муниципальных дошкольных образовательных организациях, включая расходы на оплату труда, приобретение учебников и учебных пособий, средств обучения, игр, игрушек (за исключением расходов на содержание зданий и оплату коммунальных услуг, осуществляемых из местных бюджетов) | C31: Районные отделы образования, образовательные учреждения | D31: 2014-2020 | E31: Средства областного бюджета (0217202) | F31: =Город!P8+Ворошиловский!P8+Железнодорожный!P8+Кировский!P8+Ленинский!P8+Октябрьский!P8+Первомайский!P8+Пролетарский!P8+Советский!P8 -> 2323041.7 | G31: =Город!Q8+Ворошиловский!Q8+Железнодорожный!Q8+Кировский!Q8+Ленинский!Q8+Октябрьский!Q8+Первомайский!Q8+Пролетарский!Q8+Советский!Q8 -> 0 | H31: =Город!R8+Ворошиловский!R8+Железнодорожный!R8+Кировский!R8+Ленинский!R8+Октябрьский!R8+Первомайский!R8+Пролетарский!R8+Советский!R8 -> 0 | I31: =Город!Q8+Ворошиловский!Q8+Железнодорожный!Q8+Кировский!Q8+Ленинский!Q8+Октябрьский!Q8+Первомайский!Q8+Пролетарский!Q8+Советский!Q8 -> 0
A32: 1.1.3. | B32: Обеспечение деятельности (оказание услуг) муниципальных учреждений города Ростова-на-Дону | C32: Районные отделы образования, образовательные учреждения | D32: 2014-2020 | E32: Бюджет города (0210059) | F32: =Город!P9+Ворошиловский!P9+Железнодорожный!P9+Кировский!P9+Ленинский!P9+Октябрьский!P9+Первомайский!P9+Пролетарский!P9+Советский!P9 -> 1660766 | G32: =Город!Q9+Ворошиловский!Q9+Железнодорожный!Q9+Кировский!Q9+Ленинский!Q9+Октябрьский!Q9+Первомайский!Q9+Пролетарский!Q9+Советский!Q9 -> 0 | H32: =Город!R9+Ворошиловский!R9+Железнодорожный!R9+Кировский!R9+Ленинский!R9+Октябрьский!R9+Первомайский!R9+Пролетарский!R9+Советский!R9 -> 0 | I32: =Город!Q9+Ворошиловский!Q9+Железнодорожный!Q9+Кировский!Q9+Ленинский!Q9+Октябрьский!Q9+Первомайский!Q9+Пролетарский!Q9+Советский!Q9 -> 0 | J32: Экономия плановых ассигнований за 2012 год по учреждениям дошкольного образования сложились по: коммунальным услугам (в соответствии с 261 ФЗ от 23.11.2009 Федеральный закон «Об энергосбережении и о повышении энергетической эффективности и о внесении изменений в отдельные законодательные акты Российской Федерации» предусмотрена экономия энергоресурсов в размере 3%); возмещением расходов фондом социального страхования по больничным листам работников общеобразовательных учреждений
A33: 1.1.4. | B33: Обеспечение непредвиденных расходов муниципальных учреждений за счет средств резервного фонда Правительства Ростовской области | C33: Районные отделы образования, образовательные учреждения | D33: 2014-2015 | E33: Средства областного бюджета (0219010) | F33: =Город!P10+Ворошиловский!P10+Железнодорожный!P10+Кировский!P10+Ленинский!P10+Октябрьский!P10+Первомайский!P10+Пролетарский!P10+Советский!P10 -> 2855.3 | G33: =Город!Q10+Ворошиловский!Q10+Железнодорожный!Q10+Кировский!Q10+Ленинский!Q10+Октябрьский!Q10+Первомайский!Q10+Пролетарский!Q10+Советский!Q10 -> 0 | H33: =Город!R10+Ворошиловский!R10+Железнодорожный!R10+Кировский!R10+Ленинский!R10+Октябрьский!R10+Первомайский!R10+Пролетарский!R10+Советский!R10 -> 0 | I33: =Город!Q10+Ворошиловский!Q10+Железнодорожный!Q10+Кировский!Q10+Ленинский!Q10+Октябрьский!Q10+Первомайский!Q10+Пролетарский!Q10+Советский!Q10 -> 0
A34: 1.1.5. | B34: Обеспечение расходов на поощрение муниципальных образований по итогам рейтинговой оценки по привлечению инвестиций | C34: Районные отделы образования, образовательные учреждения | D34: 2014 | E34: Средства областного бюджета (0217102) | F34: =Город!P11+Ворошиловский!P11+Железнодорожный!P11+Кировский!P11+Ленинский!P11+Октябрьский!P11+Первомайский!P11+Пролетарский!P11+Советский!P11 -> 0 | G34: =Город!Q11+Ворошиловский!Q11+Железнодорожный!Q11+Кировский!Q11+Ленинский!Q11+Октябрьский!Q11+Первомайский!Q11+Пролетарский!Q11+Советский!Q11 -> 0 | H34: =Город!R11+Ворошиловский!R11+Железнодорожный!R11+Кировский!R11+Ленинский!R11+Октябрьский!R11+Первомайский!R11+Пролетарский!R11+Советский!R11 -> 0 | I34: =Город!Q11+Ворошиловский!Q11+Железнодорожный!Q11+Кировский!Q11+Ленинский!Q11+Октябрьский!Q11+Первомайский!Q11+Пролетарский!Q11+Советский!Q11 -> 0
A35: 1.1.6. | B35: Проектирование и капремонт муниципальных образовательных учреждений | C35: Департамент строительства | D35: 2014-2015 | E35: Бюджет города (0212008) | F35: =#REF! -> #REF! | G35: =Город!Q16+Ворошиловский!Q16+Железнодорожный!Q16+Кировский!Q16+Ленинский!Q16+Октябрьский!Q16+Первомайский!Q16+Пролетарский!Q16+Советский!Q16 -> 0 | H35: =Город!R16+Ворошиловский!R16+Железнодорожный!R16+Кировский!R16+Ленинский!R16+Октябрьский!R16+Первомайский!R16+Пролетарский!R16+Советский!R16 -> 0
A36: 1.1.7. | B36: Модернизация региональных систем дошкольного образования | C36: Управление образования | D36: 2014-2015 | E36: Средства федерального бюджета (0215059) | F36: =Ворошиловский!P17+Железнодорожный!P17+Кировский!P17+Ленинский!P17+Октябрьский!P17+Первомайский!P17+Пролетарский!P17+Советский!P17 -> 0 | G36: =Ворошиловский!Q17+Железнодорожный!Q17+Кировский!Q17+Ленинский!Q17+Октябрьский!Q17+Первомайский!Q17+Пролетарский!Q17+Советский!Q17 -> 0 | H36: =Ворошиловский!R17+Железнодорожный!R17+Кировский!R17+Ленинский!R17+Октябрьский!R17+Первомайский!R17+Пролетарский!R17+Советский!R17 -> 0 | I36: =Город!Q17+Ворошиловский!Q17+Железнодорожный!Q17+Кировский!Q17+Ленинский!Q17+Октябрьский!Q17+Первомайский!Q17+Пролетарский!Q17+Советский!Q17 -> 0
C37: Департамент строительства | F37: =#REF! -> #REF!
C38: МКУ Фонд имущества г.Ростова-на-Дону | F38: =#REF! -> #REF! | I38: 0
A39: 1.1.8. | B39: Софинансирование расходов на модернизацию региональных систем дошкольного образования | C39: Управление образования | D39: 2014-2015 | E39: Бюджет города (0218059) | F39: =Ворошиловский!P18+Железнодорожный!P18+Кировский!P18+Ленинский!P18+Октябрьский!P18+Первомайский!P18+Пролетарский!P18+Советский!P18 -> 0 | G39: =Советский!Q18 -> 0 | H39: =Советский!R18 -> 0 | I39: =Город!Q18+Ворошиловский!Q18+Железнодорожный!Q18+Кировский!Q18+Ленинский!Q18+Октябрьский!Q18+Первомайский!Q18+Пролетарский!Q18+Советский!Q18 -> 0
C40: Департамент строительства | F40: =#REF! -> #REF!
C41: МКУ Фонд имущества г.Ростова-на-Дону | F41: =#REF! -> #REF! | I41: 0
A42: 1.1.9. | B42: Расходы на приобретение модульных детских садов | C42: Управление образования | D42: 2015 | E42: Средства областного бюджета (0217378) | F42: =#REF! -> #REF!
A43: 1.1.10. | B43: Софинансирование расходов на приобретение модульных детских садов | C43: Управление образования | D43: 2015 | E43: Бюджет города (0218378) | F43: =#REF! -> #REF!
A44: 1.1.11. | B44: Обследование объектов, требующих улучшения материально-технической базы муниципальных дошкольных образовательных учреждений | C44: Управление образования | D44: 2014-2020 | E44: Финансирование не требуется
A45: 1.1.12. | B45: Реализация проекта "Ранняя медико-психолого-педагогическая помощь детям от 0 до 3 лет" | C45: Районные отделы образования, образовательные учреждения | D45: 2014-2020 | E45: Финансирование не требуется
A46: 1.1.13. | B46: Реализация проекта "Психолого-педагогическое сопровождение детей с использованием современных компьютерных технологий" на базе оснащения дошкольных образовательных учреждений | C46: Районные отделы образования, образовательные учреждения | D46: 2014-2020 | E46: Финансирование не требуется
A47: 1.1.14. | B47: Внедрение проекта "Археология для малышей" в рамках реализации образовательной программы "По ступенькам истории" | C47: Районные отделы образования, образовательные учреждения | D47: 2014-2020 | E47: Финансирование не требуется
A48: 1.1.15. | B48: Реализация проекта "Безопасная дорога" совместно со службами Государственной инспекции безопасности дорожного движения | C48: Управление образования, районные отделы образования, образовательные учреждения | D48: 2014-2020 | E48: Финансирование не требуется
A49: 1.1.16. | B49: Мониторинг состояния и развития системы образования детей дошкольного возраста | C49: Районные отделы образования, образовательные учреждения | D49: 2014-2020 | E49: Финансирование не требуется
A50: 1.1.17. | B50: Разработка и реализация образовательных программ в муниципальных дошкольных образовательных организациях в соответствии с федеральными государственными требованиями | C50: Районные отделы образования, образовательные учреждения | D50: 2014-2020 | E50: Финансирование не требуется
A51: 1.1.18. | B51: Использование современных компьютерных технологий в процессе психолого-педагогического сопровождения детей на базе оснащения дошкольных образовательных учреждений | C51: Районные отделы образования, образовательные учреждения | D51: 2014-2020 | E51: Финансирование не требуется | G51: =Город!P28+Ворошиловский!P28+Железнодорожный!P28+Кировский!P27+Ленинский!P28+Октябрьский!P29+Первомайский!P29+Пролетарский!P29+Советский!P29 -> 0 | H51: =G51 -> 0
A52: 1.1.19. | B52: Разработка и выполнение мероприятий по энергосбережению, с предварительным изучением рынка предложений специализированных учреждений | C52: Районные отделы образования, образовательные учреждения | D52: 2014-2020 | E52: Финансирование не требуется | G52: =Город!P29+Ворошиловский!P29+Железнодорожный!P29+Кировский!P28+Ленинский!P29+Октябрьский!P12+Первомайский!P12+Пролетарский!P12+Советский!P12 -> 0 | H52: =G52 -> 0
A53: 1.2. Направление "Строительство объектов образования"
A54: 1.2.1. | B54: Строительство новых и реконструкция зданий образовательных учреждений в соответствии с реестром, (Приложение 2 к программе) | C54: Департамент строительства | D54: 2014-2020 | E54: Бюджет города (0214037, 0218305) | F54: =#REF! -> #REF! | G54: =G59+G60+G63+G64+G68+G70+G73+G75+G77+G80+G81+G82+G87+G90+G93+G96+G97+G99+G101+G103+G104+G105+G108+G109+G110 -> #REF! | H54: =H59+H60+H63+H64+H68+H70+H73+H75+H77+H80+H81+H82+H87+H90+H93+H96+H97+H99+H101+H103+H104+H105+H108+H109+H110 -> #REF! | I54: =I59+I60+I63+I64+I68+I70+I73+I75+I77+I80+I81+I82+I87+I90+I93+I96+I97+I99+I101+I103+I104+I105+I108+I109+I110 -> 0
E55: Средства областного бюджета (0217305) | F55: =#REF! -> #REF! | G55: =G61+G65+G95+G98+G100+G102+G106 -> #REF! | H55: =H61+H65+H95+H98+H100+H102+H106 -> #REF! | I55: =I61+I65+I95+I98+I100+I102+I106 -> 0
E56: Средства областного бюджета (0219010) | F56: =#REF! -> #REF!
C57: Управление образования | D57: 2014-2015 | E57: Бюджет города (0214037) | F57: =#REF! -> #REF! | G57: =G118 -> 0 | H57: =H118 -> 0 | I57: =I118 -> 0
B58: в том числе:
A59: 1.2.1.1. | B59: Строительство детского сада на 95 мест в 3 мкр. жилого района "Левенцовский" (п.3.19) | C59: Департамент строительства | D59: 2014-2015 | E59: Бюджет города (0214037) | F59: =#REF! -> #REF! | G59: =F59 -> #REF! | H59: =G59 -> #REF!
E60: Бюджет города (0218305) | F60: =#REF! -> #REF!
E61: Средства областного бюджета (0217305) | F61: =#REF! -> #REF!
E62: Средства областного бюджета (0219010) | F62: =#REF! -> #REF!
A63: 1.2.1.2. | B63: Строительство детского сада на 125 мест в 3 мкр. жилого района "Левенцовский"(п.3.18) | C63: Департамент строительства | D63: 2014-2015 | E63: Бюджет города (0214037) | F63: =#REF! -> #REF!
E64: Бюджет города (0218305) | F64: =#REF! -> #REF!
E65: Средства областного бюджета (0217305) | F65: =#REF! -> #REF! | G65: =F65 -> #REF! | H65: =G65 -> #REF!
E66: Бюджет города (7951501) | F66: =#REF! -> #REF! | G66: =F66 -> #REF! | H66: =G66 -> #REF!
E67: Средства областного бюджета (0219010) | F67: =#REF! -> #REF!
A68: 1.2.1.3. | B68: Строительство детского сада по адресу : ул.Дарвина-ул.Пархоменко | C68: Департамент строительства | D68: 2014 | E68: Бюджет города (0214037) | F68: =#REF! -> #REF!
E69: Бюджет города (0218305) | F69: =#REF! -> #REF! | G69: =F69 -> #REF! | H69: =G69 -> #REF!
A70: 1.2.1.4. | B70: Реконструкция детского сада по адресу: пер.Ашхабадский, 29 | C70: Департамент строительства | D70: 2014-2015, 2018-2020 | E70: Бюджет города (0214037) | F70: =#REF! -> #REF! | G70: =F70 -> #REF! | H70: =G70 -> #REF!
G71: =F71 -> 0 | H71: =G71 -> 0
E72: Бюджет города (0218305) | F72: =#REF! -> #REF! | G72: =F72 -> #REF! | H72: =G72 -> #REF!
A73: 1.2.1.5. | B73: Реконструкция детского сада "8 Марта" по ул.Нижне-Нольная,6 | C73: Департамент строительства | D73: 2014 | E73: Бюджет города (0214037) | F73: =#REF! -> #REF! | G73: =F73 -> #REF! | H73: =G73 -> #REF!
E74: Бюджет города (0218305) | F74: =#REF! -> #REF!
A75: 1.2.1.6. | B75: Строительство детского дошкольного учреждения № 2 на 160 мест на территории военного городка № 140 (с.п. 1-5) | C75: Департамент строительства | D75: 2014-2016 | E75: Бюджет города (0214037) | F75: =#REF! -> #REF! | G75: =F75 -> #REF! | H75: =G75 -> #REF!
E76: Бюджет города (0218305) | F76: =#REF! -> #REF!
A77: 1.2.1.7 | B77: Строительство детского дошкольного учреждения №1 на 160 мест на территории военного городка № 140 (с.п. 1-4) | C77: Департамент строительства | D77: 2014-2016 | E77: Бюджет города (0214037) | F77: =#REF! -> #REF! | G77: =F77 -> #REF! | H77: =G77 -> #REF!
E78: Бюджет города (0218305) | F78: =#REF! -> #REF!
E79: Средства областного бюджета (0217305) | F79: =#REF! -> #REF!
A80: 1.2.1.8. | B80: Строительство детского сада по пр.Космонавтов | C80: Департамент строительства | D80: 2014-2016, 2020 | E80: Бюджет города (0214037) | F80: =#REF! -> #REF!
A81: 1.2.1.9. | B81: Строительство детского сада по ул.Добровольского | C81: Департамент строительства | D81: 2014-2016 | E81: Бюджет города (0214037) | F81: =#REF! -> #REF!
A82: 1.2.1.10. | B82: Строительство детского сада в Х мкр.ЗЖМ | C82: Департамент строительства | D82: 2014-2016 | E82: Бюджет города (0214037) | F82: =#REF! -> #REF!
B83: Детский сад на территории бывшего аэродрома ДОСААФ на 145 мест (уч.13) | C83: Департамент строительства | D83: 2015 | E83: Бюджет города* (7951501) | F83: =#REF! -> #REF!
B84: Детский сад на территории бывшего аэродрома ДОСААФ на 145 мест (уч.19) | C84: Департамент строительства | D84: 2015 | E84: Бюджет города* (7951501) | F84: =#REF! -> #REF!
B85: Детский сад по пр. 40-летия Победы на 330 мест | C85: Департамент строительства | D85: 2015 | E85: Бюджет города* (7951501) | F85: =#REF! -> #REF!
B86: Детский сад в пос. Мирный на 250 мест | C86: Департамент строительства | D86: 2015 | E86: Бюджет города* (7951501) | F86: =#REF! -> #REF!
A87: 1.2.1.11. | B87: Строительство детского сада на территории бывшего аэродрома "ДОСААФ" (с.п.19) | C87: Департамент строительства | D87: 2014-2016 | E87: Бюджет города (0214037) | F87: =#REF! -> #REF!
E88: Бюджет города (0218305) | F88: =#REF! -> #REF!
E89: Средства областного бюджета (0217305) | F89: =#REF! -> #REF!
A90: 1.2.1.12. | B90: Строительство детского сада на территории бывшего аэродрома "ДОСААФ" (с.п.13) | C90: Департамент строительства | D90: 2014-2016 | E90: Бюджет города (0214037) | F90: =#REF! -> #REF!
E91: Бюджет города (0218305) | F91: =#REF! -> #REF!
E92: Средства областного бюджета (0217305) | F92: =#REF! -> #REF!
A93: 1.2.1.13. | B93: Реконструкция детского сада № 316 Октябрьского района 60 мест | C93: Департамент строительства | D93: 2014-2015, 2018-2020 | E93: Бюджет города (0214037) | F93: =#REF! -> #REF!
E94: Бюджет города (0218305) | F94: =#REF! -> #REF!
E95: Средства областного бюджета (0217305) | F95: =#REF! -> #REF!
A96: 1.2.1.14. | B96: Строительство детского сада во II мкр. Темерник с. п. II-33А | C96: Департамент строительства | D96: 2014-2016 | E96: Бюджет города (0214037) | F96: =#REF! -> #REF!
E97: Бюджет города (0218305) | F97: =#REF! -> #REF!
E98: Средства областного бюджета (0217305) | F98: =#REF! -> #REF!
A99: 1.2.1.15. | B99: Реконструкция МДОУ № 246 по ул. Плужной Первомайского района | C99: Департамент строительства | D99: 2014-2015 | E99: Бюджет города (0218305) | F99: =#REF! -> #REF!
E100: Средства областного бюджета (0217305) | F100: =#REF! -> #REF!
...

Sheet Город
A1: Городские учреждения
A2: № п/п | B2: Наименование мероприятий Программы | C2: Сроки выполнения | D2: Исполнители | E2: Источник расходов | F2: 2018
G3: Свод 1 | O3: Изменено | P3: 2019 | Q3: Исполнено (кассовый расход) за 2015 год
A4: 1 | B4: 2 | C4: 3 | D4: 4 | E4: 5 | F4: 7
A5: 1. Подпрограмма "Развитие дошкольного образования"
A6: 1.1. Основное мероприятие "Обеспечение доступности, совершенствование содержания и технологий образования"
A7: 1.1.1. | B7: Осуществление полномочий по выплате компенсации родительской платы за присмотр и уход за детьми в образовательной организации, реализующей образовательную программу дошкольного образования | C7: 2014-2020 | D7: Районные отделы образования, образовательные организации | E7: Средства областного бюджета (0217218, 0210172180) | F7: 15797.3 | O7: =SUM(G7:N7) -> 0 | P7: =F7+O7 -> 15797.3
A8: 1.1.2. | B8: Обеспечение государственных гарантий реализации прав на получение общедоступного и бесплатного дошкольного образования в муниципальных дошкольных образовательных организациях, включая расходы на оплату труда, приобретение учебников и учебных пособий, средств обучения, игр, игрушек (за исключением расходов на содержание зданий и оплату коммунальных услуг, осуществляемых из местных бюджетов) | C8: 2014-2020 | D8: Районные отделы образования, образовательные организации | E8: Средства областного бюджета (0210172020) | F8: 450867.2 | O8: =SUM(G8:N8) -> 0 | P8: =F8+O8 -> 450867.2
A9: 1.1.3. | B9: Обеспечение деятельности (оказание услуг) муниципальных учреждений города Ростова-на-Дону | C9: 2014-2020 | D9: Районные отделы образования, образовательные организации | E9: Бюджет города 0210100590 | F9: -127116.6 | G9: =-58.3-118.1 -> -176.4 | H9: =-3685.9-423.6 -> -4109.5 | O9: =SUM(G9:N9) -> -4285.9 | P9: =F9+O9 -> -131402.5
A10: 1.1.4. | B10: Обеспечение непредвиденных расходов муниципальных учреждений за счет средств резервного фонда Правительства Ростовской области | C10: 2014-2015 | D10: Районные отделы образования, образовательные организации | E10: Средства областного бюджета (0219010, 0210171180) | F10: -1935.7 | O10: =SUM(G10:N10) -> 0 | P10: =F10+O10 -> -1935.7
A11: 1.1.5. | B11: Обеспечение расходов на поощрение муниципальных образований по итогам рейтинговой оценки по привлечению инвестиций | C11: 2014 | D11: Районные отделы образования, образовательные организации | E11: Средства областного бюджета (0217102) | F11: 0 | O11: =SUM(G11:N11) -> 0 | P11: =F11+O11 -> 0
A12: 1.1.7. | B12: Капитальный ремонт муниципальных образовательных учреждений (за исключением аварийных) | C12: 2014 | D12: Департамент строительства | E12: Средства областного бюджета (0217308) | J12: повтор брак | O12: =SUM(G12:N12) -> 0 | P12: =F12+O12 -> 0 | S12: скрыто по всем районам повтор брак
C13: 2014 | D13: Управление образования | E13: Средства областного бюджета (0217308) | J13: повтор брак | O13: =SUM(G13:N13) -> 0 | P13: =F13+O13 -> 0 | S13: повтор брак
A14: 1.1.8. | B14: Софинансирование расходов на капитальный ремонт муниципальных образовательных учреждений (за исключением аварийных) | C14: 2014 | D14: Департамент строительства | E14: Бюджет города (0218308) | J14: повтор брак | O14: =SUM(G14:N14) -> 0 | P14: =F14+O14 -> 0 | S14: повтор брак
C15: 2014 | D15: Управление образования | E15: Бюджет города (0218308) | J15: повтор брак | O15: =SUM(G15:N15) -> 0 | P15: =F15+O15 -> 0 | S15: повтор брак
A16: 1.1.6. | B16: Проектирование и капремонт муниципальных образовательных учреждений | C16: 2014-2015 | D16: Департамент строительства | E16: Бюджет города (0212008) | O16: =SUM(G16:N16) -> 0 | P16: =F16+O16 -> 0
A17: 1.1.7. | B17: Модерницация региональных сиситем дошкольного образования | C17: 2014-2015 | D17: Управление образования | E17: Средства федерального бюджета (0215059) | O17: =SUM(G17:N17) -> 0 | P17: =F17+O17 -> 0
A18: 1.1.8. | B18: Софинансирование расходов на модерницацию региональных сиситем дошкольного образования | C18: 2014-2015 | D18: Управление образования | E18: Бюджет города (0218059) | O18: =SUM(G18:N18) -> 0 | P18: =F18+O18 -> 0
A19: 1.1.9. | B19: Расходы на приобретение модульных детских садов | C19: 2015 | D19: Управление образования | E19: Средства областного бюджета (0217378) | O19: =SUM(G19:N19) -> 0 | P19: =F19+O19 -> 0
A20: 1.1.10. | B20: Софинансирование расходов на приобретение модульных детских садов | C20: 2015 | D20: Управление образования | E20: Бюджет города (0218378) | O20: =SUM(G20:N20) -> 0 | P20: =F20+O20 -> 0
A21: 1.1.11. | B21: Обследование объектов, требующих улучшения материально-технической базы муниципальных дошкольных образовательных организаций, уточнение реестра | C21: 2014-2020 | D21: Управление образования, районные отделы образования | E21: Финансирование не требуется
A22: 1.1.12. | B22: Реализация проекта "Ранняя медико-психолого-педагогическая помощь детям от 0 до 3 лет" | C22: 2014-2020 | D22: Районные отделы образования, образовательные организации | E22: Финансирование не требуется
A23: 1.1.13. | B23: Реализация проекта "Психолого-педагогическое сопровождение детей с использованием современных компьютерных технологий " на базе оснащения дошкольных образовательных организаций | C23: 2014-2020 | D23: Районные отделы образования, образовательные организации | E23: Финансирование не требуется
A24: 1.1.14. | B24: Внедрение проекта "Археология для малышей" в рамках реализации образовательной программы "По ступенькам истории" | C24: 2014-2020 | D24: Районные отделы образования, образовательные организации | E24: Финансирование не требуется
A25: 1.1.15. | B25: Реализация проекта "Безопасная дорога" совместно со службами Государственной инспекции безопасности дорожного движения. | C25: 2014-2020 | D25: Управление образования, районные отделы образования, образовательные организации | E25: Финансирование не требуется
A26: 1.1.16. | B26: Мониторинг состояния и развития системы образования детей дошкольного возраста | C26: 2014-2020 | D26: Управление образования, районные отделы образования, образовательные организации | E26: Финансирование не требуется
A27: 1.1.17. | B27: Разработка и реализация образовательных программ в муниципальных дошкольных образовательных организациях в соответствии с федеральными государственными требованиями. | C27: 2014-2020 | D27: Районные отделы образования, образовательные организации | E27: Финансирование не требуется
A28: 1.1.18. | B28: Использование современных компьютерных технологий в процессе психолого-педагогического сопровождения детей | C28: 2014-2020 | D28: Районные отделы образования, образовательные организации | E28: Финансирование не требуется
A29: 1.1.19. | B29: Разработка и выполнение мероприятий по энергосбережению, с предварительным изучением рынка предложений специализированных организаций. | C29: 2014-2020 | D29: Районные отделы образования, образовательные организации | E29: Финансирование не требуется
A30: Итого по основному мероприятию "Обеспечение доступности, совершенствование содержания и технологий дошкольного образования"
A31: а | B31: ГРБС Управление образования города | F31: =F32+F33+F34 -> 337612.2 | O31: =O32+O33+O34 -> -4285.9 | P31: =P32+P33+P34 -> 333326.3 | Q31: =Q32+Q33+Q34 -> 0
A32: б | B32: средства федерального бюджета | F32: =F17 -> 0 | O32: =O17 -> 0 | P32: =F32+O32 -> 0 | Q32: =Q17 -> 0
A33: в | B33: средства областного бюджета | F33: =F7+F8+F10+F11+F19 -> 464728.8 | O33: =O7+O8+O10+O11+O19 -> 0 | P33: =F33+O33 -> 464728.8 | Q33: =Q7+Q8+Q10+Q11+Q19 -> 0 | S33: =O33-P33 -> -464728.8
A34: г | B34: бюджет города | F34: =F9+F18+F20 -> -127116.6 | O34: =O9+O15+O18+O20 -> -4285.9 | P34: =F34+O34 -> -131402.5 | Q34: =Q9+Q18+Q20 -> 0
A35: и | B35: Основное мероприятие 1.1 | F35: =F36+F37+F38 -> 337612.2 | O35: =O36+O37+O38 -> -4285.9 | P35: =P36+P37+P38 -> 333326.3 | Q35: =Q36+Q37+Q38 -> 0
A36: к | B36: средства федерального бюджета | F36: =F32 -> 0 | O36: =O32 -> 0 | P36: =P32 -> 0 | Q36: =Q32 -> 0
A37: л | B37: средства областного бюджета | F37: =F33 -> 464728.8 | O37: =O33 -> 0 | P37: =P33 -> 464728.8 | Q37: =Q33 -> 0
A38: м | B38: бюджет города | F38: =F34 -> -127116.6 | O38: =O34 -> -4285.9 | P38: =P34 -> -131402.5 | Q38: =Q34 -> 0
A39: 1.2. Основное мероприятие "Строительство объектов образования"
A40: 1.2.1. | B40: Строительство новых и реконструкция зданий образовательных организаций в соответствии с реестром, (Приложение 1 к программе) | C40: 2014-2016 | D40: Департамент строительства | E40: Бюджет города | F40: 0 | O40: =SUM(G40:N40) -> 0 | P40: =F40+O40 -> 0
A41: 1.2.2. | B41: Разработка реестра объектов строительства и реконструкции зданий образовательных учреждений | C41: 2014-2016 | D41: Департамент строительства | E41: Финансирование не требуется
A42: 1.2.3. | B42: Приобретение в муниципальную собственность объектов нежилого фонда для решения вопросов местного значения | C42: 2016 | D42: Управление образования | E42: средства областного бюджета (0210271180) | F42: 0 | O42: =SUM(G42:N42) -> 0 | P42: =F42+O42 -> 0
E43: Бюджет города (0214039, 0210240390) | F43: 0 | O43: =SUM(G43:N43) -> 0 | P43: =F43+O43 -> 0
E44: Бюджет города (0210220100) | F44: 0 | O44: =SUM(G44:N44) -> 0 | P44: =F44+O44 -> 0
A45: 1.2.4. | B45: Расходы на решение вопросов по расширению сети дошкольных образовательных организаций в форме приобретения объектов недвижимости | C45: Управление образования | D45: 2016 | E45: средства областного бюджета (0210273610) | F45: 0 | O45: =SUM(G45:N45) -> 0 | P45: =F45+O45 -> 0
A46: 1.2.5. | B46: Софинансирование расходов на решение вопросов по расширению сети дошкольных образовательных организаций в форме приобретения объектов недвижимости | C46: 2016 | D46: Управление образования | E46: Бюджет города (02102S3610) | F46: 0 | O46: =SUM(G46:N46) -> 0 | P46: =F46+O46 -> 0
A47: 1.2.6. | B47: Расходы на приобретение в муниципальную собственность земельного участка для решения вопросов местного значения | C47: 2016 | D47: Управление образования | E47: Бюджет города (0210240440) | F47: 0 | O47: =SUM(G47:N47) -> 0 | P47: =F47+O47 -> 0
A49: Итого по Основному мероприятию "Строительство объектов дошкольного образования"
A50: а | B50: ГРБС Управление образования города | F50: =F51+F52+F53 -> 0 | G50: =G53+G52+G51 -> 0 | O50: =O51+O52+O53 -> 0 | P50: =P51+P52+P53 -> 0 | Q50: =Q51+Q52+Q53 -> 0
A51: б | B51: средства федерального бюджета | F51: 0 | G51: 0 | O51: 0 | P51: =O51+F51 -> 0 | Q51: 0
A52: в | B52: средства областного бюджета | F52: =F42+F45 -> 0 | G52: =G42+G45 -> 0 | O52: =O42+O45 -> 0 | P52: =O52+F52 -> 0 | Q52: 0
A53: г | B53: бюджет города | F53: =F40+F43+F44+F46+F47 -> 0 | G53: =G43+G44+G46+G47 -> 0 | O53: =O40+O43+O44+O46+O47 -> 0 | P53: =O53+F53 -> 0 | Q53: =Q42 -> 0
A54: и | B54: Основное мероприятие 1.2 | F54: =F55+F56+F57 -> 0 | G54: =G57+G56+G55 -> 0 | O54: =O55+O56+O57 -> 0 | P54: =P55+P56+P57 -> 0 | Q54: =Q55+Q56+Q57 -> 0
A55: к | B55: средства федерального бюджета | F55: =F51 -> 0 | G55: =G51 -> 0 | O55: =O51 -> 0 | P55: =F55+O55 -> 0 | Q55: =Q51 -> 0
A56: л | B56: средства областного бюджета | F56: =F52 -> 0 | G56: =G52 -> 0 | O56: =O52 -> 0 | P56: =F56+O56 -> 0 | Q56: =Q52 -> 0
A57: м | B57: бюджет города | F57: =F53 -> 0 | G57: =G53 -> 0 | O57: =O53 -> 0 | P57: =F57+O57 -> 0 | Q57: =Q53 -> 0
A58: Итоги по подпрограмме 1
A59: а | B59: ГРБС Управление образования города | F59: =F60+F61+F62 -> 337612.2 | O59: =O60+O61+O62 -> -4285.9 | P59: =F59+O59 -> 333326.3 | Q59: =Q60+Q61+Q62 -> 0
A60: б | B60: средства федерального бюджета | F60: =F17+F51 -> 0 | O60: =O17+O51 -> 0 | P60: =F60+O60 -> 0 | Q60: =Q17 -> 0 | S60: вопрос
A61: в | B61: средства областного бюджета | F61: =F7+F8+F13+F10+F11+F19+F45 -> 464728.8 | O61: =O7+O8+O13+O10+O11+O19+O45 -> 0 | P61: =F61+O61 -> 464728.8 | Q61: =Q7+Q8+Q13+Q10+Q11+Q19 -> 0
A62: г | B62: бюджет города | F62: =F9+F15+F16+F18+F20+F40+F43+F44+F46+F47 -> -127116.6 | O62: =O34+O53 -> -4285.9 | P62: =F62+O62 -> -131402.5 | Q62: =Q9+Q15+Q18+Q20 -> 0
A63: д | B63: ГРБС Департамент координации строительства и перспективного развития города | F63: =F64+F65+F66 -> 0 | O63: =O64+O65+O66 -> 0 | P63: =F63+O63 -> 0 | Q63: =Q64+Q65+Q66 -> 0
A64: е | B64: средства федерального бюджета | F64: 0 | O64: 0 | P64: =F64+O64 -> 0 | Q64: 0
A65: ж | B65: средства областного бюджета | F65: =F12 -> 0 | O65: 0 | P65: =F65+O65 -> 0 | Q65: 0
A66: з | B66: бюджет города | F66: =F40+F16+F14 -> 0 | O66: =O40 -> 0 | P66: =F66+O66 -> 0 | Q66: =Q40 -> 0
A67: и | B67: Подпрограмма 1 | F67: =F59+F63 -> 337612.2 | O67: =O59+O63 -> -4285.9 | P67: =F67+O67 -> 333326.3 | Q67: =Q59+Q63 -> 0
A68: к | B68: средства федерального бюджета | F68: =F60+F64 -> 0 | O68: =O60+O64 -> 0 | P68: =F68+O68 -> 0 | Q68: =Q60+Q64 -> 0
A69: л | B69: средства областного бюджета | F69: =F61+F65 -> 464728.8 | O69: =O61+O65 -> 0 | P69: =F69+O69 -> 464728.8 | Q69: =Q61+Q65 -> 0
A70: м | B70: бюджет города | F70: =F62+F66 -> -127116.6 | O70: =O62+O66 -> -4285.9 | P70: =F70+O70 -> -131402.5 | Q70: =Q62+Q66 -> 0
A71: 2. Подпрограмма "Развитие общего образования"
A72: 2.1. Основное мероприятие "Обеспечение доступности, совершенствование содержания и технологий общего образования"
A73: 2.1.1. | B73: Обеспечение государственных гарантий реализации прав на получение общедоступного и бесплатного дошкольного, начального общего, основного общего, среднего общего образования в муниципальных общеобразовательных организациях, обеспечение дополнительного образования детей в муниципальных общеобразовательных организациях, включая расходы на оплату труда, приобретение учебников и учебных пособий, средств обучения, игр, игрушек (за исключением расходов на содержание зданий и оплату коммунальных услуг) | C73: 2014-2020 | D73: Управление образования, районные отделы образования | E73: Средства областного бюджета (0227203, 0220172030) | F73: 214562.9 | O73: =SUM(G73:N73) -> 0 | P73: =F73+O73 -> 214562.9
A74: 2.1.2. | B74: Обеспечение деятельности (оказание услуг) муниципальных учреждений города Ростова-на-Дону | C74: 2014-2020 | D74: Управление образования, районные отделы образования | E74: Бюджет города 0220100590 | F74: -896730.6 | G74: =440.5+19.4-8146.2-2.1 -> -7688.4 | H74: =5664+1038.7 -> 6702.7 | O74: =SUM(G74:N74) -> -985.7 | P74: =F74+O74 -> -897716.3
A75: 2.1.3. | B75: Обеспечение непредвиденных расходов муниципальных учреждений за счет средств резервного фонда Правительства Ростовской области | C75: 2014-2015 | D75: Управление образования, районные отделы образования | E75: Средства областного бюджета (0229010, 0220171180) | F75: -17786.1 | O75: =SUM(G75:N75) -> 0 | P75: =F75+O75 -> -17786.1
A76: 2.1.4. | B76: Реализация плана мероприятий по внедрению Федеральных государственных образовательных стандартов общего образования | C76: 2014-2020 | D76: Управление образования, районные отделы образования, Информационно-аналитический центр образования города Ростова-на-Дону, образовательные организации | E76: Финансирование не требуется
A77: 2.1.5. | B77: Введение предпрофильного и профильного обучения, обеспечивающих возможность выбора обучающимися учебного плана с учетом сложившегося рынка труда и перспектив выбора будущей профессии | C77: 2014-2020 | D77: Районные отделы образования, образовательные организации | E77: Финансирование не требуется
A78: 2.1.6. | B78: Развитие новых форм и механизмов оценки и контроля качества деятельности образовательных учреждений по реализации образовательных программ | C78: 2014-2020 | D78: Управление образования, районные отделы образования | E78: Финансирование не требуется
A79: 2.1.7. | B79: Участие в международных исследованиях по программам PISA (Международная оценка качества образовательных достижений), TIMSS (Международное исследование качества математического и естественнонаучного образования) | C79: 2014-2020 | D79: Образовательные организации | E79: Финансирование не требуется
A80: 2.1.8. | B80: Организация и проведение комплекса мероприятий, направленных на поддержание и улучшения системы обеспечения пожарной безопасности муниципальных образовательных учреждений | C80: 2014-2015 | D80: Образовательные организации | E80: Средства областного бюджета (0227310) | F80: 0 | O80: =SUM(G80:N80) -> 0 | P80: =F80+O80 -> 0
A81: 2.1.9. | B81: Софинансирование расходов на организацию и проведение комплекса мероприятий, направленных на поддержание и улучшения системы обеспечения пожарной безопасности муниципальных образовательных организаций | C81: 2014-2015 | D81: Образовательные организации | E81: Бюджет города (0228310) | F81: 0 | O81: =SUM(G81:N81) -> 0 | P81: =F81+O81 -> 0
A82: 2.1.8. | B82: Оплата услуг доступа к информационно-телекоммуникационной сети "Интернет" | C82: 2014 | D82: Районные отделы образования, образовательные организации | E82: Средства областного бюджета (0227345) | F82: 0 | O82: =SUM(G82:N82) -> 0 | P82: =F82+O82 -> 0
A83: 2.1.9. | B83: Софинансирование расходов на оплату услуг доступа к информационно-телекоммуникационной сети "Интернет" | C83: 2014 | D83: Районные отделы образования, образовательные организации | E83: Бюджет города (0228345) | F83: 0 | O83: =SUM(G83:N83) -> 0 | P83: =F83+O83 -> 0
A84: 2.1.9. | B84: Закупка компьютерного оборудования и программного обеспечения для муниципальных общеобразовательных организаций, (Приложение № 4 к программе) | C84: 2015 | D84: Районные отделы образования, образовательные организации | E84: Средства областного бюджета | O84: =SUM(G84:N84) -> 0 | P84: =F84+O84 -> 0
E85: Бюджет города | O85: =SUM(G85:N85) -> 0 | P85: =F85+O85 -> 0
A86: 2.1.10. | B86: Реализация проекта "Всеобуч по плаванию" | C86: 2014-2020 | D86: Районные отделы образования, образовательные организации | E86: Средства областного бюджета (0227311) | F86: =-412.4+532.3 -> 119.9 | O86: =SUM(G86:N86) -> 0 | P86: =F86+O86 -> 119.9
A87: 2.1.11. | B87: Софинансирование расходов на реализацию проекта "Всеобуч по плаванию" | C87: 2014-2020 | D87: Районные отделы образования, образовательные организации | E87: Бюджет города (0228311) | F87: =-103281.2-4823.4 -> -108104.6 | O87: =SUM(G87:N87) -> 0 | P87: =F87+O87 -> -108104.6
A88: 2.1.14. | B88: Мероприятия по устройству ограждений территорий муниципальных общеобразовательных учреждений | C88: 2014 | D88: Районные отделы образования, образовательные организации | E88: Средства областного бюджета (0227327) | F88: 0 | O88: =SUM(G88:N88) -> 0 | P88: =F88+O88 -> 0
A89: 2.1.15. | B89: Софинансирование расходов на мероприятия по устройству ограждений территорий муниципальных общеобразовательных учреждений | C89: 2014 | D89: Районные отделы образования, образовательные организации | E89: Бюджет города (0228327) | F89: 0 | O89: =SUM(G89:N89) -> 0 | P89: =F89+O89 -> 0
A90: 2.1.12. | B90: Проектирование и капремонт муниципальных образовательных учреждений | C90: 2014-2015 | D90: Департамент строительства | E90: Бюджет города (0222008) | F90: 0 | O90: =SUM(G90:N90) -> 0 | P90: =F90+O90 -> 0
A91: 2.1.13. | B91: Расходы на приобретение модульных детских садов | C91: 2015 | D91: Управление образования | E91: Средства областного бюджета (0227378) | F91: 0 | O91: =SUM(G91:N91) -> 0 | P91: =F91+O91 -> 0
A92: 2.1.14. | B92: Софинансирование расходов на приобретение модульных детских садов | C92: 2015 | D92: Управление образования | E92: Бюджет города (0228378) | F92: 0 | O92: =SUM(G92:N92) -> 0 | P92: =F92+O92 -> 0
A93: 2.1.23. | B93: Приобретение и установка модульных школ | C93: 2015 | D93: Управление образования | E93: Бюджет города 0220120260 | F93: 0 | G93: 81000 | O93: =SUM(G93:N93) -> 81000 | P93: =F93+O93 -> 81000
A94: 2.1.15. | B94: Мониторинг оснащения муниципальных образовательных учреждений компьютерным оборудованием. | C94: 2014-2020 | D94: Районные отделы образования, образовательные организации | E94: Финансирование не требуется | O94: =SUM(G94:N94) -> 0 | P94: =F94+O94 -> 0
A95: 2.1.16. | B95: Разработка и выполнение мероприятий по энергосбережению, с предварительным изучением рынка предложений специализированных организаий. | C95: 2014 | D95: Районные отделы образования, образовательные организации | E95: Финансирование не требуется | O95: =SUM(G95:N95) -> 0 | P95: =F95+O95 -> 0
A96: 2.1.17. | B96: Предоставление грантов для поощрения лучших муниципальных общеобразовательных учреждений города Ростова-на-Дону | C96: 2018 | D96: Управление образования, районные отделы образования | E96: Бюджет города 0220120120) | F96: 5000 | O96: =SUM(G96:N96) -> 0 | P96: =F96+O96 -> 5000
A97: 2.1.21. | B97: Проведение мероприятий по энергосбережению, в части замены существующих деревянных окон и наружных дверных блоков в муниципальных образовательных учреждениях | C97: 2018-2020 | D97: Управление образования, районные отделы образования | E97: Средства областного бюджета 02201S3740 | F97: 0 | G97: 0 | O97: =SUM(G97:N97) -> 0 | P97: =F97+O97 -> 0
E98: Бюджет города 02201S3740 | F98: 0 | G98: 0 | O98: =SUM(G98:N98) -> 0 | P98: =F98+O98 -> 0
A99: Итого по основному мероприятию "Обеспечение доступности, совершенствование содержания и технологий общего образования"
A100: а | B100: ГРБС Управление образования города | F100: =F101+F102+F103 -> -802938.5 | O100: =O101+O102+O103 -> 80014.3 | P100: =P101+P102+P103 -> -722924.2 | Q100: =Q101+Q102+Q103 -> 0
A101: б | B101: средства федерального бюджета | F101: 0 | O101: 0 | P101: =F101+O101 -> 0 | Q101: 0
...

Sheet 2019
B2: КФСР | C2: Доп. КР | D2: КЦСР | E2: КВР | F2: Управление образования | G2: Метод. центр | H2: Ворошиловский | I2: Железнодорожный | J2: Кировский | K2: Ленинский | L2: Октябрьский | M2: Первомайский | N2: Пролетарский | O2: Советский | P2: Итого
A3: 907 | B3: 0701 | F3: =F4+F12 -> 5419 | G3: =G4+G12 -> 0 | H3: =H4+H12 -> 697201 | I3: =I4+I12 -> 321029.8 | J3: =J4+J12 -> 248762.9 | K3: =K4+K12 -> 182986.2 | L3: =L4+L12 -> 531290 | M3: =M4+M12 -> 735401.4 | ... P3: =P4+P12 -> 3996393.9 | S3: =P4+P12 -> 3996393.9 | T3: =S3 -> 3996393.9
A4: 907 | B4: 0701 | C4: 01 | F4: =SUM(F5:F11) -> 0 | G4: =SUM(G5:G11) -> 0 | H4: =SUM(H5:H11) -> 394626.8 | I4: =SUM(I5:I11) -> 186554.2 | J4: =SUM(J5:J11) -> 136773 | K4: =SUM(K5:K11) -> 103041.3 | L4: =SUM(L5:L11) -> 293887.3 | M4: =SUM(M5:M11) -> 404349.9 | ... P4: =SUM(P5:P11) -> 2265241.9 | Q4: =P4 -> 2265241.9
A5: 907 | B5: 0701 | C5: 01 | D5: 0210172020 | E5: 111 | H5: 5647.7 | N5: 6796 | P5: =SUM(F5:O5) -> 12443.7 | Q5: =P5+P6+P7+P8+P9+P10 -> 2250999.5
A6: 907 | B6: 0701 | C6: 01 | D6: 0210172020 | E6: 112 | N6: 2.7 | P6: =SUM(F6:O6) -> 2.7
A7: 907 | B7: 0701 | C7: 01 | D7: 0210172020 | E7: 119 | H7: 1705.7 | N7: 2052.2 | P7: =SUM(F7:O7) -> 3757.9
A8: 907 | B8: 0701 | C8: 01 | D8: 0210172020 | E8: 244 | N8: 100 | P8: =SUM(F8:O8) -> 100
A9: 907 | B9: 0701 | C9: 01 | D9: 0210172020 | E9: 611 | H9: 244901.5 | I9: 186554.2 | J9: 136773 | K9: 60890.1 | L9: 253508.4 | M9: 338904.4 | N9: 176538.9 | O9: 470587.8 | P9: =SUM(F9:O9) -> 1868658.3
A10: 907 | B10: 0701 | C10: 01 | D10: 0210172020 | E10: 621 | H10: 142371.9 | K10: 42151.2 | L10: 40378.9 | M10: 65445.5 | N10: 63180.9 | O10: 12508.5 | P10: =SUM(F10:O10) -> 366036.9
A11: 907 | B11: 0701 | C11: 01 | D11: 02102L1590 | E11: 612 | O11: 14242.4 | P11: =SUM(F11:O11) -> 14242.4 | Q11: =P11 -> 14242.4
A12: 907 | B12: 0701 | C12: 02 | F12: =SUM(F13:F25) -> 5419 | G12: =SUM(G13:G25) -> 0 | H12: =SUM(H13:H25) -> 302574.2 | I12: =SUM(I13:I25) -> 134475.6 | J12: =SUM(J13:J25) -> 111989.9 | K12: =SUM(K13:K25) -> 79944.9 | L12: =SUM(L13:L25) -> 237402.7 | M12: =SUM(M13:M25) -> 331051.5 | ... P12: =SUM(P13:P25) -> 1731152 | Q12: =P12 -> 1731152
A13: 907 | B13: 0701 | C13: 02 | D13: 0210100590 | E13: 111 | H13: 1398.8 | N13: 1212.2 | P13: =SUM(F13:O13) -> 2611
A14: 907 | B14: 0701 | C14: 02 | D14: 0210100590 | E14: 119 | H14: 422.5 | N14: 366.1 | P14: =SUM(F14:O14) -> 788.6
A15: 907 | B15: 0701 | C15: 02 | D15: 0210100590 | E15: 243 | P15: =SUM(F15:O15) -> 0
A16: 907 | B16: 0701 | C16: 02 | D16: 0210100590 | E16: 244 | H16: 4075.1 | N16: 5851.3 | P16: =SUM(F16:O16) -> 9926.4
A17: 907 | B17: 0701 | C17: 02 | D17: 0210100590 | E17: 611 | H17: 188064.8 | I17: 134025.9 | J17: 98476.5 | K17: 44646.5 | L17: =183518.8+11172.4 -> 194691.2 | M17: 262223.3 | N17: 139078.5 | O17: 309756.5 | P17: =SUM(F17:O17) -> 1370963.2
A18: 907 | B18: 0701 | C18: 02 | D18: 0210100590 | E18: 612 | H18: 6001.4 | I18: 449.7 | J18: 13513.4 | L18: =15477-L24 -> 10674.2 | M18: =15819.2-M24 -> 11363 | N18: =4439.2 -> 4439.2 | O18: =5681-O24 -> 3940.7 | P18: =SUM(F18:O18) -> 50381.6
A19: 907 | B19: 0701 | C19: 02 | D19: 0210100590 | E19: 621 | H19: 100721.3 | K19: 34560.1 | L19: 26869.5 | M19: 53009 | N19: 52190.2 | O19: 8876.8 | P19: =SUM(F19:O19) -> 276226.9
A20: 907 | B20: 0701 | C20: 02 | D20: 0210100590 | E20: 622 | H20: 734.3 | K20: 738.3 | L20: 365 | P20: =SUM(F20:O20) -> 1837.6
A21: 907 | B21: 0701 | C21: 02 | D21: 0210100590 | E21: 851 | H21: 1156 | N21: 842.4 | P21: =SUM(F21:O21) -> 1998.4
A22: 907 | B22: 0701 | C22: 02 | D22: 0210100590 | E22: 852 | P22: =SUM(F22:O22) -> 0
A23: 907 | B23: 0701 | C23: 02 | D23: 2100121670 | E23: 243 | P23: =SUM(F23:O23) -> 0
A24: 907 | B24: 0701 | C24: 02 | D24: 2100121670 | E24: 612 | F24: 5419 | L24: =1823.5+2979.3 -> 4802.8 | M24: =2022.7+2433.5 -> 4456.2 | O24: =1740.3 -> 1740.3 | P24: =SUM(F24:O24) -> 16418.3
A25: 907 | B25: 0701 | C25: 02 | D25: 2100121670 | E25: 622 | P25: =SUM(F25:O25) -> 0
A26: 907 | B26: 0702 | F26: =F27+F37 -> 19965.5 | G26: =G27+G37 -> 0 | H26: =H27+H37 -> 905958.7 | I26: =I27+I37 -> 365458.2 | J26: =J27+J37 -> 224086.3 | K26: =K27+K37 -> 295056.1 | L26: =L27+L37 -> 789264.7 | M26: =M27+M37 -> 697855.6 | ... P26: =P27+P37 -> 4742417.2 | S26: =P27+P37 -> 4742417.2 | T26: =S26-P50-P51 -> 4732311.8
A27: 907 | B27: 0702 | C27: 01 | F27: =SUM(F28:F36) -> 8368.7 | G27: =SUM(G28:G36) -> 0 | H27: =SUM(H28:H36) -> 655383.2 | I27: =SUM(I28:I36) -> 261942.5 | J27: =SUM(J28:J36) -> 152909.8 | K27: =SUM(K28:K36) -> 209232.1 | L27: =SUM(L28:L36) -> 404360 | M27: =SUM(M28:M36) -> 501020 | ... P27: =SUM(P28:P36) -> 3040806.4 | Q27: =P27 -> 3040806.4
A28: 907 | B28: 0702 | C28: 01 | D28: 0220172030 | E28: 111 | P28: =SUM(F28:O28) -> 0
A29: 907 | B29: 0702 | C29: 01 | D29: 0220172030 | E29: 119 | P29: =SUM(F29:O29) -> 0
A30: 907 | B30: 0702 | C30: 01 | D30: 0220172030 | E30: 244 | P30: =SUM(F30:O30) -> 0
A31: 907 | B31: 0702 | C31: 01 | D31: 0220172030 | E31: 611 | H31: 498703.2 | I31: 88001.3 | J31: 109260.7 | K31: 160678.5 | L31: =5908.3+313849.1 -> 319757.4 | M31: 501020 | N31: 302608.6 | O31: 451807.1 | P31: =SUM(F31:O31) -> 2431836.8
A32: 907 | B32: 0702 | C32: 01 | D32: 0220172030 | E32: 621 | H32: 156680 | I32: =7087.1+166854.1 -> 173941.2 | J32: 43649.1 | K32: 48553.6 | L32: 84602.6 | N32: 40162.7 | O32: 53011.7 | P32: =SUM(F32:O32) -> 600600.9
A33: 907 | B33: 0702 | C33: 01 | D33: 02201S3110 | E33: 244 | F33: 8368.7 | P33: =SUM(F33:O33) -> 8368.7
A34: 907 | B34: 0702 | C34: 01 | D34: 02201S3270 | E34: 612 | P34: =SUM(F34:O34) -> 0
A35: 907 | B35: 0702 | C35: 01 | D35: 02201S3270 | E35: 622 | P35: =SUM(F35:O35) -> 0
A36: 907 | B36: 0702 | C36: 01 | D36: 02201S3740 | E36: 612 | P36: =SUM(F36:O36) -> 0
A37: 907 | B37: 0702 | C37: 02 | F37: =SUM(F38:F51) -> 11596.8 | G37: =SUM(G38:G51) -> 0 | H37: =SUM(H38:H51) -> 250575.5 | I37: =SUM(I38:I51) -> 103515.7 | J37: =SUM(J38:J51) -> 71176.5 | K37: =SUM(K38:K51) -> 85824 | L37: =SUM(L38:L51) -> 384904.7 | M37: =SUM(M38:M51) -> 196835.6 | ... P37: =SUM(P38:P51) -> 1701610.8 | Q37: =P38+P39+P40+P41+P42+P43+P44+P45+P46+P47+P48 -> 1691505.4
A38: 907 | B38: 0702 | C38: 02 | D38: 0220100590 | E38: 611 | H38: 137064.7 | I38: 22062.3 | J38: 31934.9 | K38: 50866 | L38: 106524.6 | M38: 139703.2 | N38: 84765.6 | O38: 130264.2 | P38: =SUM(F38:O38) -> 703185.5
A39: 907 | B39: 0702 | C39: 02 | D39: 0220100590 | E39: 612 | F39: 1639.5 | H39: 40228.9 | I39: 10438.7 | J39: 20477 | K39: 17182 | L39: 108986.5 | M39: =57132.4-M50 -> 50833.9 | N39: 86873.2 | O39: =227721.3-O50 -> 225694.3 | P39: =SUM(F39:O39) -> 562354
A40: 907 | B40: 0702 | C40: 02 | D40: 0220100590 | E40: 621 | H40: 51740.2 | I40: 61939.8 | J40: 16008.6 | K40: 13759.1 | L40: 67717.4 | N40: 14229.9 | O40: 50005 | P40: =SUM(F40:O40) -> 275400
A41: 907 | B41: 0702 | C41: 02 | D41: 0220100590 | E41: 622 | H41: 19761.8 | I41: 9074.9 | J41: 2756 | K41: 4016.9 | L41: 101676.2 | N41: 670.2 | O41: 2652.6 | P41: =SUM(F41:O41) -> 140608.6
A42: 907 | B42: 0702 | C42: 02 | D42: 0220100590 | E42: 851 | P42: =SUM(F42:O42) -> 0
A43: 907 | B43: 0702 | C43: 02 | D43: 0220120120 | E43: 612 | F43: 5000 | P43: =SUM(F43:O43) -> 5000
A44: 907 | B44: 0702 | C44: 02 | D44: 0220120260 | E44: 612 | P44: =SUM(F44:O44) -> 0
A45: 907 | B45: 0702 | C45: 02 | D45: 02201S3110 | E45: 244 | F45: 4957.3 | P45: =SUM(F45:O45) -> 4957.3
A46: 907 | B46: 0702 | C46: 02 | D46: 02201S3270 | E46: 612 | P46: =SUM(F46:O46) -> 0
A47: 907 | B47: 0702 | C47: 02 | D47: 02201S3270 | E47: 622 | P47: =SUM(F47:O47) -> 0
A48: 907 | B48: 0702 | C48: 02 | D48: 02201S3740 | E48: 612 | P48: =SUM(F48:O48) -> 0
A49: 907 | B49: 0702 | C49: 02 | D49: 02201S3740 | E49: 622 | P49: 0
A50: 907 | B50: 0702 | C50: 02 | D50: 2100121670 | E50: 612 | H50: 1779.9 | M50: =2443.9+2084.9+1769.7 -> 6298.5 | O50: =2027 -> 2027 | P50: =SUM(F50:O50) -> 10105.4
A51: 907 | B51: 0702 | C51: 02 | D51: 2100121670 | E51: 622 | P51: =SUM(F51:O51) -> 0
A52: 907 | B52: 0703 | F52: =F53+F55 -> 24482 | G52: =G53+G55 -> 0 | H52: =H53+H55 -> 104779.5 | I52: =I53+I55 -> 90398.4 | J52: =J53+J55 -> 100962.4 | K52: =K53+K55 -> 113489.6 | L52: =L53+L55 -> 35419.9 | M52: =M53+M55 -> 205107.4 | ... P52: =P53+P55 -> 875977.5 | S52: =P53+P55 -> 875977.5 | T52: =S52 -> 875977.5
A53: 907 | B53: 0703 | C53: 01 | F53: =F54 -> 16507.5 | G53: =G54 -> 0 | H53: =H54 -> 0 | I53: =I54 -> 0 | J53: =J54 -> 0 | K53: =K54 -> 0 | L53: =L54 -> 0 | M53: =M54 -> 0 | ... P53: =P54 -> 16507.5 | Q53: =P54 -> 16507.5
A54: 907 | B54: 0703 | C54: 01 | D54: 02301S4250 | E54: 611 | F54: 16507.5 | P54: =SUM(F54:O54) -> 16507.5
A55: 907 | B55: 0703 | C55: 02 | F55: =SUM(F56:F59) -> 7974.5 | G55: =SUM(G56:G59) -> 0 | H55: =SUM(H56:H59) -> 104779.5 | I55: =SUM(I56:I59) -> 90398.4 | J55: =SUM(J56:J59) -> 100962.4 | K55: =SUM(K56:K59) -> 113489.6 | L55: =SUM(L56:L59) -> 35419.9 | M55: =SUM(M56:M59) -> 205107.4 | ... P55: =SUM(P56:P59) -> 859470 | Q55: =P56+P57+P58 -> 859470
A56: 907 | B56: 0703 | C56: 02 | D56: 0230100590 | E56: 611 | H56: =102392.9+2386.6 -> 104779.5 | I56: =88011.8+2386.6 -> 90398.4 | J56: =98575.8+2386.6 -> 100962.4 | K56: =111103-K57+2386.6 -> 110989.6 | L56: =32752.1+2386.6 -> 35138.7 | M56: =202720.8-M57+2386.6 -> 190859.9 | N56: =156741.8+2386.6 -> 159128.4 | O56: =39273.3+2386.6 -> 41659.9 | P56: =SUM(F56:O56) -> 833916.8
A57: 907 | B57: 0703 | C57: 02 | D57: 0230100590 | E57: 612 | K57: 2500 | L57: 281.2 | M57: 14247.5 | O57: 550 | P57: =SUM(F57:O57) -> 17578.7
A58: 907 | B58: 0703 | C58: 02 | D58: 02301S4250 | E58: 611 | F58: 7974.5 | P58: =SUM(F58:O58) -> 7974.5
A59: 907 | B59: 0703 | C59: 02 | D59: 2100121670 | E59: 612 | P59: =SUM(F59:O59) -> 0
A60: 907 | B60: 0707 | F60: =F61+F63 -> 62380.7 | G60: =G61+G63 -> 0 | H60: =H61+H63 -> 0 | I60: =I61+I63 -> 0 | J60: =J61+J63 -> 0 | K60: =K61+K63 -> 0 | L60: =L61+L63 -> 0 | M60: =M61+M63 -> 0 | ... P60: =P61+P63 -> 62380.7 | S60: =P61+P63 -> 62380.7 | T60: =S60 -> 62380.7
A61: 907 | B61: 0707 | C61: 01 | F61: =F62 -> 17854.3 | G61: =G62 -> 0 | H61: =H62 -> 0 | I61: =I62 -> 0 | J61: =J62 -> 0 | K61: =K62 -> 0 | L61: =L62 -> 0 | M61: =M62 -> 0 | ... P61: =P62 -> 17854.3 | Q61: =P62 -> 17854.3
A62: 907 | B62: 0707 | C62: 01 | D62: 02401S3130 | E62: 244 | F62: 17854.3 | P62: =SUM(F62:O62) -> 17854.3
A63: 907 | B63: 0707 | C63: 02 | F63: =SUM(F64:F66) -> 44526.4 | G63: =SUM(G64:G66) -> 0 | H63: =SUM(H64:H66) -> 0 | I63: =SUM(I64:I66) -> 0 | J63: =SUM(J64:J66) -> 0 | K63: =SUM(K64:K66) -> 0 | L63: =SUM(L64:L66) -> 0 | M63: =SUM(M64:M66) -> 0 | ... P63: =SUM(P64:P66) -> 44526.4 | Q63: =P64+P65+P66 -> 44526.4
A64: 907 | B64: 0707 | C64: 02 | D64: 0240120090 | E64: 244 | F64: 29600.2 | P64: =SUM(F64:O64) -> 29600.2
A65: 907 | B65: 0707 | C65: 02 | D65: 0240120090 | E65: 612 | F65: 4278.8 | P65: =SUM(F65:O65) -> 4278.8
A66: 907 | B66: 0707 | C66: 02 | D66: 02401S3130 | E66: 244 | F66: 10647.4 | P66: =SUM(F66:O66) -> 10647.4
A67: 907 | B67: 0709 | F67: =F68+F73 -> 35329.3 | G67: =G68+G73 -> 20872.7 | H67: =H68+H73 -> 21513.3 | I67: =I68+I73 -> 15415.3 | J67: =J68+J73 -> 14335.9 | K67: =K68+K73 -> 14664.1 | L67: =L68+L73 -> 32379.4 | M67: =M68+M73 -> 21604.5 | ... P67: =P68+P73 -> 228072.4 | S67: =P68+P73 -> 228072.4 | T67: =S67-P89-P90 -> 227829.9
A68: 907 | B68: 0709 | C68: 01 | F68: =SUM(F69:F72) -> 850.8 | G68: =SUM(G69:G72) -> 0 | H68: =SUM(H69:H72) -> 4308 | I68: =SUM(I69:I72) -> 2382.4 | J68: =SUM(J69:J72) -> 2283.6 | K68: =SUM(K69:K72) -> 2250.6 | L68: =SUM(L69:L72) -> 3686.6 | M68: =SUM(M69:M72) -> 4665.9 | ... P68: =SUM(P69:P72) -> 28130.4 | Q68: =P69+P70+P71+P72 -> 28130.4
A69: 907 | B69: 0709 | C69: 01 | D69: 0260272040 | E69: 121 | F69: 593.3 | H69: 2669.8 | I69: 1483.2 | J69: 1483.2 | K69: 1483.2 | L69: 2373.2 | M69: 2966.5 | N69: 1779.9 | O69: 2966.5 | P69: =SUM(F69:O69) -> 17798.8
A70: 907 | B70: 0709 | C70: 01 | D70: 0260272040 | E70: 122 | F70: 75.1 | H70: 338 | I70: 187.8 | J70: 187.8 | K70: 187.8 | L70: 300.4 | M70: 375.5 | N70: 225.3 | O70: 375.5 | P70: =SUM(F70:O70) -> 2253.2
A71: 907 | B71: 0709 | C71: 01 | D71: 0260272040 | E71: 129 | F71: 182.4 | H71: 806.3 | I71: 448 | J71: 447.9 | K71: 447.9 | L71: 716.7 | M71: 895.9 | N71: 537.5 | O71: 895.9 | P71: =SUM(F71:O71) -> 5378.5
A72: 907 | B72: 0709 | C72: 01 | D72: 0260272040 | E72: 244 | H72: 493.9 | I72: 263.4 | J72: 164.7 | K72: 131.7 | L72: 296.3 | M72: 428 | N72: 263.4 | O72: 658.5 | P72: =SUM(F72:O72) -> 2699.9
A73: 907 | B73: 0709 | C73: 02 | F73: =SUM(F74:F90) -> 34478.5 | G73: =SUM(G74:G90) -> 20872.7 | H73: =SUM(H74:H90) -> 17205.3 | I73: =SUM(I74:I90) -> 13032.9 | J73: =SUM(J74:J90) -> 12052.3 | K73: =SUM(K74:K90) -> 12413.5 | L73: =SUM(L74:L90) -> 28692.8 | M73: =SUM(M74:M90) -> 16938.6 | ... P73: =SUM(P74:P90) -> 199942 | Q73: =P74+P75+P76+P77+P78+P79+P80 -> 47084.5
A74: 907 | B74: 0709 | C74: 02 | D74: 0250100590 | E74: 611 | L74: 14636.7 | O74: 11575.1 | P74: =SUM(F74:O74) -> 26211.8
A75: 907 | B75: 0709 | C75: 02 | D75: 0260100590 | E75: 111 | G75: 11342.4 | P75: =SUM(F75:O75) -> 11342.4
A76: 907 | B76: 0709 | C76: 02 | D76: 0260100590 | E76: 112 | G76: 60 | P76: =SUM(F76:O76) -> 60
A77: 907 | B77: 0709 | C77: 02 | D77: 0260100590 | E77: 119 | G77: 3425.4 | P77: =SUM(F77:O77) -> 3425.4
A78: 907 | B78: 0709 | C78: 02 | D78: 0260100590 | E78: 244 | G78: 5598.2 | P78: =SUM(F78:O78) -> 5598.2
A79: 907 | B79: 0709 | C79: 02 | D79: 0260100590 | E79: 350 | G79: 445 | P79: =SUM(F79:O79) -> 445
A80: 907 | B80: 0709 | C80: 02 | D80: 0260100590 | E80: 851 | G80: 1.7 | P80: =SUM(F80:O80) -> 1.7
A81: 907 | B81: 0709 | C81: 02 | D81: 0260200110 | E81: 121 | F81: 21282.3 | H81: 10109.4 | I81: 7724 | J81: 7304.4 | K81: 7842.8 | L81: 8715.7 | M81: 10685.3 | N81: 10028.2 | O81: 10371 | P81: =SUM(F81:O81) -> 94063.1 | Q81: =P81+P82+P83 -> 130464.5
A82: 907 | B82: 0709 | C82: 02 | D82: 0260200110 | E82: 122 | F82: 2437.7 | H82: 744 | I82: 620.3 | J82: 593.2 | K82: 622.2 | L82: 669.2 | M82: 775 | N82: 739.7 | O82: 762.5 | P82: =SUM(F82:O82) -> 7963.8
A83: 907 | B83: 0709 | C83: 02 | D83: 0260200110 | E83: 129 | F83: 6432.6 | H83: 3056.6 | I83: 2336.2 | J83: 2209.5 | K83: 2372.2 | L83: 2635.7 | M83: 3230.6 | N83: 3032.1 | O83: 3132.1 | P83: =SUM(F83:O83) -> 28437.6
A84: 907 | B84: 0709 | C84: 02 | D84: 0260200190 | E84: 122 | F84: 30 | P84: =SUM(F84:O84) -> 30 | Q84: =P84+P85 -> 20977
A85: 907 | B85: 0709 | C85: 02 | D85: 0260200190 | E85: 244 | F85: 3896.6 | H85: 2707.8 | I85: 2265.2 | J85: 1924.8 | K85: 1554.9 | L85: 2010.9 | M85: 2225.2 | N85: 2761 | O85: 1600.6 | P85: =SUM(F85:O85) -> 20947
A86: 907 | B86: 0709 | C86: 02 | D86: 0260299999 | E86: 851 | F86: 184.2 | H86: 570 | I86: 8.7 | J86: 4.8 | K86: 6.2 | L86: 8 | M86: 3.8 | N86: 218.6 | P86: =SUM(F86:O86) -> 1004.3 | Q86: =P86+P87+P88 -> 1173.5
A87: 907 | B87: 0709 | C87: 02 | D87: 0260299999 | E87: 852 | F87: 78.8 | H87: 1.5 | I87: 27.2 | J87: 1.6 | K87: 1.2 | L87: 2.6 | M87: 2.7 | N87: 3 | O87: 3.5 | P87: =SUM(F87:O87) -> 122.1
A88: 907 | B88: 0709 | C88: 02 | D88: 0260299999 | E88: 853 | F88: 7.8 | H88: 2 | I88: 27.3 | J88: 2 | K88: 2 | L88: 2 | M88: 2 | O88: 2 | P88: =SUM(F88:O88) -> 47.1
A89: 907 | B89: 0709 | C89: 02 | D89: 1810321320 | E89: 244 | F89: 78.5 | H89: 14 | I89: 24 | J89: 12 | K89: 12 | L89: 12 | M89: 14 | N89: 12 | O89: 14 | P89: =SUM(F89:O89) -> 192.5
A90: 907 | B90: 0709 | C90: 02 | D90: 1840121370 | E90: 244 | F90: 50 | P90: =SUM(F90:O90) -> 50
A91: 907 | B91: 1004 | F91: =F92+F99 -> 1747.6 | G91: =G92+G99 -> 0 | H91: =H92+H99 -> 50318.5 | I91: =I92+I99 -> 34695.7 | J91: =J92+J99 -> 19668.6 | K91: =K92+K99 -> 19757.6 | L91: =L92+L99 -> 39376.3 | M91: =M92+M99 -> 55544.4 | ... P91: =P92+P99 -> 311776.7 | S91: =P92+P99 -> 311776.7 | T91: =S91 -> 311776.7
A92: 907 | B92: 1004 | C92: 01 | F92: =SUM(F93:F98) -> 1708.2 | G92: =SUM(G93:G98) -> 0 | H92: =SUM(H93:H98) -> 50318.5 | I92: =SUM(I93:I98) -> 34695.7 | J92: =SUM(J93:J98) -> 19668.6 | K92: =SUM(K93:K98) -> 19757.6 | L92: =SUM(L93:L98) -> 39376.3 | M92: =SUM(M93:M98) -> 55544.4 | ... P92: =SUM(P93:P98) -> 311737.3
A93: 907 | B93: 1004 | C93: 01 | D93: 0210172180 | E93: 321 | H93: 23594.1 | I93: 7278.6 | J93: 5400.4 | K93: 5670.5 | L93: 14889.3 | M93: 19159.6 | N93: 13685 | O93: 24371.5 | P93: =SUM(F93:O93) -> 114049 | Q93: =P93+P94 -> 116330
A94: 907 | B94: 1004 | C94: 01 | D94: 0210172180 | E94: 323 | H94: 471.9 | I94: 145.6 | J94: 108 | K94: 113.4 | L94: 297.8 | M94: 383.2 | N94: 273.7 | O94: 487.4 | P94: =SUM(F94:O94) -> 2281
A95: 907 | B95: 1004 | C95: 01 | D95: 0250252600 | E95: 321 | H95: 860.7 | I95: 893.4 | J95: 353.8 | K95: 304.8 | L95: 909.7 | M95: 1040.5 | N95: 697.2 | O95: 1042.3 | P95: =SUM(F95:O95) -> 6102.4 | Q95: =P95 -> 6102.4
A96: 907 | B96: 1004 | C96: 01 | D96: 0250272220 | E96: 321 | H96: 270 | I96: 210 | J96: 210 | K96: 210 | L96: 240 | M96: 240 | N96: 210 | O96: 240 | P96: =SUM(F96:O96) -> 1830 | Q96: =P96 -> 1830
A97: 907 | B97: 1004 | C97: 01 | D97: 0250272420 | E97: 321 | H97: 22592.8 | I97: 23819.8 | J97: 11880.3 | K97: 12736.3 | L97: 20781.5 | M97: 31830.9 | N97: 17003.8 | O97: 29495.9 | P97: =SUM(F97:O97) -> 170141.3 | Q97: =P97+P98 -> 187474.9
A98: 907 | B98: 1004 | C98: 01 | D98: 0250272420 | E98: 323 | F98: 1708.2 | H98: 2529 | I98: 2348.3 | J98: 1716.1 | K98: 722.6 | L98: 2258 | M98: 2890.2 | N98: 1354.8 | O98: 1806.4 | P98: =SUM(F98:O98) -> 17333.6
A99: 907 | B99: 1004 | C99: 02 | F99: =SUM(F100) -> 39.4 | G99: =SUM(G100) -> 0 | H99: =SUM(H100) -> 0 | I99: =SUM(I100) -> 0 | J99: =SUM(J100) -> 0 | K99: =SUM(K100) -> 0 | L99: =SUM(L100) -> 0 | M99: =SUM(M100) -> 0 | ... O99: =SUM(O100) -> 0 | P99: =SUM(F99:O99) -> 39.4
A100: 907 | B100: 1004 | C100: 02 | D100: 0250211010 | E100: 323 | F100: 39.4 | P100: =SUM(F100:O100) -> 39.4 | Q100: =P100 -> 39.4
Q101: =SUM(Q5:Q100) -> 10206671 | S101: =SUM(S3:S100) -> 10217018 | T101: =SUM(T3:T100) -> 10206670

Sheet 2020
B2: КФСР | C2: Доп. КР | D2: КЦСР | E2: КВР | F2: Управление образования | G2: Метод. центр | H2: Ворошиловский | I2: Железнодорожный | J2: Кировский | K2: Ленинский | L2: Октябрьский | M2: Первомайский | N2: Пролетарский | O2: Советский | P2: Итого
A3: 907 | B3: 0701 | F3: =F4+F12 -> 5419 | G3: =G4+G12 -> 0 | H3: =H4+H12 -> 727544.9 | I3: =I4+I12 -> 334725.2 | J3: =J4+J12 -> 249825 | K3: =K4+K12 -> 190657.6 | L3: =L4+L12 -> 539739.4 | M3: =M4+M12 -> 752110.9 | ... P3: =P4+P12 -> 4170621.5
A4: 907 | B4: 0701 | C4: 01 | F4: =SUM(F5:F11) -> 0 | G4: =SUM(G5:G11) -> 0 | H4: =SUM(H5:H11) -> 423594 | I4: =SUM(I5:I11) -> 200066.3 | J4: =SUM(J5:J11) -> 146670.3 | K4: =SUM(K5:K11) -> 110493.7 | L4: =SUM(L5:L11) -> 315210.4 | M4: =SUM(M5:M11) -> 433535.2 | ... P4: =SUM(P5:P11) -> 2414990.8
A5: 907 | B5: 0701 | C5: 01 | D5: 0210172020 | E5: 111 | H5: 6060.6 | N5: 7157.3 | P5: =SUM(F5:O5) -> 13217.9
A6: 907 | B6: 0701 | C6: 01 | D6: 0210172020 | E6: 112 | N6: 3 | P6: =SUM(F6:O6) -> 3
A7: 907 | B7: 0701 | C7: 01 | D7: 0210172020 | E7: 119 | H7: 1830.3 | N7: 2448 | P7: =SUM(F7:O7) -> 4278.3
A8: 907 | B8: 0701 | C8: 01 | D8: 0210172020 | E8: 244 | P8: =SUM(F8:O8) -> 0
A9: 907 | B9: 0701 | C9: 01 | D9: 0210172020 | E9: 611 | H9: 262610 | I9: 200066.3 | J9: 146670.3 | K9: 65302.7 | L9: 271900.7 | M9: 363379.2 | N9: 189290.2 | O9: 505380.6 | P9: =SUM(F9:O9) -> 2004600
A10: 907 | B10: 0701 | C10: 01 | D10: 0210172020 | E10: 621 | H10: 153093.1 | K10: 45191 | L10: 43309.7 | M10: 70156 | N10: 67731 | O10: 13410.8 | P10: =SUM(F10:O10) -> 392891.6
A11: 907 | B11: 0701 | C11: 01 | D11: 02102L1590 | E11: 612 | P11: =SUM(F11:O11) -> 0
A12: 907 | B12: 0701 | C12: 02 | F12: =SUM(F13:F25) -> 5419 | G12: =SUM(G13:G25) -> 0 | H12: =SUM(H13:H25) -> 303950.9 | I12: =SUM(I13:I25) -> 134658.9 | J12: =SUM(J13:J25) -> 103154.7 | K12: =SUM(K13:K25) -> 80163.9 | L12: =SUM(L13:L25) -> 224529 | M12: =SUM(M13:M25) -> 318575.7 | ... P12: =SUM(P13:P25) -> 1755630.7
A13: 907 | B13: 0701 | C13: 02 | D13: 0210100590 | E13: 111 | H13: 1398.8 | N13: 1212.2 | P13: =SUM(F13:O13) -> 2611
A14: 907 | B14: 0701 | C14: 02 | D14: 0210100590 | E14: 119 | H14: 422.5 | N14: 366.1 | P14: =SUM(F14:O14) -> 788.6
A15: 907 | B15: 0701 | C15: 02 | D15: 0210100590 | E15: 243 | P15: =SUM(F15:O15) -> 0
A16: 907 | B16: 0701 | C16: 02 | D16: 0210100590 | E16: 244 | H16: 4137.9 | N16: 5908.1 | P16: =SUM(F16:O16) -> 10046
A17: 907 | B17: 0701 | C17: 02 | D17: 0210100590 | E17: 611 | H17: 188626.9 | I17: 134089.2 | J17: 100532.5 | K17: 44730.9 | L17: =183821.3+11172.4 -> 194993.7 | M17: 262706.8 | N17: 141776.9 | O17: =310320.2+36283.1 -> 346603.3 | P17: =SUM(F17:O17) -> 1414060.2
A18: 907 | B18: 0701 | C18: 02 | D18: 0210100590 | E18: 612 | H18: =4583.4-H24 -> 2523.4 | I18: =569.7-I24 -> 449.7 | J18: 2622.2 | K18: 0 | L18: =2291.1-L24 -> 2231.1 | M18: =2759.4-M24 -> 1179.4 | N18: 5442.9 | O18: =22560-O24 -> 18500 | P18: =SUM(F18:O18) -> 32948.7
A19: 907 | B19: 0701 | C19: 02 | D19: 0210100590 | E19: 621 | H19: 100832.8 | K19: 34694.7 | L19: 26879.2 | M19: 53109.5 | N19: 51518.5 | O19: 8951.8 | P19: =SUM(F19:O19) -> 275986.5
A20: 907 | B20: 0701 | C20: 02 | D20: 0210100590 | E20: 622 | H20: 734.3 | K20: 738.3 | L20: 365 | P20: =SUM(F20:O20) -> 1837.6
A21: 907 | B21: 0701 | C21: 02 | D21: 0210100590 | E21: 851 | H21: 1154.3 | N21: 838.8 | P21: =SUM(F21:O21) -> 1993.1
A22: 907 | B22: 0701 | C22: 02 | D22: 0210100590 | E22: 852 | P22: =SUM(F22:O22) -> 0
A23: 907 | B23: 0701 | C23: 02 | D23: 2100121670 | E23: 243 | H23: 2060 | P23: =SUM(F23:O23) -> 2060
A24: 907 | B24: 0701 | C24: 02 | D24: 2100121670 | E24: 612 | F24: 5419 | H24: =2060 -> 2060 | I24: =60+60 -> 120 | L24: 60 | M24: =1580 -> 1580 | O24: =2060+2000 -> 4060 | P24: =SUM(F24:O24) -> 13299
A25: 907 | B25: 0701 | C25: 02 | D25: 2100121670 | E25: 622 | P25: =SUM(F25:O25) -> 0
A26: 907 | B26: 0702 | F26: =F27+F37 -> 40271 | G26: =G27+G37 -> 0 | H26: =H27+H37 -> 979485.5 | I26: =I27+I37 -> 380422.5 | J26: =J27+J37 -> 219598.1 | K26: =K27+K37 -> 297065.5 | L26: =L27+L37 -> 616556.4 | M26: =M27+M37 -> 767215.6 | ... P26: =P27+P37 -> 4523945.9
A27: 907 | B27: 0702 | C27: 01 | F27: =SUM(F28:F36) -> 8368.7 | G27: =SUM(G28:G36) -> 0 | H27: =SUM(H28:H36) -> 694986.3 | I27: =SUM(I28:I36) -> 273664.4 | J27: =SUM(J28:J36) -> 164160 | K27: =SUM(K28:K36) -> 218939.3 | L27: =SUM(L28:L36) -> 428170.5 | M27: =SUM(M28:M36) -> 529860 | ... P27: =SUM(P28:P36) -> 3209068.7
A28: 907 | B28: 0702 | C28: 01 | D28: 0220172030 | E28: 111 | P28: =SUM(F28:O28) -> 0
A29: 907 | B29: 0702 | C29: 01 | D29: 0220172030 | E29: 119 | P29: =SUM(F29:O29) -> 0
A30: 907 | B30: 0702 | C30: 01 | D30: 0220172030 | E30: 244 | P30: =SUM(F30:O30) -> 0
A31: 907 | B31: 0702 | C31: 01 | D31: 0220172030 | E31: 611 | H31: 521752.2 | I31: 92047.8 | J31: 114312.1 | K31: 168052 | L31: =6105.9+328155.3 -> 334261.2 | M31: 523945.4 | N31: 316292 | O31: 472513.2 | P31: =SUM(F31:O31) -> 2543175.9
A32: 907 | B32: 0702 | C32: 01 | D32: 0220172030 | E32: 621 | H32: 165033 | I32: =7320.8+174295.8 -> 181616.6 | J32: 45630.3 | K32: 50887.3 | L32: 88439.1 | N32: 42198.9 | O32: 55344.3 | P32: =SUM(F32:O32) -> 629149.5
A33: 907 | B33: 0702 | C33: 01 | D33: 02201S3110 | E33: 244 | F33: 8368.7 | P33: =SUM(F33:O33) -> 8368.7
A34: 907 | B34: 0702 | C34: 01 | D34: 02201S3270 | E34: 612 | H34: 907 | N34: 688 | O34: 1080 | P34: =SUM(F34:O34) -> 2675
A35: 907 | B35: 0702 | C35: 01 | D35: 02201S3270 | E35: 622 | L35: 1434.5 | P35: =SUM(F35:O35) -> 1434.5
A36: 907 | B36: 0702 | C36: 01 | D36: 02201S3740 | E36: 612 | H36: 7294.1 | J36: 4217.6 | L36: 4035.7 | M36: 5914.6 | N36: 843.4 | O36: 1959.7 | P36: =SUM(F36:O36) -> 24265.1
A37: 907 | B37: 0702 | C37: 02 | F37: =SUM(F38:F51) -> 31902.3 | G37: =SUM(G38:G51) -> 0 | H37: =SUM(H38:H51) -> 284499.2 | I37: =SUM(I38:I51) -> 106758.1 | J37: =SUM(J38:J51) -> 55438.1 | K37: =SUM(K38:K51) -> 78126.2 | L37: =SUM(L38:L51) -> 188385.9 | M37: =SUM(M38:M51) -> 237355.6 | ... P37: =SUM(P38:P51) -> 1314877.2
A38: 907 | B38: 0702 | C38: 02 | D38: 0220100590 | E38: 611 | H38: 132775 | I38: 21919 | J38: 31995.4 | K38: 50318.4 | L38: 101651.3 | M38: 135650.8 | N38: 82616.3 | O38: 127607.4 | P38: =SUM(F38:O38) -> 684533.6
A39: 907 | B39: 0702 | C39: 02 | D39: 0220100590 | E39: 612 | F39: 1639.5 | H39: 90741.7 | I39: =12498.7-I50 -> 10438.7 | J39: 6593.2 | K39: 9910.1 | L39: 20037.5 | M39: 99464.8 | N39: 17844.1 | O39: 30134.3 | P39: =SUM(F39:O39) -> 286803.9
A40: 907 | B40: 0702 | C40: 02 | D40: 0220100590 | E40: 621 | H40: 50956.2 | I40: 57091.4 | J40: 14093.5 | K40: 13880.8 | L40: 62548.6 | N40: 39364.7 | O40: 30830.6 | P40: =SUM(F40:O40) -> 268765.8
A41: 907 | B41: 0702 | C41: 02 | D41: 0220100590 | E41: 622 | H41: 7336.6 | I41: 15249 | J41: 2756 | K41: 4016.9 | L41: 1968.5 | N41: 670.2 | O41: 2652.6 | P41: =SUM(F41:O41) -> 34649.8
A42: 907 | B42: 0702 | C42: 02 | D42: 0220100590 | E42: 851 | P42: =SUM(F42:O42) -> 0
A43: 907 | B43: 0702 | C43: 02 | D43: 0220120120 | E43: 612 | F43: 5000 | P43: =SUM(F43:O43) -> 5000
A44: 907 | B44: 0702 | C44: 02 | D44: 0220120260 | E44: 612 | P44: =SUM(F44:O44) -> 0
A45: 907 | B45: 0702 | C45: 02 | D45: 02201S3110 | E45: 244 | F45: 4957.3 | P45: =SUM(F45:O45) -> 4957.3
A46: 907 | B46: 0702 | C46: 02 | D46: 02201S3270 | E46: 612 | H46: 569.7 | O46: 691.6 | P46: =SUM(F46:O46) -> 1261.3
A47: 907 | B47: 0702 | C47: 02 | D47: 02201S3270 | E47: 622 | P47: =SUM(F47:O47) -> 0
A48: 907 | B48: 0702 | C48: 02 | D48: 02201S3740 | E48: 612 | F48: 20305.5 | P48: =SUM(F48:O48) -> 20305.5
A49: 907 | B49: 0702 | C49: 02 | D49: 02201S3740 | E49: 622
A50: 907 | B50: 0702 | C50: 02 | D50: 2100121670 | E50: 612 | H50: =2060+60 -> 2120 | I50: =2060 -> 2060 | L50: =2060+60 -> 2120 | M50: =2060+60+60+60 -> 2240 | P50: =SUM(F50:O50) -> 8540
A51: 907 | B51: 0702 | C51: 02 | D51: 2100121670 | E51: 622 | L51: 60 | P51: =SUM(F51:O51) -> 60
A52: 907 | B52: 0703 | F52: =F53+F55 -> 27869.2 | G52: =G53+G55 -> 0 | H52: =H53+H55 -> 114693.7 | I52: =I53+I55 -> 98654.8 | J52: =J53+J55 -> 121759.3 | K52: =K53+K55 -> 119834.9 | L52: =L53+L55 -> 38541 | M52: =M53+M55 -> 208859.6 | ... P52: =P53+P55 -> 945155.1
A53: 907 | B53: 0703 | C53: 01 | F53: =F54 -> 18830.7 | G53: =G54 -> 0 | H53: =H54 -> 0 | I53: =I54 -> 0 | J53: =J54 -> 0 | K53: =K54 -> 0 | L53: =L54 -> 0 | M53: =M54 -> 0 | ... P53: =P54 -> 18830.7
A54: 907 | B54: 0703 | C54: 01 | D54: 02301S4250 | E54: 611 | F54: 18830.7 | P54: =SUM(F54:O54) -> 18830.7
A55: 907 | B55: 0703 | C55: 02 | F55: =SUM(F56:F59) -> 9038.5 | G55: =SUM(G56:G59) -> 0 | H55: =SUM(H56:H59) -> 114693.7 | I55: =SUM(I56:I59) -> 98654.8 | J55: =SUM(J56:J59) -> 121759.3 | K55: =SUM(K56:K59) -> 119834.9 | L55: =SUM(L56:L59) -> 38541 | M55: =SUM(M56:M59) -> 208859.6 | ... P55: =SUM(P56:P59) -> 926324.4
A56: 907 | B56: 0703 | C56: 02 | D56: 0230100590 | E56: 611 | H56: 114693.7 | I56: 98654.8 | J56: 112088.5 | K56: 117334.9 | L56: 38259.8 | M56: 208859.6 | N56: 169827.5 | O56: 44565.1 | P56: =SUM(F56:O56) -> 904283.9
A57: 907 | B57: 0703 | C57: 02 | D57: 0230100590 | E57: 612 | J57: 9670.8 | K57: 2500 | L57: 281.2 | O57: 550 | P57: =SUM(F57:O57) -> 13002
A58: 907 | B58: 0703 | C58: 02 | D58: 02301S4250 | E58: 611 | F58: 9038.5 | P58: =SUM(F58:O58) -> 9038.5
A59: 907 | B59: 0703 | C59: 02 | D59: 2100121670 | E59: 612 | P59: =SUM(F59:O59) -> 0
A60: 907 | B60: 0707 | F60: =F61+F63 -> 62429.8 | G60: =G61+G63 -> 0 | H60: =H61+H63 -> 0 | I60: =I61+I63 -> 0 | J60: =J61+J63 -> 0 | K60: =K61+K63 -> 0 | L60: =L61+L63 -> 0 | M60: =M61+M63 -> 0 | ... P60: =P61+P63 -> 62429.8
A61: 907 | B61: 0707 | C61: 01 | F61: =F62 -> 18568.5 | G61: =G62 -> 0 | H61: =H62 -> 0 | I61: =I62 -> 0 | J61: =J62 -> 0 | K61: =K62 -> 0 | L61: =L62 -> 0 | M61: =M62 -> 0 | ... P61: =P62 -> 18568.5
A62: 907 | B62: 0707 | C62: 01 | D62: 02401S3130 | E62: 244 | F62: 18568.5 | P62: =SUM(F62:O62) -> 18568.5
A63: 907 | B63: 0707 | C63: 02 | F63: =SUM(F64:F66) -> 43861.3 | G63: =SUM(G64:G66) -> 0 | H63: =SUM(H64:H66) -> 0 | I63: =SUM(I64:I66) -> 0 | J63: =SUM(J64:J66) -> 0 | K63: =SUM(K64:K66) -> 0 | L63: =SUM(L64:L66) -> 0 | M63: =SUM(M64:M66) -> 0 | ... P63: =SUM(P64:P66) -> 43861.3
A64: 907 | B64: 0707 | C64: 02 | D64: 0240120090 | E64: 244 | F64: 28541.2 | P64: =SUM(F64:O64) -> 28541.2
A65: 907 | B65: 0707 | C65: 02 | D65: 0240120090 | E65: 612 | F65: 4278.8 | P65: =SUM(F65:O65) -> 4278.8
A66: 907 | B66: 0707 | C66: 02 | D66: 02401S3130 | E66: 244 | F66: 11041.3 | P66: =SUM(F66:O66) -> 11041.3
A67: 907 | B67: 0709 | F67: =F68+F73 -> 35240.7 | G67: =G68+G73 -> 20872.7 | H67: =H68+H73 -> 21607 | I67: =I68+I73 -> 15472 | J67: =J68+J73 -> 14391.5 | K67: =K68+K73 -> 14723.4 | L67: =L68+L73 -> 32470.9 | M67: =M68+M73 -> 21722.7 | ... P67: =P68+P73 -> 228645.5
A68: 907 | B68: 0709 | C68: 01 | F68: =SUM(F69:F72) -> 874.5 | G68: =SUM(G69:G72) -> 0 | H68: =SUM(H69:H72) -> 4414.7 | I68: =SUM(I69:I72) -> 2441.8 | J68: =SUM(J69:J72) -> 2343 | K68: =SUM(K69:K72) -> 2310 | L68: =SUM(L69:L72) -> 3781.5 | M68: =SUM(M69:M72) -> 4784.5 | ... P68: =SUM(P69:P72) -> 28842.3
A69: 907 | B69: 0709 | C69: 01 | D69: 0260272040 | E69: 121 | F69: 593.3 | H69: 2669.8 | I69: 1483.2 | J69: 1483.2 | K69: 1483.2 | L69: 2373.2 | M69: 2966.5 | N69: 1779.9 | O69: 2966.5 | P69: =SUM(F69:O69) -> 17798.8
A70: 907 | B70: 0709 | C70: 01 | D70: 0260272040 | E70: 122 | F70: 75.1 | H70: 338 | I70: 187.8 | J70: 187.8 | K70: 187.8 | L70: 300.4 | M70: 375.5 | N70: 225.3 | O70: 375.5 | P70: =SUM(F70:O70) -> 2253.2
A71: 907 | B71: 0709 | C71: 01 | D71: 0260272040 | E71: 129 | F71: 206.1 | H71: 913 | I71: 507.4 | J71: 507.3 | K71: 507.3 | L71: 811.6 | M71: 1014.5 | N71: 608.7 | O71: 1014.5 | P71: =SUM(F71:O71) -> 6090.4
A72: 907 | B72: 0709 | C72: 01 | D72: 0260272040 | E72: 244 | H72: 493.9 | I72: 263.4 | J72: 164.7 | K72: 131.7 | L72: 296.3 | M72: 428 | N72: 263.4 | O72: 658.5 | P72: =SUM(F72:O72) -> 2699.9
A73: 907 | B73: 0709 | C73: 02 | F73: =SUM(F74:F90) -> 34366.2 | G73: =SUM(G74:G90) -> 20872.7 | H73: =SUM(H74:H90) -> 17192.3 | I73: =SUM(I74:I90) -> 13030.2 | J73: =SUM(J74:J90) -> 12048.5 | K73: =SUM(K74:K90) -> 12413.4 | L73: =SUM(L74:L90) -> 28689.4 | M73: =SUM(M74:M90) -> 16938.2 | ... P73: =SUM(P74:P90) -> 199803.2
A74: 907 | B74: 0709 | C74: 02 | D74: 0250100590 | E74: 611 | L74: 14634.8 | O74: 11572 | P74: =SUM(F74:O74) -> 26206.8
A75: 907 | B75: 0709 | C75: 02 | D75: 0260100590 | E75: 111 | G75: 11342.4 | P75: =SUM(F75:O75) -> 11342.4
A76: 907 | B76: 0709 | C76: 02 | D76: 0260100590 | E76: 112 | G76: 60 | P76: =SUM(F76:O76) -> 60
A77: 907 | B77: 0709 | C77: 02 | D77: 0260100590 | E77: 119 | G77: 3425.4 | P77: =SUM(F77:O77) -> 3425.4
A78: 907 | B78: 0709 | C78: 02 | D78: 0260100590 | E78: 244 | G78: 5598.2 | P78: =SUM(F78:O78) -> 5598.2
A79: 907 | B79: 0709 | C79: 02 | D79: 0260100590 | E79: 350 | G79: 445 | P79: =SUM(F79:O79) -> 445
A80: 907 | B80: 0709 | C80: 02 | D80: 0260100590 | E80: 851 | G80: 1.7 | P80: =SUM(F80:O80) -> 1.7
A81: 907 | B81: 0709 | C81: 02 | D81: 0260200110 | E81: 121 | F81: 21282.3 | H81: 10109.4 | I81: 7724 | J81: 7304.4 | K81: 7842.8 | L81: 8715.7 | M81: 10685.3 | N81: 10028.2 | O81: 10371 | P81: =SUM(F81:O81) -> 94063.1
A82: 907 | B82: 0709 | C82: 02 | D82: 0260200110 | E82: 122 | F82: 2437.7 | H82: 744 | I82: 620.3 | J82: 593.2 | K82: 622.2 | L82: 669.2 | M82: 775 | N82: 739.7 | O82: 762.5 | P82: =SUM(F82:O82) -> 7963.8
A83: 907 | B83: 0709 | C83: 02 | D83: 0260200110 | E83: 129 | F83: 6432.6 | H83: 3056.6 | I83: 2336.2 | J83: 2209.5 | K83: 2372.2 | L83: 2635.7 | M83: 3230.6 | N83: 3032.1 | O83: 3132.1 | P83: =SUM(F83:O83) -> 28437.6
A84: 907 | B84: 0709 | C84: 02 | D84: 0260200190 | E84: 122 | F84: 30 | P84: =SUM(F84:O84) -> 30
A85: 907 | B85: 0709 | C85: 02 | D85: 0260200190 | E85: 244 | F85: 3785.6 | H85: 2707.8 | I85: 2265.2 | J85: 1924.8 | K85: 1554.9 | L85: 2010.9 | M85: 2225.2 | N85: 2761 | O85: 1600.6 | P85: =SUM(F85:O85) -> 20836
A86: 907 | B86: 0709 | C86: 02 | D86: 0260299999 | E86: 851 | F86: 182.9 | H86: 557 | I86: 6 | J86: 1 | K86: 6.1 | L86: 6.5 | M86: 3.4 | N86: 218.6 | P86: =SUM(F86:O86) -> 981.5
A87: 907 | B87: 0709 | C87: 02 | D87: 0260299999 | E87: 852 | F87: 78.8 | H87: 1.5 | I87: 27.2 | J87: 1.6 | K87: 1.2 | L87: 2.6 | M87: 2.7 | N87: 3 | O87: 3.5 | P87: =SUM(F87:O87) -> 122.1
A88: 907 | B88: 0709 | C88: 02 | D88: 0260299999 | E88: 853 | F88: 7.8 | H88: 2 | I88: 27.3 | J88: 2 | K88: 2 | L88: 2 | M88: 2 | O88: 2 | P88: =SUM(F88:O88) -> 47.1
A89: 907 | B89: 0709 | C89: 02 | D89: 1810321320 | E89: 244 | F89: 78.5 | H89: 14 | I89: 24 | J89: 12 | K89: 12 | L89: 12 | M89: 14 | N89: 12 | O89: 14 | P89: =SUM(F89:O89) -> 192.5
A90: 907 | B90: 0709 | C90: 02 | D90: 1840121370 | E90: 244 | F90: 50 | P90: =SUM(F90:O90) -> 50
A91: 907 | B91: 1004 | F91: =F92+F99 -> 1747.6 | G91: =G92+G99 -> 0 | H91: =H92+H99 -> 51275.1 | I91: =I92+I99 -> 35688.4 | J91: =J92+J99 -> 20138.5 | K91: =K92+K99 -> 20190.3 | L91: =L92+L99 -> 40241.1 | M91: =M92+M99 -> 56847.3 | ... P91: =P92+P99 -> 318271.4
A92: 907 | B92: 1004 | C92: 01 | F92: =SUM(F93:F98) -> 1708.2 | G92: =SUM(G93:G98) -> 0 | H92: =SUM(H93:H98) -> 51275.1 | I92: =SUM(I93:I98) -> 35688.4 | J92: =SUM(J93:J98) -> 20138.5 | K92: =SUM(K93:K98) -> 20190.3 | L92: =SUM(L93:L98) -> 40241.1 | M92: =SUM(M93:M98) -> 56847.3 | ... P92: =SUM(P93:P98) -> 318232
A93: 907 | B93: 1004 | C93: 01 | D93: 0210172180 | E93: 321 | H93: 23594.1 | I93: 7278.6 | J93: 5400.4 | K93: 5670.5 | L93: 14889.3 | M93: 19159.6 | N93: 13685 | O93: 24371.5 | P93: =SUM(F93:O93) -> 114049
A94: 907 | B94: 1004 | C94: 01 | D94: 0210172180 | E94: 323 | H94: 471.9 | I94: 145.6 | J94: 108 | K94: 113.4 | L94: 297.8 | M94: 383.2 | N94: 273.7 | O94: 487.4 | P94: =SUM(F94:O94) -> 2281
A95: 907 | B95: 1004 | C95: 01 | D95: 0250252600 | E95: 321 | H95: 795.3 | I95: 828 | J95: 288.4 | K95: 239.4 | L95: 844.3 | M95: 926.1 | N95: 631.8 | O95: 914.9 | P95: =SUM(F95:O95) -> 5468.2
A96: 907 | B96: 1004 | C96: 01 | D96: 0250272220 | E96: 321 | H96: 270 | I96: 210 | J96: 210 | K96: 210 | L96: 240 | M96: 240 | N96: 240 | O96: 270 | P96: =SUM(F96:O96) -> 1890
A97: 907 | B97: 1004 | C97: 01 | D97: 0250272420 | E97: 321 | H97: 23336 | I97: 24612.1 | J97: 12195.3 | K97: 13085.6 | L97: 21452.4 | M97: 32943.4 | N97: 17396.1 | O97: 30290.4 | P97: =SUM(F97:O97) -> 175311.3
A98: 907 | B98: 1004 | C98: 01 | D98: 0250272420 | E98: 323 | F98: 1708.2 | H98: 2807.8 | I98: 2614.1 | J98: 1936.4 | K98: 871.4 | L98: 2517.3 | M98: 3195 | N98: 1549.1 | O98: 2033.2 | P98: =SUM(F98:O98) -> 19232.5
A99: 907 | B99: 1004 | C99: 02 | F99: =SUM(F100) -> 39.4 | G99: =SUM(G100) -> 0 | H99: =SUM(H100) -> 0 | I99: =SUM(I100) -> 0 | J99: =SUM(J100) -> 0 | K99: =SUM(K100) -> 0 | L99: =SUM(L100) -> 0 | M99: =SUM(M100) -> 0 | ... O99: =SUM(O100) -> 0 | P99: =SUM(F99:O99) -> 39.4
A100: 907 | B100: 1004 | C100: 02 | D100: 0250211010 | E100: 323 | F100: 39.4 | P100: =SUM(F100:O100) -> 39.4

Sheet 2021
B3: КФСР | C3: Доп. КР | D3: КЦСР | E3: КВР | F3: Управление образования | G3: Метод. центр | H3: Ворошиловский | I3: Железнодорожный | J3: Кировский | K3: Ленинский | L3: Октябрьский | M3: Первомайский | N3: Пролетарский | O3: Советский | P3: Итого
A4: 907 | B4: 0701 | F4: =F5+F13 -> 5419 | G4: =G5+G13 -> 0 | H4: =H5+H13 -> 728505.3 | I4: =I5+I13 -> 343462.3 | J4: =J5+J13 -> 249919.8 | K4: =K5+K13 -> 193201.6 | L4: =L5+L13 -> 573120.8 | M4: =M5+M13 -> 766754.5 | ... P4: =P5+P13 -> 4231095.2
A5: 907 | B5: 0701 | C5: 01 | F5: =SUM(F6:F12) -> 0 | G5: =SUM(G6:G12) -> 0 | H5: =SUM(H6:H12) -> 423594 | I5: =SUM(I6:I12) -> 200066.3 | J5: =SUM(J6:J12) -> 146670.3 | K5: =SUM(K6:K12) -> 110493.7 | L5: =SUM(L6:L12) -> 315210.4 | M5: =SUM(M6:M12) -> 433535.2 | ... P5: =SUM(P6:P12) -> 2414990.8
A6: 907 | B6: 0701 | C6: 01 | D6: 0210172020 | E6: 111 | H6: 6060.6 | N6: 7157.3 | P6: =SUM(F6:O6) -> 13217.9
A7: 907 | B7: 0701 | C7: 01 | D7: 0210172020 | E7: 112 | N7: 3 | P7: =SUM(F7:O7) -> 3
A8: 907 | B8: 0701 | C8: 01 | D8: 0210172020 | E8: 119 | H8: 1830.3 | N8: 2448 | P8: =SUM(F8:O8) -> 4278.3
A9: 907 | B9: 0701 | C9: 01 | D9: 0210172020 | E9: 244 | P9: =SUM(F9:O9) -> 0
A10: 907 | B10: 0701 | C10: 01 | D10: 0210172020 | E10: 611 | H10: 262610 | I10: 200066.3 | J10: 146670.3 | K10: 65302.7 | L10: 271900.7 | M10: 363379.2 | N10: 189290.2 | O10: 505380.6 | P10: =SUM(F10:O10) -> 2004600
A11: 907 | B11: 0701 | C11: 01 | D11: 0210172020 | E11: 621 | H11: 153093.1 | K11: 45191 | L11: 43309.7 | M11: 70156 | N11: 67731 | O11: 13410.8 | P11: =SUM(F11:O11) -> 392891.6
A12: 907 | B12: 0701 | C12: 01 | D12: 02102L1590 | E12: 612 | P12: =SUM(F12:O12) -> 0
A13: 907 | B13: 0701 | C13: 02 | F13: =SUM(F14:F26) -> 5419 | G13: =SUM(G14:G26) -> 0 | H13: =SUM(H14:H26) -> 304911.3 | I13: =SUM(I14:I26) -> 143396 | J13: =SUM(J14:J26) -> 103249.5 | K13: =SUM(K14:K26) -> 82707.9 | L13: =SUM(L14:L26) -> 257910.4 | M13: =SUM(M14:M26) -> 333219.3 | ... P13: =SUM(P14:P26) -> 1816104.4
A14: 907 | B14: 0701 | C14: 02 | D14: 0210100590 | E14: 111 | H14: 1398.8 | N14: 1212.2 | P14: =SUM(F14:O14) -> 2611
A15: 907 | B15: 0701 | C15: 02 | D15: 0210100590 | E15: 119 | H15: 422.5 | N15: 366.1 | P15: =SUM(F15:O15) -> 788.6
A16: 907 | B16: 0701 | C16: 02 | D16: 0210100590 | E16: 243 | P16: =SUM(F16:O16) -> 0
A17: 907 | B17: 0701 | C17: 02 | D17: 0210100590 | E17: 244 | H17: 4086.2 | N17: 9008.6 | P17: =SUM(F17:O17) -> 13094.8
A18: 907 | B18: 0701 | C18: 02 | D18: 0210100590 | E18: 611 | H18: 188743.6 | I18: 133946.3 | J18: 100627.3 | K18: 44747.2 | L18: =183983.2+11172.4 -> 195155.6 | M18: =262745.9+13062.2 -> 275808.1 | N18: 142315.5 | O18: =310466.8+46099.6 -> 356566.4 | P18: =SUM(F18:O18) -> 1437910
A19: 907 | B19: 0701 | C19: 02 | D19: 0210100590 | E19: 612 | H19: 3040.1 | I19: =9449.7-I25 -> 5449.7 | J19: 2622.2 | K19: 2485.2 | L19: =25489.1-L25 -> 23489.1 | M19: 4239.4 | N19: 1939.2 | O19: 12588.9 | P19: =SUM(F19:O19) -> 55853.8
A20: 907 | B20: 0701 | C20: 02 | D20: 0210100590 | E20: 621 | H20: 100958.3 | K20: 34737.2 | L20: 26900.7 | M20: 53171.8 | N20: 51495.4 | O20: 8959.9 | P20: =SUM(F20:O20) -> 276223.3
A21: 907 | B21: 0701 | C21: 02 | D21: 0210100590 | E21: 622 | H21: 5108.6 | K21: 738.3 | L21: 10365 | P21: =SUM(F21:O21) -> 16211.9
A22: 907 | B22: 0701 | C22: 02 | D22: 0210100590 | E22: 851 | H22: 1153.2 | N22: 838.8 | P22: =SUM(F22:O22) -> 1992
A23: 907 | B23: 0701 | C23: 02 | D23: 0210100590 | E23: 852 | P23: =SUM(F23:O23) -> 0
A24: 907 | B24: 0701 | C24: 02 | D24: 2100121670 | E24: 243 | P24: =SUM(F24:O24) -> 0
A25: 907 | B25: 0701 | C25: 02 | D25: 2100121670 | E25: 612 | F25: 5419 | I25: =2000+2000 -> 4000 | L25: =2000 -> 2000 | P25: =SUM(F25:O25) -> 11419
A26: 907 | B26: 0701 | C26: 02 | D26: 2100121670 | E26: 622 | P26: =SUM(F26:O26) -> 0
A27: 907 | B27: 0702 | F27: =F28+F38 -> 28368.9 | G27: =G28+G38 -> 0 | H27: =H28+H38 -> 986041.1 | I27: =I28+I38 -> 377946.4 | J27: =J28+J38 -> 218031.9 | K27: =K28+K38 -> 298369.6 | L27: =L28+L38 -> 645991.4 | M27: =M28+M38 -> 719011.5 | ... P27: =P28+P38 -> 4571730.6
A28: 907 | B28: 0702 | C28: 01 | F28: =SUM(F29:F37) -> 8368.7 | G28: =SUM(G29:G37) -> 0 | H28: =SUM(H29:H37) -> 686785.2 | I28: =SUM(I29:I37) -> 273664.4 | J28: =SUM(J29:J37) -> 159942.4 | K28: =SUM(K29:K37) -> 218939.3 | L28: =SUM(L29:L37) -> 422700.3 | M28: =SUM(M29:M37) -> 523945.4 | ... P28: =SUM(P29:P37) -> 3180694.1
A29: 907 | B29: 0702 | C29: 01 | D29: 0220172030 | E29: 111 | P29: =SUM(F29:O29) -> 0
A30: 907 | B30: 0702 | C30: 01 | D30: 0220172030 | E30: 119 | P30: =SUM(F30:O30) -> 0
A31: 907 | B31: 0702 | C31: 01 | D31: 0220172030 | E31: 244 | P31: =SUM(F31:O31) -> 0
A32: 907 | B32: 0702 | C32: 01 | D32: 0220172030 | E32: 611 | H32: 521752.2 | I32: 92047.8 | J32: 114312.1 | K32: 168052 | L32: =6105.9+328155.3 -> 334261.2 | M32: 523945.4 | N32: 316292 | O32: 472513.2 | P32: =SUM(F32:O32) -> 2543175.9
A33: 907 | B33: 0702 | C33: 01 | D33: 0220172030 | E33: 621 | H33: 165033 | I33: =7320.8+174295.8 -> 181616.6 | J33: 45630.3 | K33: 50887.3 | L33: 88439.1 | N33: 42198.9 | O33: 55344.3 | P33: =SUM(F33:O33) -> 629149.5
A34: 907 | B34: 0702 | C34: 01 | D34: 02201S3110 | E34: 244 | F34: 8368.7 | P34: =SUM(F34:O34) -> 8368.7
A35: 907 | B35: 0702 | C35: 01 | D35: 02201S3270 | E35: 612 | P35: =SUM(F35:O35) -> 0
A36: 907 | B36: 0702 | C36: 01 | D36: 02201S3270 | E36: 622 | P36: =SUM(F36:O36) -> 0
A37: 907 | B37: 0702 | C37: 01 | D37: 02201S3740 | E37: 612 | P37: =SUM(F37:O37) -> 0
A38: 907 | B38: 0702 | C38: 02 | F38: =SUM(F39:F52) -> 20000.2 | G38: =SUM(G39:G52) -> 0 | H38: =SUM(H39:H52) -> 299255.9 | I38: =SUM(I39:I52) -> 104282 | J38: =SUM(J39:J52) -> 58089.5 | K38: =SUM(K39:K52) -> 79430.3 | L38: =SUM(L39:L52) -> 223291.1 | M38: =SUM(M39:M52) -> 195066.1 | ... P38: =SUM(P39:P52) -> 1391036.5
A39: 907 | B39: 0702 | C39: 02 | D39: 0220100590 | E39: 611 | H39: 139165.4 | I39: 22286 | J39: 32356.1 | K39: 51580.8 | L39: 108748.6 | M39: 141771.4 | N39: 85992.4 | O39: 132184.8 | P39: =SUM(F39:O39) -> 714085.5
A40: 907 | B40: 0702 | C40: 02 | D40: 0220100590 | E40: 612 | F40: 1639.5 | H40: =100455.8-H51 -> 98455.8 | I40: 10438.7 | J40: 6952.5 | K40: 9910.1 | L40: =17415-L51 -> 15415 | M40: =53294.7-M51 -> 47294.7 | N40: 18751.3 | O40: 31935 | P40: =SUM(F40:O40) -> 240792.6
A41: 907 | B41: 0702 | C41: 02 | D41: 0220100590 | E41: 621 | H41: 52298.1 | I41: 62482.4 | J41: 16024.9 | K41: 13922.5 | L41: 72309.3 | N41: 52053.7 | O41: 87381.4 | P41: =SUM(F41:O41) -> 356472.3
A42: 907 | B42: 0702 | C42: 02 | D42: 0220100590 | E42: 622 | H42: 7336.6 | I42: 9074.9 | J42: 2756 | K42: 4016.9 | L42: =24818.2-L52 -> 22818.2 | N42: 670.2 | O42: 2652.6 | P42: =SUM(F42:O42) -> 49325.4
A43: 907 | B43: 0702 | C43: 02 | D43: 0220100590 | E43: 851 | P43: =SUM(F43:O43) -> 0
A44: 907 | B44: 0702 | C44: 02 | D44: 0220120120 | E44: 612 | F44: 5000 | P44: =SUM(F44:O44) -> 5000
A45: 907 | B45: 0702 | C45: 02 | D45: 0220120260 | E45: 612 | P45: =SUM(F45:O45) -> 0
A46: 907 | B46: 0702 | C46: 02 | D46: 02201S3110 | E46: 244 | F46: 4646.4 | P46: =SUM(F46:O46) -> 4646.4
A47: 907 | B47: 0702 | C47: 02 | D47: 02201S3270 | E47: 612 | P47: =SUM(F47:O47) -> 0
A48: 907 | B48: 0702 | C48: 02 | D48: 02201S3270 | E48: 622 | P48: =SUM(F48:O48) -> 0
A49: 907 | B49: 0702 | C49: 02 | D49: 02201S3740 | E49: 612 | F49: 7231.9 | P49: =SUM(F49:O49) -> 7231.9
A50: 907 | B50: 0702 | C50: 02 | D50: 02201S3740 | E50: 622 | F50: 1482.4 | P50: =SUM(F50:O50) -> 1482.4
A51: 907 | B51: 0702 | C51: 02 | D51: 2100121670 | E51: 612 | H51: =2000 -> 2000 | L51: =2000 -> 2000 | M51: 6000 | P51: =SUM(F51:O51) -> 10000
A52: 907 | B52: 0702 | C52: 02 | D52: 2100121670 | E52: 622 | L52: =2000 -> 2000 | P52: =SUM(F52:O52) -> 2000
A53: 907 | B53: 0703 | F53: =F54+F56 -> 29783.6 | G53: =G54+G56 -> 0 | H53: =H54+H56 -> 100118 | I53: =I54+I56 -> 92114.4 | J53: =J54+J56 -> 112998.5 | K53: =K54+K56 -> 109974.7 | L53: =L54+L56 -> 34887.4 | M53: =M54+M56 -> 187622.3 | ... P53: =P54+P56 -> 860331.2
A54: 907 | B54: 0703 | C54: 01 | F54: =F55 -> 19150.9 | G54: =G55 -> 0 | H54: =H55 -> 0 | I54: =I55 -> 0 | J54: =J55 -> 0 | K54: =K55 -> 0 | L54: =L55 -> 0 | M54: =M55 -> 0 | ... P54: =P55 -> 19150.9
A55: 907 | B55: 0703 | C55: 01 | D55: 02301S4250 | E55: 611 | F55: 19150.9 | P55: =SUM(F55:O55) -> 19150.9
A56: 907 | B56: 0703 | C56: 02 | F56: =SUM(F57:F60) -> 10632.7 | G56: =SUM(G57:G60) -> 0 | H56: =SUM(H57:H60) -> 100118 | I56: =SUM(I57:I60) -> 92114.4 | J56: =SUM(J57:J60) -> 112998.5 | K56: =SUM(K57:K60) -> 109974.7 | L56: =SUM(L57:L60) -> 34887.4 | M56: =SUM(M57:M60) -> 187622.3 | ... P56: =SUM(P57:P60) -> 841180.3
A57: 907 | B57: 0703 | C57: 02 | D57: 0230100590 | E57: 611 | H57: 100118 | I57: =89586.1-I58+2528.3 -> 92114.4 | J57: 97998.5 | K57: 107474.7 | L57: =32077.9+2528.3 -> 34606.2 | M57: =182173+2528.3 -> 184701.3 | N57: =151289.2+2528.3 -> 153817.5 | O57: 38464.8 | P57: =SUM(F57:O57) -> 809295.4
A58: 907 | B58: 0703 | C58: 02 | D58: 0230100590 | E58: 612 | J58: 15000 | K58: 2500 | L58: 281.2 | M58: 2921 | O58: 550 | P58: =SUM(F58:O58) -> 21252.2
A59: 907 | B59: 0703 | C59: 02 | D59: 02301S4250 | E59: 611 | F59: 10632.7 | P59: =SUM(F59:O59) -> 10632.7
A60: 907 | B60: 0703 | C60: 02 | D60: 2100121670 | E60: 612 | P60: =SUM(F60:O60) -> 0
A61: 907 | B61: 0707 | F61: =F62+F64 -> 62500.9 | G61: =G62+G64 -> 0 | H61: =H62+H64 -> 0 | I61: =I62+I64 -> 0 | J61: =J62+J64 -> 0 | K61: =K62+K64 -> 0 | L61: =L62+L64 -> 0 | M61: =M62+M64 -> 0 | ... P61: =P62+P64 -> 62500.9
A62: 907 | B62: 0707 | C62: 01 | F62: =F63 -> 19385.2 | G62: =G63 -> 0 | H62: =H63 -> 0 | I62: =I63 -> 0 | J62: =J63 -> 0 | K62: =K63 -> 0 | L62: =L63 -> 0 | M62: =M63 -> 0 | ... P62: =P63 -> 19385.2
A63: 907 | B63: 0707 | C63: 01 | D63: 02401S3130 | E63: 244 | F63: 19385.2 | P63: =SUM(F63:O63) -> 19385.2
A64: 907 | B64: 0707 | C64: 02 | F64: =SUM(F65:F67) -> 43115.7 | G64: =SUM(G65:G67) -> 0 | H64: =SUM(H65:H67) -> 0 | I64: =SUM(I65:I67) -> 0 | J64: =SUM(J65:J67) -> 0 | K64: =SUM(K65:K67) -> 0 | L64: =SUM(L65:L67) -> 0 | M64: =SUM(M65:M67) -> 0 | ... P64: =SUM(P65:P67) -> 43115.7
A65: 907 | B65: 0707 | C65: 02 | D65: 0240120090 | E65: 244 | F65: 28074 | P65: =SUM(F65:O65) -> 28074
A66: 907 | B66: 0707 | C66: 02 | D66: 0240120090 | E66: 612 | F66: 4278.8 | P66: =SUM(F66:O66) -> 4278.8
A67: 907 | B67: 0707 | C67: 02 | D67: 02401S3130 | E67: 244 | F67: 10762.9 | P67: =SUM(F67:O67) -> 10762.9
A68: 907 | B68: 0709 | F68: =F69+F74 -> 35245.4 | G68: =G69+G74 -> 20872.7 | H68: =H69+H74 -> 21597 | I68: =I69+I74 -> 15472 | J68: =J69+J74 -> 14391.5 | K68: =K69+K74 -> 14723.3 | L68: =L69+L74 -> 32472.5 | M68: =M69+M74 -> 21722.5 | ... P68: =P69+P74 -> 228641.3
A69: 907 | B69: 0709 | C69: 01 | F69: =SUM(F70:F73) -> 874.5 | G69: =SUM(G70:G73) -> 0 | H69: =SUM(H70:H73) -> 4414.7 | I69: =SUM(I70:I73) -> 2441.8 | J69: =SUM(J70:J73) -> 2343 | K69: =SUM(K70:K73) -> 2310 | L69: =SUM(L70:L73) -> 3781.5 | M69: =SUM(M70:M73) -> 4784.5 | ... P69: =SUM(P70:P73) -> 28842.3
A70: 907 | B70: 0709 | C70: 01 | D70: 0260272040 | E70: 121 | F70: 593.3 | H70: 2669.8 | I70: 1483.2 | J70: 1483.2 | K70: 1483.2 | L70: 2373.2 | M70: 2966.5 | N70: 1779.9 | O70: 2966.5 | P70: =SUM(F70:O70) -> 17798.8
A71: 907 | B71: 0709 | C71: 01 | D71: 0260272040 | E71: 122 | F71: 75.1 | H71: 338 | I71: 187.8 | J71: 187.8 | K71: 187.8 | L71: 300.4 | M71: 375.5 | N71: 225.3 | O71: 375.5 | P71: =SUM(F71:O71) -> 2253.2
A72: 907 | B72: 0709 | C72: 01 | D72: 0260272040 | E72: 129 | F72: 206.1 | H72: 913 | I72: 507.4 | J72: 507.3 | K72: 507.3 | L72: 811.6 | M72: 1014.5 | N72: 608.7 | O72: 1014.5 | P72: =SUM(F72:O72) -> 6090.4
A73: 907 | B73: 0709 | C73: 01 | D73: 0260272040 | E73: 244 | H73: 493.9 | I73: 263.4 | J73: 164.7 | K73: 131.7 | L73: 296.3 | M73: 428 | N73: 263.4 | O73: 658.5 | P73: =SUM(F73:O73) -> 2699.9
A74: 907 | B74: 0709 | C74: 02 | F74: =SUM(F75:F91) -> 34370.9 | G74: =SUM(G75:G91) -> 20872.7 | H74: =SUM(H75:H91) -> 17182.3 | I74: =SUM(I75:I91) -> 13030.2 | J74: =SUM(J75:J91) -> 12048.5 | K74: =SUM(K75:K91) -> 12413.3 | L74: =SUM(L75:L91) -> 28691 | M74: =SUM(M75:M91) -> 16938 | ... P74: =SUM(P75:P91) -> 199799
A75: 907 | B75: 0709 | C75: 02 | D75: 0250100590 | E75: 611 | L75: 14636.5 | O75: 11571.9 | P75: =SUM(F75:O75) -> 26208.4
A76: 907 | B76: 0709 | C76: 02 | D76: 0260100590 | E76: 111 | G76: 11342.4 | P76: =SUM(F76:O76) -> 11342.4
A77: 907 | B77: 0709 | C77: 02 | D77: 0260100590 | E77: 112 | G77: 60 | P77: =SUM(F77:O77) -> 60
A78: 907 | B78: 0709 | C78: 02 | D78: 0260100590 | E78: 119 | G78: 3425.4 | P78: =SUM(F78:O78) -> 3425.4
A79: 907 | B79: 0709 | C79: 02 | D79: 0260100590 | E79: 244 | G79: 5598.2 | P79: =SUM(F79:O79) -> 5598.2
A80: 907 | B80: 0709 | C80: 02 | D80: 0260100590 | E80: 350 | G80: 445 | P80: =SUM(F80:O80) -> 445
A81: 907 | B81: 0709 | C81: 02 | D81: 0260100590 | E81: 851 | G81: 1.7 | P81: =SUM(F81:O81) -> 1.7
A82: 907 | B82: 0709 | C82: 02 | D82: 0260200110 | E82: 121 | F82: 21282.3 | H82: 10109.4 | I82: 7724 | J82: 7304.4 | K82: 7842.8 | L82: 8715.7 | M82: 10685.3 | N82: 10028.2 | O82: 10371 | P82: =SUM(F82:O82) -> 94063.1
A83: 907 | B83: 0709 | C83: 02 | D83: 0260200110 | E83: 122 | F83: 2437.7 | H83: 744 | I83: 620.3 | J83: 593.2 | K83: 622.2 | L83: 669.2 | M83: 775 | N83: 739.7 | O83: 762.5 | P83: =SUM(F83:O83) -> 7963.8
A84: 907 | B84: 0709 | C84: 02 | D84: 0260200110 | E84: 129 | F84: 6432.6 | H84: 3056.6 | I84: 2336.2 | J84: 2209.5 | K84: 2372.2 | L84: 2635.7 | M84: 3230.6 | N84: 3032.1 | O84: 3132.1 | P84: =SUM(F84:O84) -> 28437.6
A85: 907 | B85: 0709 | C85: 02 | D85: 0260200190 | E85: 122 | F85: 30 | P85: =SUM(F85:O85) -> 30
A86: 907 | B86: 0709 | C86: 02 | D86: 0260200190 | E86: 244 | F86: 3785.6 | H86: 2707.8 | I86: 2265.2 | J86: 1924.8 | K86: 1554.9 | L86: 2010.9 | M86: 2225.2 | N86: 2761 | O86: 1600.6 | P86: =SUM(F86:O86) -> 20836
A87: 907 | B87: 0709 | C87: 02 | D87: 0260299999 | E87: 851 | F87: 182.9 | H87: 547 | I87: 6 | J87: 1 | K87: 6 | L87: 6.4 | M87: 3.2 | N87: 218.5 | P87: =SUM(F87:O87) -> 971
A88: 907 | B88: 0709 | C88: 02 | D88: 0260299999 | E88: 852 | F88: 83.5 | H88: 1.5 | I88: 27.2 | J88: 1.6 | K88: 1.2 | L88: 2.6 | M88: 2.7 | N88: 3 | O88: 3.5 | P88: =SUM(F88:O88) -> 126.8
A89: 907 | B89: 0709 | C89: 02 | D89: 0260299999 | E89: 853 | F89: 7.8 | H89: 2 | I89: 27.3 | J89: 2 | K89: 2 | L89: 2 | M89: 2 | O89: 2 | P89: =SUM(F89:O89) -> 47.1
A90: 907 | B90: 0709 | C90: 02 | D90: 1810321320 | E90: 244 | F90: 78.5 | H90: 14 | I90: 24 | J90: 12 | K90: 12 | L90: 12 | M90: 14 | N90: 12 | O90: 14 | P90: =SUM(F90:O90) -> 192.5
A91: 907 | B91: 0709 | C91: 02 | D91: 1840121370 | E91: 244 | F91: 50 | P91: =SUM(F91:O91) -> 50
A92: 907 | B92: 1004 | F92: =F93+F100 -> 1747.6 | G92: =G93+G100 -> 0 | H92: =H93+H100 -> 51275.1 | I92: =I93+I100 -> 35688.4 | J92: =J93+J100 -> 20138.5 | K92: =K93+K100 -> 20190.3 | L92: =L93+L100 -> 40241.1 | M92: =M93+M100 -> 56847.3 | ... P92: =P93+P100 -> 318271.4
A93: 907 | B93: 1004 | C93: 01 | F93: =SUM(F94:F99) -> 1708.2 | G93: =SUM(G94:G99) -> 0 | H93: =SUM(H94:H99) -> 51275.1 | I93: =SUM(I94:I99) -> 35688.4 | J93: =SUM(J94:J99) -> 20138.5 | K93: =SUM(K94:K99) -> 20190.3 | L93: =SUM(L94:L99) -> 40241.1 | M93: =SUM(M94:M99) -> 56847.3 | ... P93: =SUM(P94:P99) -> 318232
A94: 907 | B94: 1004 | C94: 01 | D94: 0210172180 | E94: 321 | H94: 23594.1 | I94: 7278.6 | J94: 5400.4 | K94: 5670.5 | L94: 14889.3 | M94: 19159.6 | N94: 13685 | O94: 24371.5 | P94: =SUM(F94:O94) -> 114049
A95: 907 | B95: 1004 | C95: 01 | D95: 0210172180 | E95: 323 | H95: 471.9 | I95: 145.6 | J95: 108 | K95: 113.4 | L95: 297.8 | M95: 383.2 | N95: 273.7 | O95: 487.4 | P95: =SUM(F95:O95) -> 2281
A96: 907 | B96: 1004 | C96: 01 | D96: 0250252600 | E96: 321 | H96: 795.3 | I96: 828 | J96: 288.4 | K96: 239.4 | L96: 844.3 | M96: 926.1 | N96: 631.8 | O96: 914.9 | P96: =SUM(F96:O96) -> 5468.2
A97: 907 | B97: 1004 | C97: 01 | D97: 0250272220 | E97: 321 | H97: 270 | I97: 210 | J97: 210 | K97: 210 | L97: 240 | M97: 240 | N97: 240 | O97: 270 | P97: =SUM(F97:O97) -> 1890
A98: 907 | B98: 1004 | C98: 01 | D98: 0250272420 | E98: 321 | H98: 23336 | I98: 24612.1 | J98: 12195.3 | K98: 13085.6 | L98: 21452.4 | M98: 32943.4 | N98: 17396.1 | O98: 30290.4 | P98: =SUM(F98:O98) -> 175311.3
A99: 907 | B99: 1004 | C99: 01 | D99: 0250272420 | E99: 323 | F99: 1708.2 | H99: 2807.8 | I99: 2614.1 | J99: 1936.4 | K99: 871.4 | L99: 2517.3 | M99: 3195 | N99: 1549.1 | O99: 2033.2 | P99: =SUM(F99:O99) -> 19232.5
A100: 907 | B100: 1004 | C100: 02 | F100: =SUM(F101) -> 39.4 | G100: =SUM(G101) -> 0 | H100: =SUM(H101) -> 0 | I100: =SUM(I101) -> 0 | J100: =SUM(J101) -> 0 | K100: =SUM(K101) -> 0 | L100: =SUM(L101) -> 0 | M100: =SUM(M101) -> 0 | ... O100: =SUM(O101) -> 0 | P100: =SUM(F100:O100) -> 39.4
A101: 907 | B101: 1004 | C101: 02 | D101: 0250211010 | E101: 323 | F101: 39.4 | P101: =SUM(F101:O101) -> 39.4
F103: =F4+F27+F53+F61+F68+F92 -> 163065.4 | G103: =G4+G27+G53+G61+G68+G92 -> 20872.7 | H103: =H4+H27+H53+H61+H68+H92 -> 1887536.5 | I103: =I4+I27+I53+I61+I68+I92 -> 864683.5 | J103: =J4+J27+J53+J61+J68+J92 -> 615480.2 | K103: =K4+K27+K53+K61+K68+K92 -> 636459.5 | L103: =L4+L27+L53+L61+L68+L92 -> 1326713.2 | M103: =M4+M27+M53+M61+M68+M92 -> 1751958.1 | ... P103: =P4+P27+P53+P61+P68+P92 -> 10272571
...

Sheet 907
B4: КФСР | C4: Доп. КР | D4: КЦСР | E4: КВР | F4: Управление образования | G4: Управление образования | H4: Управление образования | I4: Метод. центр | J4: Метод. центр | K4: Метод. центр | L4: Ворошиловский | M4: Ворошиловский | N4: Ворошиловский | O4: Железнодорожный | P4: Железнодорожный | Q4: Железнодорожный | R4: Кировский | S4: Кировский | T4: Кировский | U4: Ленинский | V4: Ленинский | W4: Ленинский | X4: Октябрьский | Y4: Октябрьский | Z4: Октябрьский | AA4: Первомайский | AB4: Первомайский | AC4: Первомайский | AD4: Пролетарский | AE4: Пролетарский | AF4: Пролетарский | AG4: Советский | AH4: Советский | AI4: Советский | AJ4: Итого | AK4: Итого | AL4: Итого
A5: 907 | B5: 0701 | F5: =F6+F14 -> 5419 | G5: =G6+G14 -> 5419 | H5: =H6+H14 -> 5419 | I5: =I6+I14 -> 0 | J5: =J6+J14 -> 0 | K5: =K6+K14 -> 0 | L5: =L6+L14 -> 697201 | M5: =M6+M14 -> 727544.9 | ... AI5: =AI6+AI14 -> 896906.6 | AJ5: =F5+I5+L5+O5+R5+U5+X5+AA5+AD5+AG5 -> 3996393.9 | AK5: =G5+J5+M5+P5+S5+V5+Y5+AB5+AE5+AH5 -> 4170621.5 | AL5: =H5+K5+N5+Q5+T5+W5+Z5+AC5+AF5+AI5 -> 4231095.2
A6: 907 | B6: 0701 | C6: 01 | F6: =SUM(F7:F13) -> 0 | G6: =SUM(G7:G13) -> 0 | H6: =SUM(H7:H13) -> 0 | I6: =SUM(I7:I13) -> 0 | J6: =SUM(J7:J13) -> 0 | K6: =SUM(K7:K13) -> 0 | L6: =SUM(L7:L13) -> 394626.8 | M6: =SUM(M7:M13) -> 423594 | ... AI6: =SUM(AI7:AI13) -> 518791.4 | AJ6: =F6+I6+L6+O6+R6+U6+X6+AA6+AD6+AG6 -> 2265241.9 | AK6: =G6+J6+M6+P6+S6+V6+Y6+AB6+AE6+AH6 -> 2414990.8 | AL6: =H6+K6+N6+Q6+T6+W6+Z6+AC6+AF6+AI6 -> 2414990.8
A7: 907 | B7: 0701 | C7: 01 | D7: 0210172020 | E7: 111 | L7: 5647.7 | M7: 6060.6 | N7: 6060.6 | AD7: 6796 | AE7: 7157.3 | AF7: 7157.3 | AJ7: =F7+I7+L7+O7+R7+U7+X7+AA7+AD7+AG7 -> 12443.7 | AK7: =G7+J7+M7+P7+S7+V7+Y7+AB7+AE7+AH7 -> 13217.9 | AL7: =H7+K7+N7+Q7+T7+W7+Z7+AC7+AF7+AI7 -> 13217.9 | AN7: =AJ7+AJ8+AJ9+AJ10+AJ11+AJ12 -> 2250999.5 | AO7: =AK7+AK8+AK9+AK10+AK11+AK12 -> 2414990.8 | AP7: =AL7+AL8+AL9+AL10+AL11+AL12 -> 2414990.8
A8: 907 | B8: 0701 | C8: 01 | D8: 0210172020 | E8: 112 | AD8: 2.7 | AE8: 3 | AF8: 3 | AJ8: =F8+I8+L8+O8+R8+U8+X8+AA8+AD8+AG8 -> 2.7 | AK8: =G8+J8+M8+P8+S8+V8+Y8+AB8+AE8+AH8 -> 3 | AL8: =H8+K8+N8+Q8+T8+W8+Z8+AC8+AF8+AI8 -> 3
A9: 907 | B9: 0701 | C9: 01 | D9: 0210172020 | E9: 119 | L9: 1705.7 | M9: 1830.3 | N9: 1830.3 | AD9: 2052.2 | AE9: 2448 | AF9: 2448 | AJ9: =F9+I9+L9+O9+R9+U9+X9+AA9+AD9+AG9 -> 3757.9 | AK9: =G9+J9+M9+P9+S9+V9+Y9+AB9+AE9+AH9 -> 4278.3 | AL9: =H9+K9+N9+Q9+T9+W9+Z9+AC9+AF9+AI9 -> 4278.3
A10: 907 | B10: 0701 | C10: 01 | D10: 0210172020 | E10: 244 | AD10: 100 | AJ10: =F10+I10+L10+O10+R10+U10+X10+AA10+AD10+AG10 -> 100 | AK10: =G10+J10+M10+P10+S10+V10+Y10+AB10+AE10+AH10 -> 0 | AL10: =H10+K10+N10+Q10+T10+W10+Z10+AC10+AF10+AI10 -> 0
A11: 907 | B11: 0701 | C11: 01 | D11: 0210172020 | E11: 611 | L11: 244901.5 | M11: 262610 | N11: 262610 | O11: 186554.2 | P11: 200066.3 | Q11: 200066.3 | R11: 136773 | S11: 146670.3 | T11: 146670.3 | U11: 60890.1 | V11: 65302.7 | W11: 65302.7 | X11: 253508.4 | Y11: 271900.7 | Z11: 271900.7 | AA11: 338904.4 | AB11: 363379.2 | AC11: 363379.2 | AD11: 176538.9 | AE11: 189290.2 | AF11: 189290.2 | AG11: 470587.8 | AH11: 505380.6 | AI11: 505380.6 | AJ11: =F11+I11+L11+O11+R11+U11+X11+AA11+AD11+AG11 -> 1868658.3 | AK11: =G11+J11+M11+P11+S11+V11+Y11+AB11+AE11+AH11 -> 2004600 | AL11: =H11+K11+N11+Q11+T11+W11+Z11+AC11+AF11+AI11 -> 2004600
A12: 907 | B12: 0701 | C12: 01 | D12: 0210172020 | E12: 621 | L12: 142371.9 | M12: 153093.1 | N12: 153093.1 | U12: 42151.2 | V12: 45191 | W12: 45191 | X12: 40378.9 | Y12: 43309.7 | Z12: 43309.7 | AA12: 65445.5 | AB12: 70156 | AC12: 70156 | AD12: 63180.9 | AE12: 67731 | AF12: 67731 | AG12: 12508.5 | AH12: 13410.8 | AI12: 13410.8 | AJ12: =F12+I12+L12+O12+R12+U12+X12+AA12+AD12+AG12 -> 366036.9 | AK12: =G12+J12+M12+P12+S12+V12+Y12+AB12+AE12+AH12 -> 392891.6 | AL12: =H12+K12+N12+Q12+T12+W12+Z12+AC12+AF12+AI12 -> 392891.6
A13: 907 | B13: 0701 | C13: 01 | D13: 02102L1590 | E13: 612 | AG13: 14242.4 | AJ13: =F13+I13+L13+O13+R13+U13+X13+AA13+AD13+AG13 -> 14242.4 | AK13: =G13+J13+M13+P13+S13+V13+Y13+AB13+AE13+AH13 -> 0 | AL13: =H13+K13+N13+Q13+T13+W13+Z13+AC13+AF13+AI13 -> 0 | AN13: =AJ13 -> 14242.4 | AO13: =AK13 -> 0 | AP13: =AL13 -> 0
A14: 907 | B14: 0701 | C14: 02 | F14: =SUM(F15:F26) -> 5419 | G14: =SUM(G15:G26) -> 5419 | H14: =SUM(H15:H26) -> 5419 | I14: =SUM(I15:I26) -> 0 | J14: =SUM(J15:J26) -> 0 | K14: =SUM(K15:K26) -> 0 | L14: =SUM(L15:L26) -> 302574.2 | M14: =SUM(M15:M26) -> 303950.9 | ... AI14: =SUM(AI15:AI26) -> 378115.2 | AJ14: =F14+I14+L14+O14+R14+U14+X14+AA14+AD14+AG14 -> 1731152 | AK14: =G14+J14+M14+P14+S14+V14+Y14+AB14+AE14+AH14 -> 1755630.7 | AL14: =H14+K14+N14+Q14+T14+W14+Z14+AC14+AF14+AI14 -> 1816104.4
A15: 907 | B15: 0701 | C15: 02 | D15: 0210100590 | E15: 111 | L15: 1398.8 | M15: 1398.8 | N15: 1398.8 | AD15: 1212.2 | AE15: 1212.2 | AF15: 1212.2 | AJ15: =F15+I15+L15+O15+R15+U15+X15+AA15+AD15+AG15 -> 2611 | AK15: =G15+J15+M15+P15+S15+V15+Y15+AB15+AE15+AH15 -> 2611 | AL15: =H15+K15+N15+Q15+T15+W15+Z15+AC15+AF15+AI15 -> 2611 | AN15: =AJ15+AJ16+AJ17+AJ18+AJ19+AJ20+AJ21+AJ22+AJ23+AJ24 -> 1725733 | AO15: =AK15+AK16+AK17+AK18+AK19+AK20+AK21+AK22+AK23+AK24 -> 1750211.7 | AP15: =AL15+AL16+AL17+AL18+AL19+AL20+AL21+AL22+AL23+AL24 -> 1810685.4
A16: 907 | B16: 0701 | C16: 02 | D16: 0210100590 | E16: 119 | L16: 422.5 | M16: 422.5 | N16: 422.5 | AD16: 366.1 | AE16: 366.1 | AF16: 366.1 | AJ16: =F16+I16+L16+O16+R16+U16+X16+AA16+AD16+AG16 -> 788.6 | AK16: =G16+J16+M16+P16+S16+V16+Y16+AB16+AE16+AH16 -> 788.6 | AL16: =H16+K16+N16+Q16+T16+W16+Z16+AC16+AF16+AI16 -> 788.6
A17: 907 | B17: 0701 | C17: 02 | D17: 0210100590 | E17: 243 | M17: 2060 | AJ17: =F17+I17+L17+O17+R17+U17+X17+AA17+AD17+AG17 -> 0 | AK17: =G17+J17+M17+P17+S17+V17+Y17+AB17+AE17+AH17 -> 2060 | AL17: =H17+K17+N17+Q17+T17+W17+Z17+AC17+AF17+AI17 -> 0
A18: 907 | B18: 0701 | C18: 02 | D18: 0210100590 | E18: 244 | L18: 4075.1 | M18: 4137.9 | N18: 4086.2 | AD18: 5851.3 | AE18: 5908.1 | AF18: 9008.6 | AJ18: =F18+I18+L18+O18+R18+U18+X18+AA18+AD18+AG18 -> 9926.4 | AK18: =G18+J18+M18+P18+S18+V18+Y18+AB18+AE18+AH18 -> 10046 | AL18: =H18+K18+N18+Q18+T18+W18+Z18+AC18+AF18+AI18 -> 13094.8
A19: 907 | B19: 0701 | C19: 02 | D19: 0210100590 | E19: 611 | L19: 188064.8 | M19: 188626.9 | N19: 188743.6 | O19: 134025.9 | P19: 134089.2 | Q19: 133946.3 | R19: 98476.5 | S19: 100532.5 | T19: 100627.3 | U19: 44646.5 | V19: 44730.9 | W19: 44747.2 | X19: =183518.8+11172.4 -> 194691.2 | Y19: =183821.3+11172.4 -> 194993.7 | Z19: =183983.2+11172.4 -> 195155.6 | AA19: 262223.3 | AB19: 262706.8 | AC19: =262745.9+13062.2 -> 275808.1 | AD19: 139078.5 | AE19: 141776.9 | AF19: 142315.5 | AG19: 309756.5 | AH19: =310320.2+36283.1 -> 346603.3 | AI19: =310466.8+46099.6 -> 356566.4 | AJ19: =F19+I19+L19+O19+R19+U19+X19+AA19+AD19+AG19 -> 1370963.2 | AK19: =G19+J19+M19+P19+S19+V19+Y19+AB19+AE19+AH19 -> 1414060.2 | AL19: =H19+K19+N19+Q19+T19+W19+Z19+AC19+AF19+AI19 -> 1437910
A20: 907 | B20: 0701 | C20: 02 | D20: 0210100590 | E20: 612 | L20: 6001.4 | M20: 4583.4 | N20: 3040.1 | O20: 449.7 | P20: 569.7 | Q20: 9449.7 | R20: 13513.4 | S20: 2622.2 | T20: 2622.2 | V20: 0 | W20: 2485.2 | X20: 15477 | Y20: 2291.1 | Z20: 25489.1 | AA20: 15819.2 | AB20: 2759.4 | AC20: 4239.4 | AD20: 4439.2 | AE20: 5442.9 | AF20: 1939.2 | AG20: 5681 | AH20: 22560 | AI20: 12588.9 | AJ20: =F20+I20+L20+O20+R20+U20+X20+AA20+AD20+AG20 -> 61380.9 | AK20: =G20+J20+M20+P20+S20+V20+Y20+AB20+AE20+AH20 -> 40828.7 | AL20: =H20+K20+N20+Q20+T20+W20+Z20+AC20+AF20+AI20 -> 61853.8
A21: 907 | B21: 0701 | C21: 02 | D21: 0210100590 | E21: 621 | L21: 100721.3 | M21: 100832.8 | N21: 100958.3 | U21: 34560.1 | V21: 34694.7 | W21: 34737.2 | X21: 26869.5 | Y21: 26879.2 | Z21: 26900.7 | AA21: 53009 | AB21: 53109.5 | AC21: 53171.8 | AD21: 52190.2 | AE21: 51518.5 | AF21: 51495.4 | AG21: 8876.8 | AH21: 8951.8 | AI21: 8959.9 | AJ21: =F21+I21+L21+O21+R21+U21+X21+AA21+AD21+AG21 -> 276226.9 | AK21: =G21+J21+M21+P21+S21+V21+Y21+AB21+AE21+AH21 -> 275986.5 | AL21: =H21+K21+N21+Q21+T21+W21+Z21+AC21+AF21+AI21 -> 276223.3
A22: 907 | B22: 0701 | C22: 02 | D22: 0210100590 | E22: 622 | L22: 734.3 | M22: 734.3 | N22: 5108.6 | U22: 738.3 | V22: 738.3 | W22: 738.3 | X22: 365 | Y22: 365 | Z22: 10365 | AJ22: =F22+I22+L22+O22+R22+U22+X22+AA22+AD22+AG22 -> 1837.6 | AK22: =G22+J22+M22+P22+S22+V22+Y22+AB22+AE22+AH22 -> 1837.6 | AL22: =H22+K22+N22+Q22+T22+W22+Z22+AC22+AF22+AI22 -> 16211.9
A23: 907 | B23: 0701 | C23: 02 | D23: 0210100590 | E23: 851 | L23: 1156 | M23: 1154.3 | N23: 1153.2 | AD23: 842.4 | AE23: 838.8 | AF23: 838.8 | AJ23: =F23+I23+L23+O23+R23+U23+X23+AA23+AD23+AG23 -> 1998.4 | AK23: =G23+J23+M23+P23+S23+V23+Y23+AB23+AE23+AH23 -> 1993.1 | AL23: =H23+K23+N23+Q23+T23+W23+Z23+AC23+AF23+AI23 -> 1992
A24: 907 | B24: 0701 | C24: 02 | D24: 0210100590 | E24: 852 | AJ24: =F24+I24+L24+O24+R24+U24+X24+AA24+AD24+AG24 -> 0 | AK24: =G24+J24+M24+P24+S24+V24+Y24+AB24+AE24+AH24 -> 0 | AL24: =H24+K24+N24+Q24+T24+W24+Z24+AC24+AF24+AI24 -> 0
A25: 907 | B25: 0701 | C25: 02 | D25: 2100121670 | E25: 612 | F25: 5419 | G25: 5419 | H25: 5419 | AJ25: =F25+I25+L25+O25+R25+U25+X25+AA25+AD25+AG25 -> 5419 | AK25: =G25+J25+M25+P25+S25+V25+Y25+AB25+AE25+AH25 -> 5419 | AL25: =H25+K25+N25+Q25+T25+W25+Z25+AC25+AF25+AI25 -> 5419
A26: 907 | B26: 0701 | C26: 02 | D26: 2100121670 | E26: 622 | AJ26: =F26+I26+L26+O26+R26+U26+X26+AA26+AD26+AG26 -> 0 | AK26: =G26+J26+M26+P26+S26+V26+Y26+AB26+AE26+AH26 -> 0 | AL26: =H26+K26+N26+Q26+T26+W26+Z26+AC26+AF26+AI26 -> 0
A27: 907 | B27: 0702 | F27: =F28+F38 -> 19965.5 | G27: =G28+G38 -> 19965.5 | H27: =H28+H38 -> 19654.6 | I27: =I28+I38 -> 0 | J27: =J28+J38 -> 0 | K27: =K28+K38 -> 0 | L27: =L28+L38 -> 904178.8 | M27: =M28+M38 -> 983773.7 | ... AI27: =AI28+AI38 -> 782011.3 | AJ27: =F27+I27+L27+O27+R27+U27+X27+AA27+AD27+AG27 -> 4740637.3 | AK27: =G27+J27+M27+P27+S27+V27+Y27+AB27+AE27+AH27 -> 4519217 | AL27: =H27+K27+N27+Q27+T27+W27+Z27+AC27+AF27+AI27 -> 4563016.3
A28: 907 | B28: 0702 | C28: 01 | F28: =SUM(F29:F37) -> 8368.7 | G28: =SUM(G29:G37) -> 8368.7 | H28: =SUM(H29:H37) -> 8368.7 | I28: =SUM(I29:I37) -> 0 | J28: =SUM(J29:J37) -> 0 | K28: =SUM(K29:K37) -> 0 | L28: =SUM(L29:L37) -> 655383.2 | M28: =SUM(M29:M37) -> 694986.3 | ... AI28: =SUM(AI29:AI37) -> 527857.5 | AJ28: =F28+I28+L28+O28+R28+U28+X28+AA28+AD28+AG28 -> 3040806.4 | AK28: =G28+J28+M28+P28+S28+V28+Y28+AB28+AE28+AH28 -> 3209068.7 | AL28: =H28+K28+N28+Q28+T28+W28+Z28+AC28+AF28+AI28 -> 3180694.1
A29: 907 | B29: 0702 | C29: 01 | D29: 0220172030 | E29: 111 | AJ29: =F29+I29+L29+O29+R29+U29+X29+AA29+AD29+AG29 -> 0 | AK29: =G29+J29+M29+P29+S29+V29+Y29+AB29+AE29+AH29 -> 0 | AL29: =H29+K29+N29+Q29+T29+W29+Z29+AC29+AF29+AI29 -> 0 | AN29: =AJ29+AJ30+AJ31+AJ32+AJ33 -> 3032437.7 | AO29: =AK29+AK30+AK31+AK32+AK33 -> 3172325.4 | AP29: =AL29+AL30+AL31+AL32+AL33 -> 3172325.4
A30: 907 | B30: 0702 | C30: 01 | D30: 0220172030 | E30: 119 | AJ30: =F30+I30+L30+O30+R30+U30+X30+AA30+AD30+AG30 -> 0 | AK30: =G30+J30+M30+P30+S30+V30+Y30+AB30+AE30+AH30 -> 0 | AL30: =H30+K30+N30+Q30+T30+W30+Z30+AC30+AF30+AI30 -> 0
A31: 907 | B31: 0702 | C31: 01 | D31: 0220172030 | E31: 244 | AJ31: =F31+I31+L31+O31+R31+U31+X31+AA31+AD31+AG31 -> 0 | AK31: =G31+J31+M31+P31+S31+V31+Y31+AB31+AE31+AH31 -> 0 | AL31: =H31+K31+N31+Q31+T31+W31+Z31+AC31+AF31+AI31 -> 0
A32: 907 | B32: 0702 | C32: 01 | D32: 0220172030 | E32: 611 | L32: 498703.2 | M32: 521752.2 | N32: 521752.2 | O32: 88001.3 | P32: 92047.8 | Q32: 92047.8 | R32: 109260.7 | S32: 114312.1 | T32: 114312.1 | U32: 160678.5 | V32: 168052 | W32: 168052 | X32: =5908.3+313849.1 -> 319757.4 | Y32: =6105.9+328155.3 -> 334261.2 | Z32: =6105.9+328155.3 -> 334261.2 | AA32: 501020 | AB32: 523945.4 | AC32: 523945.4 | AD32: 302608.6 | AE32: 316292 | AF32: 316292 | AG32: 451807.1 | AH32: 472513.2 | AI32: 472513.2 | AJ32: =F32+I32+L32+O32+R32+U32+X32+AA32+AD32+AG32 -> 2431836.8 | AK32: =G32+J32+M32+P32+S32+V32+Y32+AB32+AE32+AH32 -> 2543175.9 | AL32: =H32+K32+N32+Q32+T32+W32+Z32+AC32+AF32+AI32 -> 2543175.9
A33: 907 | B33: 0702 | C33: 01 | D33: 0220172030 | E33: 621 | L33: 156680 | M33: 165033 | N33: 165033 | O33: =7087.1+166854.1 -> 173941.2 | P33: =7320.8+174295.8 -> 181616.6 | Q33: =7320.8+174295.8 -> 181616.6 | R33: 43649.1 | S33: 45630.3 | T33: 45630.3 | U33: 48553.6 | V33: 50887.3 | W33: 50887.3 | X33: 84602.6 | Y33: 88439.1 | Z33: 88439.1 | AD33: 40162.7 | AE33: 42198.9 | AF33: 42198.9 | AG33: 53011.7 | AH33: 55344.3 | AI33: 55344.3 | AJ33: =F33+I33+L33+O33+R33+U33+X33+AA33+AD33+AG33 -> 600600.9 | AK33: =G33+J33+M33+P33+S33+V33+Y33+AB33+AE33+AH33 -> 629149.5 | AL33: =H33+K33+N33+Q33+T33+W33+Z33+AC33+AF33+AI33 -> 629149.5
A34: 907 | B34: 0702 | C34: 01 | D34: 02201S3110 | E34: 244 | F34: 8368.7 | G34: 8368.7 | H34: 8368.7 | AJ34: =F34+I34+L34+O34+R34+U34+X34+AA34+AD34+AG34 -> 8368.7 | AK34: =G34+J34+M34+P34+S34+V34+Y34+AB34+AE34+AH34 -> 8368.7 | AL34: =H34+K34+N34+Q34+T34+W34+Z34+AC34+AF34+AI34 -> 8368.7 | AN34: =AJ34 -> 8368.7 | AO34: =AK34 -> 8368.7 | AP34: =AL34 -> 8368.7
A35: 907 | B35: 0702 | C35: 01 | D35: 02201S3270 | E35: 612 | M35: 907 | AE35: 688 | AH35: 1080 | AJ35: =F35+I35+L35+O35+R35+U35+X35+AA35+AD35+AG35 -> 0 | AK35: =G35+J35+M35+P35+S35+V35+Y35+AB35+AE35+AH35 -> 2675 | AL35: =H35+K35+N35+Q35+T35+W35+Z35+AC35+AF35+AI35 -> 0 | AN35: =AJ35+AJ36 -> 0 | AO35: =AK35+AK36 -> 4109.5 | AP35: =AL35+AL36 -> 0
A36: 907 | B36: 0702 | C36: 01 | D36: 02201S3270 | E36: 622 | Y36: 1434.5 | AJ36: =F36+I36+L36+O36+R36+U36+X36+AA36+AD36+AG36 -> 0 | AK36: =G36+J36+M36+P36+S36+V36+Y36+AB36+AE36+AH36 -> 1434.5 | AL36: =H36+K36+N36+Q36+T36+W36+Z36+AC36+AF36+AI36 -> 0
A37: 907 | B37: 0702 | C37: 01 | D37: 02201S3740 | E37: 612 | M37: 7294.1 | S37: 4217.6 | Y37: 4035.7 | AB37: 5914.6 | AE37: 843.4 | AH37: 1959.7 | AJ37: =F37+I37+L37+O37+R37+U37+X37+AA37+AD37+AG37 -> 0 | AK37: =G37+J37+M37+P37+S37+V37+Y37+AB37+AE37+AH37 -> 24265.1 | AL37: =H37+K37+N37+Q37+T37+W37+Z37+AC37+AF37+AI37 -> 0 | AN37: =AJ37 -> 0 | AO37: =AK37 -> 24265.1 | AP37: =AL37 -> 0
A38: 907 | B38: 0702 | C38: 02 | F38: =SUM(F39:F51) -> 11596.8 | G38: =SUM(G39:G51) -> 11596.8 | H38: =SUM(H39:H51) -> 11285.9 | I38: =SUM(I39:I51) -> 0 | J38: =SUM(J39:J51) -> 0 | K38: =SUM(K39:K51) -> 0 | L38: =SUM(L39:L51) -> 248795.6 | M38: =SUM(M39:M51) -> 288787.4 | ... AI38: =SUM(AI39:AI51) -> 254153.8 | AJ38: =F38+I38+L38+O38+R38+U38+X38+AA38+AD38+AG38 -> 1699830.9 | AK38: =G38+J38+M38+P38+S38+V38+Y38+AB38+AE38+AH38 -> 1310148.3 | AL38: =H38+K38+N38+Q38+T38+W38+Z38+AC38+AF38+AI38 -> 1382322.2
A39: 907 | B39: 0702 | C39: 02 | D39: 0220100590 | E39: 611 | L39: 137064.7 | M39: 132775 | N39: 139165.4 | O39: 22062.3 | P39: 21949 | Q39: 22286 | R39: 31934.9 | S39: 31995.4 | T39: 32356.1 | U39: 50866 | V39: 50318.4 | W39: 51580.8 | X39: 106524.6 | Y39: 101651.3 | Z39: 108748.6 | AA39: 139703.2 | AB39: 135650.8 | AC39: 141771.4 | AD39: 84765.6 | AE39: 82616.3 | AF39: 85992.4 | AG39: 130264.2 | AH39: 127607.4 | AI39: 132184.8 | AJ39: =F39+I39+L39+O39+R39+U39+X39+AA39+AD39+AG39 -> 703185.5 | AK39: =G39+J39+M39+P39+S39+V39+Y39+AB39+AE39+AH39 -> 684563.6 | AL39: =H39+K39+N39+Q39+T39+W39+Z39+AC39+AF39+AI39 -> 714085.5 | AN39: =AJ39+AJ40+AJ41+AJ42+AJ43 -> 1689873.6 | AO39: =AK39+AK40+AK41+AK42+AK43 -> 1300191 | AP39: =AL39+AL40+AL41+AL42+AL43 -> 1372675.8
A40: 907 | B40: 0702 | C40: 02 | D40: 0220100590 | E40: 612 | F40: 1639.5 | G40: 1639.5 | H40: 1639.5 | L40: 40228.9 | M40: 97719.6 | N40: 100455.8 | O40: 10438.7 | P40: 12498.7 | Q40: 10438.7 | R40: 20477 | S40: 9091.5 | T40: 6952.5 | U40: 17182 | V40: 9910.1 | W40: 9910.1 | X40: 108986.5 | Y40: 24548 | Z40: 17415 | AA40: 57132.4 | AB40: 105208.4 | AC40: 53294.7 | AD40: 86873.2 | AE40: 18751.3 | AF40: 18751.3 | AG40: 227721.3 | AH40: 31935 | AI40: 31935 | AJ40: =F40+I40+L40+O40+R40+U40+X40+AA40+AD40+AG40 -> 570679.5 | AK40: =G40+J40+M40+P40+S40+V40+Y40+AB40+AE40+AH40 -> 311302.1 | AL40: =H40+K40+N40+Q40+T40+W40+Z40+AC40+AF40+AI40 -> 250792.6
A41: 907 | B41: 0702 | C41: 02 | D41: 0220100590 | E41: 621 | L41: 51740.2 | M41: 50956.2 | N41: 52298.1 | O41: 61939.8 | P41: 57091.4 | Q41: 62482.4 | R41: 16008.6 | S41: 14093.5 | T41: 16024.9 | U41: 13759.1 | V41: 13880.8 | W41: 13922.5 | X41: 67717.4 | Y41: 62548.6 | Z41: 72309.3 | AD41: 14229.9 | AE41: 39364.7 | AF41: 52053.7 | AG41: 50005 | AH41: 30830.6 | AI41: 87381.4 | AJ41: =F41+I41+L41+O41+R41+U41+X41+AA41+AD41+AG41 -> 275400 | AK41: =G41+J41+M41+P41+S41+V41+Y41+AB41+AE41+AH41 -> 268765.8 | AL41: =H41+K41+N41+Q41+T41+W41+Z41+AC41+AF41+AI41 -> 356472.3
A42: 907 | B42: 0702 | C42: 02 | D42: 0220100590 | E42: 622 | L42: 19761.8 | M42: 7336.6 | N42: 7336.6 | O42: 9074.9 | P42: 15249 | Q42: 9074.9 | R42: 2756 | S42: 2756 | T42: 2756 | U42: 4016.9 | V42: 4016.9 | W42: 4016.9 | X42: 101676.2 | Y42: 2878.2 | Z42: 24818.2 | AD42: 670.2 | AE42: 670.2 | AF42: 670.2 | AG42: 2652.6 | AH42: 2652.6 | AI42: 2652.6 | AJ42: =F42+I42+L42+O42+R42+U42+X42+AA42+AD42+AG42 -> 140608.6 | AK42: =G42+J42+M42+P42+S42+V42+Y42+AB42+AE42+AH42 -> 35559.5 | AL42: =H42+K42+N42+Q42+T42+W42+Z42+AC42+AF42+AI42 -> 51325.4
A43: 907 | B43: 0702 | C43: 02 | D43: 0220100590 | E43: 851 | AJ43: =F43+I43+L43+O43+R43+U43+X43+AA43+AD43+AG43 -> 0 | AK43: =G43+J43+M43+P43+S43+V43+Y43+AB43+AE43+AH43 -> 0 | AL43: =H43+K43+N43+Q43+T43+W43+Z43+AC43+AF43+AI43 -> 0
A44: 907 | B44: 0702 | C44: 02 | D44: 0220120120 | E44: 612 | F44: 5000 | G44: 5000 | H44: 5000 | AJ44: =F44+I44+L44+O44+R44+U44+X44+AA44+AD44+AG44 -> 5000 | AK44: =G44+J44+M44+P44+S44+V44+Y44+AB44+AE44+AH44 -> 5000 | AL44: =H44+K44+N44+Q44+T44+W44+Z44+AC44+AF44+AI44 -> 5000 | AN44: =AJ44 -> 5000 | AO44: =AK44 -> 5000 | AP44: =AL44 -> 5000
A45: 907 | B45: 0702 | C45: 02 | D45: 0220120260 | E45: 612 | AJ45: =F45+I45+L45+O45+R45+U45+X45+AA45+AD45+AG45 -> 0 | AK45: =G45+J45+M45+P45+S45+V45+Y45+AB45+AE45+AH45 -> 0 | AL45: =H45+K45+N45+Q45+T45+W45+Z45+AC45+AF45+AI45 -> 0 | AN45: =AJ45 -> 0 | AO45: =AK45 -> 0 | AP45: =AL45 -> 0
A46: 907 | B46: 0702 | C46: 02 | D46: 02201S3110 | E46: 244 | F46: 4957.3 | G46: 4957.3 | H46: 4646.4 | AJ46: =F46+I46+L46+O46+R46+U46+X46+AA46+AD46+AG46 -> 4957.3 | AK46: =G46+J46+M46+P46+S46+V46+Y46+AB46+AE46+AH46 -> 4957.3 | AL46: =H46+K46+N46+Q46+T46+W46+Z46+AC46+AF46+AI46 -> 4646.4 | AN46: =AJ46 -> 4957.3 | AO46: =AK46 -> 4957.3 | AP46: =AL46 -> 4646.4
A47: 907 | B47: 0702 | C47: 02 | D47: 02201S3270 | E47: 612 | AJ47: =F47+I47+L47+O47+R47+U47+X47+AA47+AD47+AG47 -> 0 | AK47: =G47+J47+M47+P47+S47+V47+Y47+AB47+AE47+AH47 -> 0 | AL47: =H47+K47+N47+Q47+T47+W47+Z47+AC47+AF47+AI47 -> 0 | AN47: =AJ47+AJ48 -> 0 | AO47: =AK47+AK48 -> 0 | AP47: =AL47+AL48 -> 0
A48: 907 | B48: 0702 | C48: 02 | D48: 02201S3270 | E48: 622 | AJ48: =F48+I48+L48+O48+R48+U48+X48+AA48+AD48+AG48 -> 0 | AK48: =G48+J48+M48+P48+S48+V48+Y48+AB48+AE48+AH48 -> 0 | AL48: =H48+K48+N48+Q48+T48+W48+Z48+AC48+AF48+AI48 -> 0
A49: 907 | B49: 0702 | C49: 02 | D49: 02201S3740 | E49: 612 | AJ49: =F49+I49+L49+O49+R49+U49+X49+AA49+AD49+AG49 -> 0 | AK49: =G49+J49+M49+P49+S49+V49+Y49+AB49+AE49+AH49 -> 0 | AL49: =H49+K49+N49+Q49+T49+W49+Z49+AC49+AF49+AI49 -> 0 | AN49: =AJ49 -> 0 | AO49: =AK49 -> 0 | AP49: =AL49 -> 0
A50: 907 | B50: 0702 | C50: 02 | D50: 2100121670 | E50: 612 | AJ50: =F50+I50+L50+O50+R50+U50+X50+AA50+AD50+AG50 -> 0 | AK50: =G50+J50+M50+P50+S50+V50+Y50+AB50+AE50+AH50 -> 0 | AL50: =H50+K50+N50+Q50+T50+W50+Z50+AC50+AF50+AI50 -> 0
A51: 907 | B51: 0702 | C51: 02 | D51: 2100121670 | E51: 622 | AJ51: =F51+I51+L51+O51+R51+U51+X51+AA51+AD51+AG51 -> 0 | AK51: =G51+J51+M51+P51+S51+V51+Y51+AB51+AE51+AH51 -> 0 | AL51: =H51+K51+N51+Q51+T51+W51+Z51+AC51+AF51+AI51 -> 0
A52: 907 | B52: 0703 | F52: =F53+F55 -> 24482 | G52: =G53+G55 -> 27869.2 | H52: =H53+H55 -> 29783.6 | I52: =I53+I55 -> 0 | J52: =J53+J55 -> 0 | K52: =K53+K55 -> 0 | L52: =L53+L55 -> 102392.9 | M52: =M53+M55 -> 110405.4 | ... AI52: =AI53+AI55 -> 39014.8 | AJ52: =F52+I52+L52+O52+R52+U52+X52+AA52+AD52+AG52 -> 856884.7 | AK52: =G52+J52+M52+P52+S52+V52+Y52+AB52+AE52+AH52 -> 929041.2 | AL52: =H52+K52+N52+Q52+T52+W52+Z52+AC52+AF52+AI52 -> 848818.9
A53: 907 | B53: 0703 | C53: 01 | F53: =F54 -> 16507.5 | G53: =G54 -> 18830.7 | H53: =H54 -> 19150.9 | I53: =I54 -> 0 | J53: =J54 -> 0 | K53: =K54 -> 0 | L53: =L54 -> 0 | M53: =M54 -> 0 | ... AI53: =AI54 -> 0 | AJ53: =F53+I53+L53+O53+R53+U53+X53+AA53+AD53+AG53 -> 16507.5 | AK53: =G53+J53+M53+P53+S53+V53+Y53+AB53+AE53+AH53 -> 18830.7 | AL53: =H53+K53+N53+Q53+T53+W53+Z53+AC53+AF53+AI53 -> 19150.9
A54: 907 | B54: 0703 | C54: 01 | D54: 02301S4250 | E54: 611 | F54: 16507.5 | G54: 18830.7 | H54: 19150.9 | AJ54: =F54+I54+L54+O54+R54+U54+X54+AA54+AD54+AG54 -> 16507.5 | AK54: =G54+J54+M54+P54+S54+V54+Y54+AB54+AE54+AH54 -> 18830.7 | AL54: =H54+K54+N54+Q54+T54+W54+Z54+AC54+AF54+AI54 -> 19150.9 | AN54: =AJ54 -> 16507.5 | AO54: =AK54 -> 18830.7 | AP54: =AL54 -> 19150.9
A55: 907 | B55: 0703 | C55: 02 | F55: =SUM(F56:F59) -> 7974.5 | G55: =SUM(G56:G59) -> 9038.5 | H55: =SUM(H56:H59) -> 10632.7 | I55: =SUM(I56:I59) -> 0 | J55: =SUM(J56:J59) -> 0 | K55: =SUM(K56:K59) -> 0 | L55: =SUM(L56:L59) -> 102392.9 | M55: =SUM(M56:M59) -> 110405.4 | ... AI55: =SUM(AI56:AI59) -> 39014.8 | AJ55: =F55+I55+L55+O55+R55+U55+X55+AA55+AD55+AG55 -> 840377.2 | AK55: =G55+J55+M55+P55+S55+V55+Y55+AB55+AE55+AH55 -> 910210.5 | AL55: =H55+K55+N55+Q55+T55+W55+Z55+AC55+AF55+AI55 -> 829668
A56: 907 | B56: 0703 | C56: 02 | D56: 0230100590 | E56: 611 | L56: 102392.9 | M56: 110405.4 | N56: 100118 | O56: 88011.8 | P56: 98654.8 | Q56: =89586.1-Q57 -> 86665.1 | R56: 98575.8 | S56: =119261-S57 -> 109590.2 | T56: =112998.5-T57 -> 97998.5 | U56: =111103-U57 -> 108603 | V56: =119834.9-V57 -> 117334.9 | W56: =108575.6-W57 -> 106075.6 | X56: 33033.3 | Y56: 35299.1 | Z56: 32359.1 | AA56: =202720.8-AA57 -> 188473.3 | AB56: 205356 | AC56: 185094 | AD56: 156741.8 | AE56: 168920.3 | AF56: 151289.2 | AG56: 39823.3 | AH56: 43440.5 | AI56: 39014.8 | AJ56: =F56+I56+L56+O56+R56+U56+X56+AA56+AD56+AG56 -> 815655.2 | AK56: =G56+J56+M56+P56+S56+V56+Y56+AB56+AE56+AH56 -> 889001.2 | AL56: =H56+K56+N56+Q56+T56+W56+Z56+AC56+AF56+AI56 -> 798614.3 | AN56: =AJ56+AJ57 -> 832402.7 | AO56: =AK56+AK57 -> 901172 | AP56: =AL56+AL57 -> 819035.3
A57: 907 | B57: 0703 | C57: 02 | D57: 0230100590 | E57: 612 | Q57: 2921 | S57: 9670.8 | T57: 15000 | U57: 2500 | V57: 2500 | W57: 2500 | AA57: 14247.5 | AJ57: =F57+I57+L57+O57+R57+U57+X57+AA57+AD57+AG57 -> 16747.5 | AK57: =G57+J57+M57+P57+S57+V57+Y57+AB57+AE57+AH57 -> 12170.8 | AL57: =H57+K57+N57+Q57+T57+W57+Z57+AC57+AF57+AI57 -> 20421
A58: 907 | B58: 0703 | C58: 02 | D58: 02301S4250 | E58: 611 | F58: 7974.5 | G58: 9038.5 | H58: 10632.7 | AJ58: =F58+I58+L58+O58+R58+U58+X58+AA58+AD58+AG58 -> 7974.5 | AK58: =G58+J58+M58+P58+S58+V58+Y58+AB58+AE58+AH58 -> 9038.5 | AL58: =H58+K58+N58+Q58+T58+W58+Z58+AC58+AF58+AI58 -> 10632.7 | AN58: =AJ58 -> 7974.5 | AO58: =AK58 -> 9038.5 | AP58: =AL58 -> 10632.7
A59: 907 | B59: 0703 | C59: 02 | D59: 2100121670 | E59: 612 | AJ59: =F59+I59+L59+O59+R59+U59+X59+AA59+AD59+AG59 -> 0 | AK59: =G59+J59+M59+P59+S59+V59+Y59+AB59+AE59+AH59 -> 0 | AL59: =H59+K59+N59+Q59+T59+W59+Z59+AC59+AF59+AI59 -> 0
A60: 907 | B60: 0707 | F60: =F61+F63 -> 62380.7 | G60: =G61+G63 -> 62429.8 | H60: =H61+H63 -> 62500.9 | I60: =I61+I63 -> 0 | J60: =J61+J63 -> 0 | K60: =K61+K63 -> 0 | L60: =L61+L63 -> 0 | M60: =M61+M63 -> 0 | ... AI60: =AI61+AI63 -> 0 | AJ60: =F60+I60+L60+O60+R60+U60+X60+AA60+AD60+AG60 -> 62380.7 | AK60: =G60+J60+M60+P60+S60+V60+Y60+AB60+AE60+AH60 -> 62429.8 | AL60: =H60+K60+N60+Q60+T60+W60+Z60+AC60+AF60+AI60 -> 62500.9
A61: 907 | B61: 0707 | C61: 01 | F61: =F62 -> 17854.3 | G61: =G62 -> 18568.5 | H61: =H62 -> 19385.2 | I61: =I62 -> 0 | J61: =J62 -> 0 | K61: =K62 -> 0 | L61: =L62 -> 0 | M61: =M62 -> 0 | ... AI61: =AI62 -> 0 | AJ61: =F61+I61+L61+O61+R61+U61+X61+AA61+AD61+AG61 -> 17854.3 | AK61: =G61+J61+M61+P61+S61+V61+Y61+AB61+AE61+AH61 -> 18568.5 | AL61: =H61+K61+N61+Q61+T61+W61+Z61+AC61+AF61+AI61 -> 19385.2
A62: 907 | B62: 0707 | C62: 01 | D62: 02401S3130 | E62: 244 | F62: 17854.3 | G62: 18568.5 | H62: 19385.2 | AJ62: =F62+I62+L62+O62+R62+U62+X62+AA62+AD62+AG62 -> 17854.3 | AK62: =G62+J62+M62+P62+S62+V62+Y62+AB62+AE62+AH62 -> 18568.5 | AL62: =H62+K62+N62+Q62+T62+W62+Z62+AC62+AF62+AI62 -> 19385.2 | AN62: =AJ62 -> 17854.3 | AO62: =AK62 -> 18568.5 | AP62: =AL62 -> 19385.2
A63: 907 | B63: 0707 | C63: 02 | F63: =SUM(F64:F66) -> 44526.4 | G63: =SUM(G64:G66) -> 43861.3 | H63: =SUM(H64:H66) -> 43115.7 | I63: =SUM(I64:I66) -> 0 | J63: =SUM(J64:J66) -> 0 | K63: =SUM(K64:K66) -> 0 | L63: =SUM(L64:L66) -> 0 | M63: =SUM(M64:M66) -> 0 | ... AI63: =SUM(AI64:AI66) -> 0 | AJ63: =F63+I63+L63+O63+R63+U63+X63+AA63+AD63+AG63 -> 44526.4 | AK63: =G63+J63+M63+P63+S63+V63+Y63+AB63+AE63+AH63 -> 43861.3 | AL63: =H63+K63+N63+Q63+T63+W63+Z63+AC63+AF63+AI63 -> 43115.7
A64: 907 | B64: 0707 | C64: 02 | D64: 0240120090 | E64: 244 | F64: 29600.2 | G64: 28541.2 | H64: 28074 | AJ64: =F64+I64+L64+O64+R64+U64+X64+AA64+AD64+AG64 -> 29600.2 | AK64: =G64+J64+M64+P64+S64+V64+Y64+AB64+AE64+AH64 -> 28541.2 | AL64: =H64+K64+N64+Q64+T64+W64+Z64+AC64+AF64+AI64 -> 28074 | AN64: =AJ64+AJ65 -> 33879 | AO64: =AK64+AK65 -> 32820 | AP64: =AL64+AL65 -> 32352.8
A65: 907 | B65: 0707 | C65: 02 | D65: 0240120090 | E65: 612 | F65: 4278.8 | G65: 4278.8 | H65: 4278.8 | AJ65: =F65+I65+L65+O65+R65+U65+X65+AA65+AD65+AG65 -> 4278.8 | AK65: =G65+J65+M65+P65+S65+V65+Y65+AB65+AE65+AH65 -> 4278.8 | AL65: =H65+K65+N65+Q65+T65+W65+Z65+AC65+AF65+AI65 -> 4278.8
A66: 907 | B66: 0707 | C66: 02 | D66: 02401S3130 | E66: 244 | F66: 10647.4 | G66: 11041.3 | H66: 10762.9 | AJ66: =F66+I66+L66+O66+R66+U66+X66+AA66+AD66+AG66 -> 10647.4 | AK66: =G66+J66+M66+P66+S66+V66+Y66+AB66+AE66+AH66 -> 11041.3 | AL66: =H66+K66+N66+Q66+T66+W66+Z66+AC66+AF66+AI66 -> 10762.9 | AN66: =AJ66 -> 10647.4 | AO66: =AK66 -> 11041.3 | AP66: =AL66 -> 10762.9
A67: 907 | B67: 0709 | F67: =F68+F73 -> 850.8 | G67: =G68+G73 -> 874.5 | H67: =H68+H73 -> 874.5 | I67: =I68+I73 -> 0 | J67: =J68+J73 -> 0 | K67: =K68+K73 -> 0 | L67: =L68+L73 -> 4308 | M67: =M68+M73 -> 4414.7 | ... AI67: =AI68+AI73 -> 5015 | AJ67: =F67+I67+L67+O67+R67+U67+X67+AA67+AD67+AG67 -> 28130.4 | AK67: =G67+J67+M67+P67+S67+V67+Y67+AB67+AE67+AH67 -> 28842.3 | AL67: =H67+K67+N67+Q67+T67+W67+Z67+AC67+AF67+AI67 -> 28842.3
A68: 907 | B68: 0709 | C68: 01 | F68: =SUM(F69:F72) -> 850.8 | G68: =SUM(G69:G72) -> 874.5 | H68: =SUM(H69:H72) -> 874.5 | I68: =SUM(I69:I72) -> 0 | J68: =SUM(J69:J72) -> 0 | K68: =SUM(K69:K72) -> 0 | L68: =SUM(L69:L72) -> 4308 | M68: =SUM(M69:M72) -> 4414.7 | ... AI68: =SUM(AI69:AI72) -> 5015 | AJ68: =F68+I68+L68+O68+R68+U68+X68+AA68+AD68+AG68 -> 28130.4 | AK68: =G68+J68+M68+P68+S68+V68+Y68+AB68+AE68+AH68 -> 28842.3 | AL68: =H68+K68+N68+Q68+T68+W68+Z68+AC68+AF68+AI68 -> 28842.3
A69: 907 | B69: 0709 | C69: 01 | D69: 0260272040 | E69: 121 | F69: 593.3 | G69: 593.3 | H69: 593.3 | L69: 2669.8 | M69: 2669.8 | N69: 2669.8 | O69: 1483.2 | P69: 1483.2 | Q69: 1483.2 | R69: 1483.2 | S69: 1483.2 | T69: 1483.2 | U69: 1483.2 | V69: 1483.2 | W69: 1483.2 | X69: 2373.2 | Y69: 2373.2 | Z69: 2373.2 | AA69: 2966.5 | AB69: 2966.5 | AC69: 2966.5 | AD69: 1779.9 | AE69: 1779.9 | AF69: 1779.9 | AG69: 2966.5 | AH69: 2966.5 | AI69: 2966.5 | AJ69: =F69+I69+L69+O69+R69+U69+X69+AA69+AD69+AG69 -> 17798.8 | AK69: =J69+M69+P69+S69+V69+Y69+AB69+AE69+AH69 -> 17205.5 | AL69: =K69+N69+Q69+T69+W69+Z69+AC69+AF69+AI69 -> 17205.5 | AN69: =AJ69+AJ70+AJ71+AJ72 -> 28130.4 | AO69: =AK69+AK70+AK71+AK72 -> 27967.8 | AP69: =AL69+AL70+AL71+AL72 -> 27967.8
A70: 907 | B70: 0709 | C70: 01 | D70: 0260272040 | E70: 122 | F70: 75.1 | G70: 75.1 | H70: 75.1 | L70: 338 | M70: 338 | N70: 338 | O70: 187.8 | P70: 187.8 | Q70: 187.8 | R70: 187.8 | S70: 187.8 | T70: 187.8 | U70: 187.8 | V70: 187.8 | W70: 187.8 | X70: 300.4 | Y70: 300.4 | Z70: 300.4 | AA70: 375.5 | AB70: 375.5 | AC70: 375.5 | AD70: 225.3 | AE70: 225.3 | AF70: 225.3 | AG70: 375.5 | AH70: 375.5 | AI70: 375.5 | AJ70: =F70+I70+L70+O70+R70+U70+X70+AA70+AD70+AG70 -> 2253.2 | AK70: =J70+M70+P70+S70+V70+Y70+AB70+AE70+AH70 -> 2178.1 | AL70: =K70+N70+Q70+T70+W70+Z70+AC70+AF70+AI70 -> 2178.1
A71: 907 | B71: 0709 | C71: 01 | D71: 0260272040 | E71: 129 | F71: 182.4 | G71: 206.1 | H71: 206.1 | L71: 806.3 | M71: 913 | N71: 913 | O71: 448 | P71: 507.4 | Q71: 507.4 | R71: 447.9 | S71: 507.3 | T71: 507.3 | U71: 447.9 | V71: 507.3 | W71: 507.3 | X71: 716.7 | Y71: 811.6 | Z71: 811.6 | AA71: 895.9 | AB71: 1014.5 | AC71: 1014.5 | AD71: 537.5 | AE71: 608.7 | AF71: 608.7 | AG71: 895.9 | AH71: 1014.5 | AI71: 1014.5 | AJ71: =F71+I71+L71+O71+R71+U71+X71+AA71+AD71+AG71 -> 5378.5 | AK71: =J71+M71+P71+S71+V71+Y71+AB71+AE71+AH71 -> 5884.3 | AL71: =K71+N71+Q71+T71+W71+Z71+AC71+AF71+AI71 -> 5884.3
A72: 907 | B72: 0709 | C72: 01 | D72: 0260272040 | E72: 244 | L72: 493.9 | M72: 493.9 | N72: 493.9 | O72: 263.4 | P72: 263.4 | Q72: 263.4 | R72: 164.7 | S72: 164.7 | T72: 164.7 | U72: 131.7 | V72: 131.7 | W72: 131.7 | X72: 296.3 | Y72: 296.3 | Z72: 296.3 | AA72: 428 | AB72: 428 | AC72: 428 | AD72: 263.4 | AE72: 263.4 | AF72: 263.4 | AG72: 658.5 | AH72: 658.5 | AI72: 658.5 | AJ72: =F72+I72+L72+O72+R72+U72+X72+AA72+AD72+AG72 -> 2699.9 | AK72: =G72+J72+M72+P72+S72+V72+Y72+AB72+AE72+AH72 -> 2699.9 | AL72: =H72+K72+N72+Q72+T72+W72+Z72+AC72+AF72+AI72 -> 2699.9
A73: 907 | B73: 0709 | C73: 02 | F73: =SUM(F74:F90) -> 0 | G73: =SUM(G74:G90) -> 0 | H73: =SUM(H74:H90) -> 0 | I73: =SUM(I74:I90) -> 0 | J73: =SUM(J74:J90) -> 0 | K73: =SUM(K74:K90) -> 0 | L73: =SUM(L74:L90) -> 0 | M73: =SUM(M74:M90) -> 0 | ... AI73: =SUM(AI74:AI90) -> 0 | AJ73: =F73+I73+L73+O73+R73+U73+X73+AA73+AD73+AG73 -> 0 | AK73: =G73+J73+M73+P73+S73+V73+Y73+AB73+AE73+AH73 -> 0 | AL73: =H73+K73+N73+Q73+T73+W73+Z73+AC73+AF73+AI73 -> 0
A74: 907 | B74: 0709 | C74: 02 | D74: 0250100590 | E74: 611 | AJ74: =F74+I74+L74+O74+R74+U74+X74+AA74+AD74+AG74 -> 0 | AK74: =G74+J74+M74+P74+S74+V74+Y74+AB74+AE74+AH74 -> 0 | AL74: =H74+K74+N74+Q74+T74+W74+Z74+AC74+AF74+AI74 -> 0 | AN74: =AJ74+AJ75+AJ76+AJ77+AJ78+AJ79+AJ80+AJ81 -> 0 | AO74: =AK74+AK75+AK76+AK77+AK78+AK79+AK80+AK81 -> 0 | AP74: =AL74+AL75+AL76+AL77+AL78+AL79+AL80+AL81 -> 0
A75: 907 | B75: 0709 | C75: 02 | D75: 0260100590 | E75: 111 | AJ75: =F75+I75+L75+O75+R75+U75+X75+AA75+AD75+AG75 -> 0 | AK75: =G75+J75+M75+P75+S75+V75+Y75+AB75+AE75+AH75 -> 0 | AL75: =H75+K75+N75+Q75+T75+W75+Z75+AC75+AF75+AI75 -> 0
A76: 907 | B76: 0709 | C76: 02 | D76: 0260100590 | E76: 112 | AJ76: =F76+I76+L76+O76+R76+U76+X76+AA76+AD76+AG76 -> 0 | AK76: =G76+J76+M76+P76+S76+V76+Y76+AB76+AE76+AH76 -> 0 | AL76: =H76+K76+N76+Q76+T76+W76+Z76+AC76+AF76+AI76 -> 0
A77: 907 | B77: 0709 | C77: 02 | D77: 0260100590 | E77: 119 | AJ77: =F77+I77+L77+O77+R77+U77+X77+AA77+AD77+AG77 -> 0 | AK77: =G77+J77+M77+P77+S77+V77+Y77+AB77+AE77+AH77 -> 0 | AL77: =H77+K77+N77+Q77+T77+W77+Z77+AC77+AF77+AI77 -> 0
A78: 907 | B78: 0709 | C78: 02 | D78: 0260100590 | E78: 244 | AJ78: =F78+I78+L78+O78+R78+U78+X78+AA78+AD78+AG78 -> 0 | AK78: =G78+J78+M78+P78+S78+V78+Y78+AB78+AE78+AH78 -> 0 | AL78: =H78+K78+N78+Q78+T78+W78+Z78+AC78+AF78+AI78 -> 0
A79: 907 | B79: 0709 | C79: 02 | D79: 0260100590 | E79: 350 | AJ79: =F79+I79+L79+O79+R79+U79+X79+AA79+AD79+AG79 -> 0 | AK79: =G79+J79+M79+P79+S79+V79+Y79+AB79+AE79+AH79 -> 0 | AL79: =H79+K79+N79+Q79+T79+W79+Z79+AC79+AF79+AI79 -> 0
A80: 907 | B80: 0709 | C80: 02 | D80: 0260100590 | E80: 851 | AJ80: =F80+I80+L80+O80+R80+U80+X80+AA80+AD80+AG80 -> 0 | AK80: =G80+J80+M80+P80+S80+V80+Y80+AB80+AE80+AH80 -> 0 | AL80: =H80+K80+N80+Q80+T80+W80+Z80+AC80+AF80+AI80 -> 0
A81: 907 | B81: 0709 | C81: 02 | D81: 0260200110 | E81: 121 | AJ81: =F81+I81+L81+O81+R81+U81+X81+AA81+AD81+AG81 -> 0 | AK81: =G81+J81+M81+P81+S81+V81+Y81+AB81+AE81+AH81 -> 0 | AL81: =H81+K81+N81+Q81+T81+W81+Z81+AC81+AF81+AI81 -> 0 | AN81: =AJ81+AJ82+AJ83 -> 0 | AO81: =AK81+AK82+AK83 -> 0 | AP81: =AL81+AL82+AL83 -> 0
A82: 907 | B82: 0709 | C82: 02 | D82: 0260200110 | E82: 122 | AJ82: =F82+I82+L82+O82+R82+U82+X82+AA82+AD82+AG82 -> 0 | AK82: =G82+J82+M82+P82+S82+V82+Y82+AB82+AE82+AH82 -> 0 | AL82: =H82+K82+N82+Q82+T82+W82+Z82+AC82+AF82+AI82 -> 0
A83: 907 | B83: 0709 | C83: 02 | D83: 0260200110 | E83: 129 | AJ83: =F83+I83+L83+O83+R83+U83+X83+AA83+AD83+AG83 -> 0 | AK83: =G83+J83+M83+P83+S83+V83+Y83+AB83+AE83+AH83 -> 0 | AL83: =H83+K83+N83+Q83+T83+W83+Z83+AC83+AF83+AI83 -> 0
A84: 907 | B84: 0709 | C84: 02 | D84: 0260200190 | E84: 122 | AJ84: =F84+I84+L84+O84+R84+U84+X84+AA84+AD84+AG84 -> 0 | AK84: =G84+J84+M84+P84+S84+V84+Y84+AB84+AE84+AH84 -> 0 | AL84: =H84+K84+N84+Q84+T84+W84+Z84+AC84+AF84+AI84 -> 0 | AN84: =AJ84+AJ85 -> 0 | AO84: =AK84+AK85 -> 0 | AP84: =AL84+AL85 -> 0
A85: 907 | B85: 0709 | C85: 02 | D85: 0260200190 | E85: 244 | AJ85: =F85+I85+L85+O85+R85+U85+X85+AA85+AD85+AG85 -> 0 | AK85: =G85+J85+M85+P85+S85+V85+Y85+AB85+AE85+AH85 -> 0 | AL85: =H85+K85+N85+Q85+T85+W85+Z85+AC85+AF85+AI85 -> 0
A86: 907 | B86: 0709 | C86: 02 | D86: 0260299999 | E86: 851 | AJ86: =F86+I86+L86+O86+R86+U86+X86+AA86+AD86+AG86 -> 0 | AK86: =G86+J86+M86+P86+S86+V86+Y86+AB86+AE86+AH86 -> 0 | AL86: =H86+K86+N86+Q86+T86+W86+Z86+AC86+AF86+AI86 -> 0 | AN86: =AJ86+AJ87+AJ88 -> 0 | AO86: =AK86+AK87+AK88 -> 0 | AP86: =AL86+AL87+AL88 -> 0
A87: 907 | B87: 0709 | C87: 02 | D87: 0260299999 | E87: 852 | AJ87: =F87+I87+L87+O87+R87+U87+X87+AA87+AD87+AG87 -> 0 | AK87: =G87+J87+M87+P87+S87+V87+Y87+AB87+AE87+AH87 -> 0 | AL87: =H87+K87+N87+Q87+T87+W87+Z87+AC87+AF87+AI87 -> 0
A88: 907 | B88: 0709 | C88: 02 | D88: 0260299999 | E88: 853 | AJ88: =F88+I88+L88+O88+R88+U88+X88+AA88+AD88+AG88 -> 0 | AK88: =G88+J88+M88+P88+S88+V88+Y88+AB88+AE88+AH88 -> 0 | AL88: =H88+K88+N88+Q88+T88+W88+Z88+AC88+AF88+AI88 -> 0
A89: 907 | B89: 0709 | C89: 02 | D89: 1810321320 | E89: 244 | AJ89: =F89+I89+L89+O89+R89+U89+X89+AA89+AD89+AG89 -> 0 | AK89: =G89+J89+M89+P89+S89+V89+Y89+AB89+AE89+AH89 -> 0 | AL89: =H89+K89+N89+Q89+T89+W89+Z89+AC89+AF89+AI89 -> 0
A90: 907 | B90: 0709 | C90: 02 | D90: 1840121370 | E90: 244 | AJ90: =F90+I90+L90+O90+R90+U90+X90+AA90+AD90+AG90 -> 0 | AK90: =G90+J90+M90+P90+S90+V90+Y90+AB90+AE90+AH90 -> 0 | AL90: =H90+K90+N90+Q90+T90+W90+Z90+AC90+AF90+AI90 -> 0
A91: 907 | B91: 1004 | F91: =F92+F99 -> 1747.6 | G91: =G92+G99 -> 1747.6 | H91: =H92+H99 -> 1747.6 | I91: =I92+I99 -> 0 | J91: =J92+J99 -> 0 | K91: =K92+K99 -> 0 | L91: =L92+L99 -> 50318.5 | M91: =M92+M99 -> 51275.1 | ... AI91: =AI92+AI99 -> 58367.4 | AJ91: =F91+I91+L91+O91+R91+U91+X91+AA91+AD91+AG91 -> 311776.7 | AK91: =G91+J91+M91+P91+S91+V91+Y91+AB91+AE91+AH91 -> 318271.4 | AL91: =H91+K91+N91+Q91+T91+W91+Z91+AC91+AF91+AI91 -> 318271.4
A92: 907 | B92: 1004 | C92: 01 | F92: =SUM(F93:F98) -> 1708.2 | G92: =SUM(G93:G98) -> 1708.2 | H92: =SUM(H93:H98) -> 1708.2 | I92: =SUM(I93:I98) -> 0 | J92: =SUM(J93:J98) -> 0 | K92: =SUM(K93:K98) -> 0 | L92: =SUM(L93:L98) -> 50318.5 | M92: =SUM(M93:M98) -> 51275.1 | ... AI92: =SUM(AI93:AI98) -> 58367.4 | AJ92: =F92+I92+L92+O92+R92+U92+X92+AA92+AD92+AG92 -> 311737.3 | AK92: =G92+J92+M92+P92+S92+V92+Y92+AB92+AE92+AH92 -> 318232 | AL92: =H92+K92+N92+Q92+T92+W92+Z92+AC92+AF92+AI92 -> 318232
A93: 907 | B93: 1004 | C93: 01 | D93: 0210172180 | E93: 321 | L93: 23594.1 | M93: 23594.1 | N93: 23594.1 | O93: 7278.6 | P93: 7278.6 | Q93: 7278.6 | R93: 5400.4 | S93: 5400.4 | T93: 5400.4 | U93: 5670.5 | V93: 5670.5 | W93: 5670.5 | X93: 14889.3 | Y93: 14889.3 | Z93: 14889.3 | AA93: 19159.6 | AB93: 19159.6 | AC93: 19159.6 | AD93: 13685 | AE93: 13685 | AF93: 13685 | AG93: 24371.5 | AH93: 24371.5 | AI93: 24371.5 | AJ93: =F93+I93+L93+O93+R93+U93+X93+AA93+AD93+AG93 -> 114049 | AK93: =G93+J93+M93+P93+S93+V93+Y93+AB93+AE93+AH93 -> 114049 | AL93: =H93+K93+N93+Q93+T93+W93+Z93+AC93+AF93+AI93 -> 114049 | AN93: =AJ93+AJ94 -> 116330 | AO93: =AK93+AK94 -> 116330 | AP93: =AL93+AL94 -> 116330
A94: 907 | B94: 1004 | C94: 01 | D94: 0210172180 | E94: 323 | L94: 471.9 | M94: 471.9 | N94: 471.9 | O94: 145.6 | P94: 145.6 | Q94: 145.6 | R94: 108 | S94: 108 | T94: 108 | U94: 113.4 | V94: 113.4 | W94: 113.4 | X94: 297.8 | Y94: 297.8 | Z94: 297.8 | AA94: 383.2 | AB94: 383.2 | AC94: 383.2 | AD94: 273.7 | AE94: 273.7 | AF94: 273.7 | AG94: 487.4 | AH94: 487.4 | AI94: 487.4 | AJ94: =F94+I94+L94+O94+R94+U94+X94+AA94+AD94+AG94 -> 2281 | AK94: =G94+J94+M94+P94+S94+V94+Y94+AB94+AE94+AH94 -> 2281 | AL94: =H94+K94+N94+Q94+T94+W94+Z94+AC94+AF94+AI94 -> 2281
A95: 907 | B95: 1004 | C95: 01 | D95: 0250252600 | E95: 321 | L95: 860.7 | M95: 795.3 | N95: 795.3 | O95: 893.4 | P95: 828 | Q95: 828 | R95: 353.8 | S95: 288.4 | T95: 288.4 | U95: 304.8 | V95: 239.4 | W95: 239.4 | X95: 909.7 | Y95: 844.3 | Z95: 844.3 | AA95: 1040.5 | AB95: 926.1 | AC95: 926.1 | AD95: 697.2 | AE95: 631.8 | AF95: 631.8 | AG95: 1042.3 | AH95: 914.9 | AI95: 914.9 | AJ95: =F95+I95+L95+O95+R95+U95+X95+AA95+AD95+AG95 -> 6102.4 | AK95: =G69+J95+M95+P95+S95+V95+Y95+AB95+AE95+AH95 -> 6061.5 | AL95: =H69+K95+N95+Q95+T95+W95+Z95+AC95+AF95+AI95 -> 6061.5 | AN95: =AJ95 -> 6102.4 | AO95: =AK95 -> 6061.5 | AP95: =AL95 -> 6061.5
